Workbook
Name Lista_año: 'Para desplegables'!$E$9:$E$32

Sheet Leéme
B2: ¿Qué es RESIES?
B4: RESIES es una herramienta para reporte y evaluación de la sustentabilidad diseñada para instituciones de educación superior. Esta herramienta tiene 4 niveles de jerarquía: Indicadores, subcategorías, categorías y resultado global. | G4: Gobernanza y seguimiento | J4: MANUAL DE USO
G5: Cultura sustentable | J5: Accede al manual de la herramienta RESIES para más información en este enlace
G6: Academia
G7: Gestión de campus
G8: Vinculación con el medio y responsabilidad social
B10: Instrucciones de uso
B11: La información se debe completar en las pestañas Datos institucionales y en las pestañas de las 5 categorías evaluadas. Las celdas donde se completa la información son de color amarillo y blanco. En el video 2 se puede ver como completar la información.
C13: Celda Color amarillo donde se completa el dato requerido en cada indicador | H13: Celdas color blanco, se ingresa información adicional en el caso que se requiera. Puede ser descripción del indicador, respaldo de verificación del dato u otros comentarios.
C16: VIDEO 1: ¿Qué es RESIES? | F16: VIDEO 2: ¿Cómo usar la herramienta?
B18: Descripción pestañas
B19: La herramienta cuenta con siete pestañas: cinco de las cuales corresponden a las categorías que se evaluarán, identificada cada una de ellas con un color distintivo. Además de una pestaña para ingresar datos institucionales y por último se encuentra la pestaña de Resultados. A continuación se describe cada una de ellas:
B21: Resultados: | C21: En esta pestaña se encuentra el resumen del puntaje obtenido. En la parte superior, el resultado global, y debajo los resultados por categorías. Los resultados son mostrados con gráficos y tablas resumen. Esta pestaña es solo para visualizar resultados y no debe ser editada. | G21: Categorías: | H21: En estas 5 pestañas se debe completar la información de desempeño para evaluar los indicadores. Todas las categorías tienen el mismo formato . A continuación se detalla cada una de las columnas:
G23: Indicador: | H23: Título del indicador que se evalúa, identificado con un código dentro de cada categoría.
G24: Variable: | H24: Aspectos del indicador que son evaluados
B25: Contribución a la agenda 2030: | C25: En esta pestaña se encuentra el gráfico que contrasta el aporte potencial y efectivo de las IES a distintas metas de la agenda 2030. Esta pestaña es solo para visualizar el gráfico y no debe ser editada. (Pestaña oculta debido a que se encuentra en actualización). | G25: Dato: | H25: Respuesta asociada al aspecto evaluado
G26: Descripción: | H26: Ingreso de información adicional asociada al indicador
B29: Datos Institucionales: | C29: En esta pestaña se deben completar los datos generales de cada institución. Las secciones a completar son: - Caracterización institucional - Población - Instalaciones - Año base

Sheet Resultado
B3: RESULTADO GLOBAL | I3: Puntaje bruto | R3: Puntaje ponderado
E4: Peso | F4: Puntaje bruto | G4: Puntaje ponderado
B5: Sobre un total de 100 puntos la institución obtiene: | C5: Gobernanza | D5: Gobernanza y seguimiento | E5: 0.19 | F5: =G25 -> 69.05 | G5: =F5*E5 -> 13.1195
C6: Cultura | D6: Cultura sustentable | E6: 0.22 | F6: =G37 -> 82.759866 | G6: =F6*E6 -> 18.20717
C7: Academia | D7: Academia | E7: 0.2 | F7: =G49 -> 90.649175 | G7: =F7*E7 -> 18.129835
B8: =SUM(G5:G9) -> 72.54774 | C8: Gestión | D8: Gestión de campus | E8: 0.2 | F8: =G73 -> 45.6 | G8: =F8*E8 -> 9.12
C9: VM y R.Social | D9: Vinculación con el medio y responsabilidad social | E9: 0.19 | F9: =G90 -> 73.532814 | G9: =F9*E9 -> 13.971235
C10: Sin avance | G10: =100-F11 -> 27.45226
D11: RESULTADO GLOBAL | F11: =SUM(G5:G9) -> 72.54774
B13: Resultados por categoría
B14: Gobernanza y seguimiento | I14: Puntaje bruto | R14: Puntaje ponderado
B15: Subcategoría | C15: ID | D15: Indicador | E15: Peso | F15: Puntaje bruto | G15: Puntaje ponderado
B16: Participación | C16: GOB1 | D16: Participación de grupos de interés | E16: 0.13 | F16: =+'Para desplegables'!B11 -> 100 | G16: =F16*E16 -> 13
B17: Planificación y estrategia | C17: GOB2 | D17: Compromiso institucional | E17: 0.2 | F17: =+'Para desplegables'!B12 -> 18 | G17: =F17*E17 -> 3.6
C18: GOB3 | D18: Plan/estrategia de Sustentabilidad | E18: 0.2 | F18: =+'Para desplegables'!B13 -> 100 | G18: =F18*E18 -> 20
B19: Reportabilidad y transparencia | C19: GOB4 | D19: Reportabilidad y transparencia | E19: 0.11 | F19: =+'Para desplegables'!B14 -> 25 | G19: =F19*E19 -> 2.75
B20: Coordinación | C20: GOB5 | D20: Coordinación sustentabilidad | E20: 0.09 | F20: =+'Para desplegables'!B15 -> 30 | G20: =F20*E20 -> 2.7
C21: GOB6 | D21: Vinculación con el medio | E21: 0.09 | F21: =+'Para desplegables'!B16 -> 100 | G21: =F21*E21 -> 9
C22: GOB7 | D22: Inclusión | E22: 0.09 | F22: =+'Para desplegables'!B17 -> 100 | G22: =F22*E22 -> 9
C23: GOB8 | D23: Género y diversidad sexual | E23: 0.09 | F23: =+'Para desplegables'!B18 -> 100 | G23: =F23*E23 -> 9
C24: Sin avance | G24: =100-G25 -> 30.95
E25: Resultado categoría | G25: =SUM(G16:G23) -> 69.05
B27: Cultura sustentable | I27: Puntaje bruto | R27: Puntaje ponderado
B28: Subcategoría | C28: ID | D28: Indicador | E28: Peso | F28: Puntaje bruto | G28: Puntaje ponderado
B29: Estudiantes | C29: CU1 | D29: Estudiantes promotores de la sustentabilidad | E29: =0.34/2 -> 0.17 | F29: =+'Para desplegables'!B19 -> 100 | G29: =F29*E29 -> 17
C30: CU2 | D30: Inducción a la sustentabilidad para estudiantes | E30: =0.34/2 -> 0.17 | F30: =+'Para desplegables'!B20 -> 100 | G30: =F30*E30 -> 17
B31: Colaboradores y académicos | C31: CU3 | D31: Colaboradores promotores de la sustentabilidad | E31: =0.29/3 -> 0.096666667 | F31: =+'Para desplegables'!B21 -> 11.120866 | G31: =F31*E31 -> 1.0750171
C32: CU4 | D32: Inducción a la sustentabilidad para colaboradores y académicos | E32: =0.29/3 -> 0.096666667 | F32: =+'Para desplegables'!B22 -> 13.636364 | G32: =F32*E32 -> 1.3181818
C33: CU5 | D33: Programa de prácticas sustentables para oficinas | E33: =0.29/3 -> 0.096666667 | F33: =+'Para desplegables'!B23 -> 100 | G33: =F33*E33 -> 9.6666667
B34: Sensibilización y participación | C34: CU6 | D34: Actividades de difusión y sensibilización | E34: =0.367/2 -> 0.1835 | F34: =+'Para desplegables'!B24 -> 100 | G34: =F34*E34 -> 18.35
C35: CU7 | D35: Encuesta de cultura sustentable | E35: =0.367/2 -> 0.1835 | F35: =+'Para desplegables'!B25 -> 100 | G35: =F35*E35 -> 18.35
C36: Sin avance | G36: =100-G37 -> 17.240134
E37: Resultado categoría | G37: =SUM(G29:G35) -> 82.759866
B39: Academia | I39: Puntaje bruto | R39: Puntaje ponderado
B40: Subcategoría | C40: ID | D40: Indicador | E40: Peso | F40: Puntaje bruto | G40: Puntaje ponderado
B41: Formación | C41: AC1 | D41: Curso mínimo transversal pregrado | E41: 0.22 | F41: =+'Para desplegables'!B26 -> 100 | G41: =F41*E41 -> 22
C42: AC2 | D42: Capacitación docentes | E42: 0.11 | F42: =+'Para desplegables'!B27 -> 100 | G42: =F42*E42 -> 11
C43: AC3 | D43: Programas de postgrado que incluyen competencias de sustentabilidad. | E43: 0.11 | F43: =+'Para desplegables'!B28 -> 14.992504 | G43: =F43*E43 -> 1.6491754
C44: AC4 | D44: Programas y carreras de pregrado que incluyen competencias de sustentabilidad. | E44: 0.11 | F44: =+'Para desplegables'!B29 -> 100 | G44: =F44*E44 -> 11
B45: Investigación, innovación y transferencia | C45: AC5 | D45: Apoyo a la investigación e innovación en sustentabilidad | E45: 0.15 | F45: =+'Para desplegables'!B30 -> 100 | G45: =F45*E45 -> 15
C46: AC6 | D46: Investigación e innovación enfocada en sustentabilidad | E46: 0.15 | F46: =+'Para desplegables'!B31 -> 100 | G46: =F46*E46 -> 15
C47: AC7 | D47: Transferencia de conocimientos | E47: 0.15 | F47: =+'Para desplegables'!B32 -> 100 | G47: =F47*E47 -> 15
C48: Sin avance | G48: =100-G49 -> 9.3508246
E49: Resultado categoría | G49: =SUM(G41:G47) -> 90.649175
B51: Gestión de campus | I51: Puntaje bruto | R51: Puntaje ponderado
B52: Subcategoría | C52: ID | D52: Indicador | E52: Peso | F52: Puntaje bruto | G52: Puntaje ponderado
B53: Agua | C53: GC1 | D53: Gestión integral de agua | E53: 0.06 | F53: =+'Para desplegables'!B33 -> 100 | G53: =F53*E53 -> 6
C54: GC2 | D54: Huella Hídrica | E54: 0.04 | F54: =+'Para desplegables'!B34 -> 90 | G54: =F54*E54 -> 3.6
C55: GC3 | D55: Reducción de consumo de agua | E55: 0.071 | F55: =+'Para desplegables'!B35 -> 0 | G55: =F55*E55 -> 0
B56: Biodiversidad y espacios de naturaleza | C56: GC4 | D56: Biodiversidad | E56: 0.04 | F56: =+'Para desplegables'!B36 -> 100 | G56: =F56*E56 -> 4
C57: GC5 | D57: Manejo sustentable de jardines | E57: 0.04 | F57: =+'Para desplegables'!B37 -> 10 | G57: =F57*E57 -> 0.4
B58: Carbono | C58: GC6 | D58: Compromiso con la carbono neutralidad | E58: 0.08 | F58: =+'Para desplegables'!B38 -> 95 | G58: =F58*E58 -> 7.6
C59: GC7 | D59: Carbono neutralidad | E59: 0.08 | F59: =+'Para desplegables'!B39 -> 0 | G59: =F59*E59 -> 0
B60: Energía | C60: GC8 | D60: Gestión energética | E60: 0.06 | F60: =+'Para desplegables'!B40 -> 100 | G60: =F60*E60 -> 6
C61: GC9 | D61: Consumo de energía | E61: 0.06 | F61: =+'Para desplegables'!B41 -> 0 | G61: =F61*E61 -> 0
C62: GC10 | D62: Energía Renovable | E62: 0.06 | F62: =+'Para desplegables'!B42 -> 0 | G62: =F62*E62 -> 0
B63: Residuos | C63: GC11 | D63: Gestión integral de residuos | E63: 0.06 | F63: =+'Para desplegables'!B43 -> 100 | G63: =F63*E63 -> 6
C64: GC12 | D64: Generación de Residuos | E64: 0.06 | F64: =+'Para desplegables'!B44 -> 0 | G64: =F64*E64 -> 0
C65: GC13 | D65: Recuperación de residuos | E65: 0.06 | F65: =+'Para desplegables'!B45 -> 0 | G65: =F65*E65 -> 0
B66: Alimentación y compras | C66: GC14 | D66: Alimentación | E66: 0.04 | F66: =+'Para desplegables'!B46 -> 100 | G66: =F66*E66 -> 4
C67: GC15 | D67: Programa de compras sustentables | E67: 0.04 | F67: =+'Para desplegables'!B47 -> 100 | G67: =F67*E67 -> 4
B68: Construcción | C68: GC16 | D68: Diseño y construcción | E68: 0.04 | F68: =+'Para desplegables'!B48 -> 0 | G68: =F68*E68 -> 0
C69: GC17 | D69: Operación y mantención | E69: 0.04 | F69: =+'Para desplegables'!B49 -> 0 | G69: =F69*E69 -> 0
B70: Movilidad | C70: GC18 | D70: Partición modal medios de transporte | E70: 0.04 | F70: =+'Para desplegables'!B50 -> 0 | G70: =E70*F70 -> 0
C71: GC19 | D71: Plan movilidad sustentable | E71: 0.04 | F71: =+'Para desplegables'!B51 -> 100 | G71: =E71*F71 -> 4
C72: Sin avance | G72: =100-G73 -> 54.4
E73: Resultado categoría | G73: =SUM(G53:G71) -> 45.6
B75: Vinculación con el medio y responsabilidad social | I75: Puntaje bruto | R75: Puntaje ponderado
B76: Subcategoría | C76: ID | D76: Indicador | E76: Peso | F76: Puntaje bruto | G76: Puntaje ponderado
B77: Inclusión | C77: RS1 | D77: Asequibilidad | E77: 0.12 | F77: =+'Para desplegables'!B52 -> 67.356784 | G77: =F77*E77 -> 8.0828141
C78: RS2 | D78: Plan de inclusión | E78: 0.12 | F78: =+'Para desplegables'!B53 -> 100 | G78: =F78*E78 -> 12
B79: Perspectiva de género y diversidad sexual | C79: RS3 | D79: Perspectiva de género y diversidad sexual | E79: 0.08 | F79: =+'Para desplegables'!B54 -> 100 | G79: =F79*E79 -> 8
C80: RS4 | D80: Presencia equilibrada | E80: 0.08 | F80: =+'Para desplegables'!B55 -> 50 | G80: =F80*E80 -> 4
C81: RS5 | D81: Perspectiva de género en extensión y vinculación con el medio | E81: 0.08 | F81: =+'Para desplegables'!B56 -> 100 | G81: =F81*E81 -> 8
B82: Alianzas por la sustentabilidad | C82: RS6 | D82: Colaboración | E82: 0.08 | F82: =+'Para desplegables'!B57 -> 100 | G82: =F82*E82 -> 8
C83: RS7 | D83: Participación en políticas públicas | E83: 0.08 | F83: =+'Para desplegables'!B58 -> 100 | G83: =F83*E83 -> 8
C84: RS8 | D84: Plan de vinculación con el medio | E84: 0.08 | F84: =+'Para desplegables'!B59 -> 100 | G84: =F84*E84 -> 8
B85: Trabajo justo | C85: RS9 | D85: Gestión de remuneraciones y beneficios | E85: 0.07 | F85: =+'Para desplegables'!B60 -> 35 | G85: =F85*E85 -> 2.45
C86: RS10 | D86: Satisfacción laboral | E86: 0.07 | F86: =+'Para desplegables'!B61 -> 100 | G86: =F86*E86 -> 7
C87: RS11 | D87: Sindicalización | E87: 0.07 | F87: =+'Para desplegables'!B62 -> 0 | G87: =F87*E87 -> 0
C88: RS12 | D88: Contratación | E88: 0.07 | F88: =+'Para desplegables'!B63 -> 0 | G88: =F88*E88 -> 0
C89: Sin avance | G89: =100-G90 -> 26.467186
E90: Resultado categoría | G90: =SUM(G77:G88) -> 73.532814 | I90: =SUM(E77:E88) -> 1

Sheet Datos Institucionales
D1: DATOS INSTITUCIONALES
B2: Indicador | C2: Variable | D2: Dato | E2: Descripción
C3: CARACTERIZACIÓN INSTITUCIONAL
B4: DI1 | C4: Tipo de institución | D4: Universidad
B5: DI2 | C5: Tipo de institución según el aporte financiero que recibe del estado | D5: Pública
B6: DI3 | C6: Nombre de la institución | D6: UNAH
B7: DI4 | C7: País | D7: Honduras
B8: DI5 | C8: Región | D8: Centroamerica
B9: DI6 | C9: Dirección | D9: Blvr suyapa Distrito Central
B10: DI7 | C10: Código postal | D10: 11101
B11: DI8 | C11: Nombre encargado/a reporte RESIES y cargo institucional | D11: Oziel Aaron Fernandez
B12: DI9 | C12: Número de contacto encargado/a reporte RESIES | D12: Oziel Aaron Fernandez
B13: DI10 | C13: Correo electrónico encargado/a reporte RESIES | D13: oziel.fernandez@unah.edu.hn
B14: DI11 | C14: Año de evaluación | D14: 2024
C15: POBLACIÓN
B16: DI12 | C16: Número total de estudiantes de pregrado | D16: 86274
B17: DI13 | C17: Número total de estudiantes de postgrado | D17: 1488
B18: DI14 | C18: Número total de estudiantes de pregrado admitidos en el año de evaluación | D18: 79600
B19: DI15 | C19: Número total de estudiantes de postgrado admitidos en el año de evaluación | D19: 1334
B20: DI16 | C20: Número total de estudiantes de pregrado egresados durante el año de evaluación | D20: 9768
B21: DI17 | C21: Número total de estudiantes de postgrado egresados durante el año de evaluación | D21: 386
B22: DI18 | C22: Total de jornadas completas equivalentes de académicos(as) | D22: 40
B23: DI19 | C23: Número total de académicos de planta | D23: 4119
B24: DI20 | C24: Total de jornadas completas equivalentes de no académicos | D24: 3417
B25: DI21 | C25: Número total de personas en cargos directivos (hasta 3ª nivel de jerarquía) | D25: 113
B26: DI22 | C26: Número total de colaboradores y académicos incorporados a la institución en el periodo evaluado | D26: 352
B27: DI23 | C27: Número total de colaboradores y académicos contratados indefinido o a plazo fijo por la institución | D27: 57
... B30: DI26 | C30: Número de carreras o programas de pregrado que posee la institución | D30: 69
C31: INSTALACIONES
B32: DI27 | C32: Describa las instalaciones de la institución, incluyendo información sobre sus campus, que son consideradas en esta evaluación. Explique y justifique por que se han dejado fuera algunas instalaciones. | D32: UNAH 9 Campus | E32: La UNAH cuenta con 9 campus distribuidos en las principales ciudades de Honduras: UNAH Ciudad Universitaria (Tegucigalpa) UNAH Cortés UNAH Comayagua UNAH Atlántida UNAH Choluteca UNAH Copán UNAH Olancho UNAH El Paraíso UNAH Yoro
B33: DI28 | C33: Superficie total de terreno propiedad (o en arriendo) de la institución (hectáreas). | D33: 2500 | E33: Terrenos no construidos que cumplen función de espacios naturales, incluyendo jardines, parques y reservas dentro de los campus. (Dato de la Dirección de Infraestructura, basado en el Plan Maestro)
B34: DI29 | C34: Superficie total designada como áreas verdes y espacios de naturaleza (hectáreas) | D34: 350000 | E34: Suma total de los metros cuadrados de todos los edificios permanentes y estructuras cubiertas en los campus considerados.
B35: DI30 | C35: Superficie total construida (metros cuadrados) | D35: 45000
B36: DI31 | C36: Superficie total de edificios recepcionada (entregada para iniciar su uso) en los últimos cinco años (metros cuadrados)
C37: AÑO BASE
B38: DI32 | C38: Año base emisiones de gases de efecto invernadero | D38: 2019
B39: DI33 | C39: Emisión de gases de efecto invernadero Alcance 1, 2 y 3 para año base (ton CO2-e/estudiante) | D39: 0.85
B40: DI34 | C40: Año base consumo de energía | D40: 2019
B41: DI35 | C41: Consumo de energía por metro cuadrado construido para año base (MWh/metro cuadrado construido) | D41: =IFERROR((SUM(D42:D49)),0) -> 0.25
B42: DI351 | C42: Consumo de energía eléctrica [MWh/metro cuadrado construido] | D42: 0.2
B43: DI352 | C43: Consumo de gas licuado [MWh/metro cuadrado construido] | D43: 0.005
B44: DI353 | C44: Consumo de gas natural [MWh/metro cuadrado construido] | D44: 0
B45: DI354 | C45: Consumo de biomasa (pellets certificados) [MWh/metro cuadrado construido] | D45: 0
B46: DI355 | C46: Consumo de diesel [MWh/metro cuadrado construido] | D46: 0.035
B47: DI356 | C47: Consumo de gasolina [MWh/metro cuadrado construido] | D47: 0.01
B48: DI357 | C48: Consumo de kerosene [MWh/metro cuadrado construido] | D48: 0
B49: DI358 | C49: Consumo de cualquier otro tipo utilizado por la institución [MWh/metro cuadrado construido] | D49: 0
B50: DI36 | C50: Año base consumo de agua | D50: 2019
B51: DI37 | C51: Consumo de agua por estudiante para año base (metros cúbicos /estudiante) | D51: 0.08
B52: DI38 | C52: Año base generación de residuos | D52: 2019
B53: DI39 | C53: Generación residuos no recuperados por estudiante para año base (toneladas/estudiante) | D53: 0.08

Sheet Gobernanza
D1: GOBERNANZA Y SEGUIMIENTO
B2: Indicador | C2: Variable | D2: Dato | E2: Descripción | F2: Auxiliar 1 | G2: Auxiliar 2
B3: GOB1 Participación de grupos de interés | C3: Existen instancias de representatividad para el conjunto de estudiantes elegidas de forma democrática. Estas deben representar a la totalidad de los estudiantes de la institución. | D3: Si | F3: =IF(D3="Si",G3,0) -> 14.3 | G3: 14.3
C4: Existen instancias de representatividad de colaboradores elegidos de forma democrática. | D4: Si | F4: =IF(D4="Si",G4,0) -> 14.3 | G4: 14.3
C5: Existen instancias de representatividad de académicos(as) elegidos de forma democrática. | D5: Si | F5: =IF(D5="Si",G5,0) -> 14.3 | G5: 14.3
C6: Existen instancias formales de diálogo con representantes del entorno significativo local de las instalaciones de la institución. | D6: Si | F6: =IF(D6="Si",G6,0) -> 14.3 | G6: 14.3
C7: las instancias de gobierno institucional cuenta con un representante de los estudiantes. | D7: Si | F7: =IF(D7="Si",G7,0) -> 14.3 | G7: 14.3
C8: las instancias de gobierno institucional cuenta con un representante de los colaboradores(as) | D8: Si | F8: =IF(D8="Si",G8,0) -> 14.3 | G8: 14.3
C9: las instancias de gobierno institucional cuenta con un representante de los académicos(as) | D9: Si | F9: =IF(D9="Si",G9,0) -> 14.3 | G9: 14.3
C10: RESULTADO | D10: =IF(SUM(F3:F9)>100,100,SUM(F3:F9)) -> 100
B11: GOB2 Compromiso institucional | C11: Existe un compromiso explícito con la sustentabilidad en el plan/estrategia institucional. | D11: Si | E11: Esta en proceso de construccion la Politica de sustentabilidad en el plan/estrategia institucional. | F11: =IF(D11="Si",G11,0) -> 18 | G11: 18 | H11: =G11*5.39%/2 -> 0.4851
C12: Cuenta con una política de sustentabilidad. | D12: No | F12: =IF(D12="Si",G12,0) -> 0 | G12: 9 | H12: =G12*5.39%/2 -> 0.24255
C13: La política incluye una definición de sustentabilidad que considera todas sus dimensiones. | D13: No | F13: =IF(D13="Si",G13,0) -> 0 | G13: 9
C14: La política incluye un compromiso de promover la sustentabilidad en la gobernanza y seguimiento. | D14: No | F14: =IF(D14="Si",G14,0) -> 0 | G14: 9
C15: La política incluye un compromiso de promover la sustentabilidad en la cultura de la comunidad institucional. | D15: No | F15: =IF(D15="Si",G15,0) -> 0 | G15: 9
C16: La política incluye un compromiso de promover la sustentabilidad en la academia. | D16: No | F16: =IF(D16="Si",G16,0) -> 0 | G16: 9
C17: La política incluye un compromiso de promover la sustentabilidad en la gestión de campus. | D17: No | F17: =IF(D17="Si",G17,0) -> 0 | G17: 9
C18: La política incluye un compromiso a promover la sustentabilidad con la vinculación con el medio y responsabilidad social. | D18: No | F18: =IF(D18="Si",G18,0) -> 0 | G18: 9
C19: La política establece el compromiso de crear un plan o estrategia de sustentabilidad. | D19: No | F19: =IF(D19="Si",G19,0) -> 0 | G19: 9
C20: La política fue construida de manera participativa, al menos triestamental. | D20: No | F20: =IF(D20="Si",G20,0) -> 0 | G20: 5
C21: La política es difundida en la pagina web de la institución | D21: No | F21: =IF(D21="Si",G21,0) -> 0 | G21: 5
C22: RESULTADO | D22: =SUM(F11:F21) -> 18
B23: GOB3 Plan / estrategia de Sustentabilidad | C23: Cuenta con un plan o estrategia de sustentabilidad. | D23: Si | E23: plan o estrategia de sustentabilidad en desarrolllo | F23: =IF(D23="Si",G23,0) -> 10 | G23: 10
C24: El plan de sustentabilidad incluye temas de gobernanza y seguimiento | D24: Si | F24: =IF(D24="Si",G24,0) -> 10 | G24: 10
C25: El plan de sustentabilidad incluye temas de cultura sustentable | D25: Si | F25: =IF(D25="Si",G25,0) -> 10 | G25: 10
C26: El plan de sustentabilidad incluye el tema de formación en sustentabilidad | D26: Si | F26: =IF(D26="Si",G26,0) -> 10 | G26: 10
C27: El plan de sustentabilidad incluye el tema de investigación en sustentabilidad. | D27: Si | F27: =IF(D27="Si",G27,0) -> 10 | G27: 10
C28: El plan de sustentabilidad incluye el tema de innovación en sustentabilidad. | D28: Si | F28: =IF(D28="Si",G28,0) -> 10 | G28: 10
C29: El plan de sustentabilidad incluye el tema de agua. | D29: Si | F29: =IF(D29="Si",G29,0) -> 10 | G29: 10
C30: El plan de sustentabilidad incluye el tema de biodiversidad y espacios de naturaleza. | D30: Si | F30: =IF(D30="Si",G30,0) -> 10 | G30: 10
C31: El plan de sustentabilidad incluye el tema de carbono neutralidad. | D31: Si | F31: =IF(D31="Si",G31,0) -> 10 | G31: 10
C32: El plan de sustentabilidad incluye el tema de energía. | D32: Si | F32: =IF(D32="Si",G32,0) -> 10 | G32: 10
C33: El plan de sustentabilidad incluye el tema de residuos. | D33: Si | F33: =IF(D33="Si",G33,0) -> 10 | G33: 10
C34: El plan de sustentabilidad incluye el tema de alimentación y compras. | D34: Si | F34: =IF(D34="Si",G34,0) -> 10 | G34: 10
C35: El plan de sustentabilidad incluye el tema de construcción sustentable. | D35: Si | F35: =IF(D35="Si",G35,0) -> 10 | G35: 10
... C39: El plan de sustentabilidad incluye el tema de trabajo justo. | D39: Si | F39: =IF(D39="Si",G39,0) -> 10 | G39: 10
A40: GOB3 | C40: RESULTADO | D40: =IF(D23="Si",IF(SUM(F24:F39)>100,100,SUM(F24:F39)),0) -> 100
B41: GOB4 Reportabilidad y transparencia | C41: Alternativa 1: La institución cuenta con un reporte de sustentabilidad vigente basado en los resultados de RESIES anual o bienaI. (Solo considerar reportes que han sido completados y lanzados) | D41: No | F41: =IF(D41="Si",G41,0) -> 0 | G41: 40
C42: Alternativa 2: La institución cuenta con otro reporte o memoria de sustentabildiad vigente y difundido | D42: No | F42: =IF(D42="Si",IF(D41="No",G42,0),0) -> 0 | G42: 30
C43: La institución demuestra esfuerzos para contemplar la participación de los estamentos en la realización de los reportes | D43: No | F43: =IF(D42="Si",IF(D43="Si",G43,0),IF(D41="Si",IF(D43="Si",G43,0),0)) -> 0 | G43: 10
C44: La institución es parte de un acuerdo voluntario de mejora en sustentabilidad. | D44: Si | F44: =IF(D44="Si",G44,0) -> 25 | G44: 25
C45: La institución cuenta con un certificado voluntario de mejora en sustentabilidad | D45: No | F45: =IF(D45="Si",G45,0) -> 0 | G45: 25
A46: GOB4 | C46: RESULTADO | D46: =SUM(F41:F45) -> 25
B47: GOB5 Coordinación sustentabilidad | C47: Existe una entidad dedicada a ejecutar la iniciativa de sustentabilidad de forma transversal, la cuál esta mejor descrita por: | D47: Una o más unidades dedicadas | F47: =IFERROR(_xludf.IFS(D47="Un profesional a cargo",20,D47="Un equipo dedicado",50,D47="Una o más unidades dedicadas",70),0) -> 0 | G47: 70 | H47: =F47*4.99% -> 0
C48: Existe un comité con representantes de distintos estamentos de la institución que apoya la labor de la entidad | D48: Si | F48: =IF(D48="Si",G48,0) -> 30 | G48: 30 | H48: =F48*4.99% -> 1.497
C49: RESULTADO | D49: =F49 -> 30 | F49: =IF(SUM(F47:F48)>100,100,SUM(F47:F48)) -> 30
B50: GOB6 Vinculación con el medio | C50: La institución cuenta con una política de vinculación con el medio. | D50: Si | F50: =IF(D50="Si",G50,0) -> 25 | G50: 25
C51: La institución cuenta con una unidad o encargado dedicado a coordinar las relaciones y comunicación permanente con el entorno significativo local donde están insertas las instalaciones de la institución | D51: Si | F51: =IF(D51="Si",G51,0) -> 25 | G51: 25
C52: Existe al menos un proyecto activo que vincule permanentemente a la Institución con su entorno significativo local | D52: Si | F52: =IF(D52="Si",G52,0) -> 25 | G52: 25
C53: Existe al menos una campaña de difusión anual de la política | D53: Si | F53: =IF(D53="Si",G53,0) -> 25 | G53: 25
C54: RESULTADO | D54: =SUM(F50:F53) -> 100
B55: GOB7 Inclusión | C55: La institución cuenta con una política de inclusión | D55: Si | F55: =IF(D55="Si",G55,0) -> 12 | G55: 12
C56: La institución cuenta con una unidad o encargado dedicado al cumplimiento de la política | D56: Si | F56: =IF(D56="Si",G56,0) -> 12 | G56: 12
C57: La política de inclusión incluye el tema de diversidad étnica | D57: Si | F57: =IF(D57="Si",G57,0) -> 15.2 | G57: 15.2
C58: La política de inclusión incluye el tema de población migrante | D58: Si | F58: =IF(D58="Si",G58,0) -> 15.2 | G58: 15.2
C59: La política de inclusión incluye el tema de personas provenientes de contextos socieconómicos vulnerables | D59: Si | F59: =IF(D59="Si",G59,0) -> 15.2 | G59: 15.2
C60: La política de inclusión incluye el tema de personas en situación de discapacidad | D60: Si | F60: =IF(D60="Si",G60,0) -> 15.2 | G60: 15.2
C61: La política de inclusión incluye otros temas de similar naturaleza | D61: Si | F61: =IF(D61="Si",G61,0) -> 15.2 | G61: 15.2
C62: RESULTADO | D62: =IF(D55="Si",IF(SUM(F55:F61)>100, 100,SUM(F55:F61)),0) -> 100
B63: GOB8 Género y diversidad sexual | C63: La institución cuenta con un diagnóstico con perspectiva de género y diversidad sexual, que considera como mínimo: - Un registro institucional desagregado por sexo - Un diagnóstico cualitativo | D63: Si | F63: =IF(D63="Si",G63,0) -> 20 | G63: 20
C64: La institución cuenta con una política de género y diversidad sexual, o un conjunto de políticas que incluya la temática. | D64: Si | F64: =IF(D64="Si",G64,0) -> 10 | G64: 10
C65: La institución cuenta con una unidad o encargado del cumplimiento de la política | D65: Si | F65: =IF(D65="Si",G65,0) -> 40 | G65: 40
C66: La política de género y diversidad sexual incluye el tema de perspectiva de género | D66: Si | F66: =IF(D66="Si",G66,0) -> 10 | G66: 10
C67: La política de género y diversidad sexual incluye el tema de presencia equilibrada o equidad de género | D67: Si | F67: =IF(D67="Si",G67,0) -> 10 | G67: 10
C68: La política de género y diversidad sexual incluye el tema de diversidad sexual | D68: Si | F68: =IF(D68="Si",G68,0) -> 10 | G68: 10
C69: RESULTADO | D69: =IF(D64="Si",IF(SUM(F63:F68)>100, 100,SUM(F63:F68)),F63+F65) -> 100

Sheet Cultura
D1: CULTURA SUSTENTABLE
B2: Indicador | C2: Variable | D2: Dato | E2: Descripción | F2: Auxiliar 1 | G2: Auxiliar 2 | H2: Auxiliar 3
B3: CU1 Estudiantes promotores de la sustentabilidad | C3: Existen iniciativas, dirigidas a estudiantes, para la formación de promotores de la sustentabilidad | D3: Si | F3: =IF(D3="Si",IF(G3>=2,1,0),0) -> 1 | G3: =SUM(F4:F6) -> 3
C4: La iniciativa esta dirigida a quiénes asumirán la tarea de formar a pares y/o liderar procesos de cambios entre sus pares. | D4: Si | F4: =IF(D4="Si",G4,0) -> 1 | G4: 1
C5: La iniciativa esta enlazada con oportunidades de trabajo (voluntario o remunerado) para los participantes, donde puedan poner en práctica su aprendizaje. | D5: Si | F5: =IF(D5="Si",G5,0) -> 1 | G5: 1
C6: Se otorga un reconocimiento formal por la participación en el programa que incluye objetivos y horas dedicadas. | D6: Si | F6: =IF(D6="Si",G6,0) -> 1 | G6: 1
C7: Número de estudiantes que han participado de la iniciativa en los últimos 3 años | D7: 6485 | F7: =IF(G7>100,100,G7) -> 100 | G7: =3333*F3*H7 -> 246.28547 | H7: =IFERROR(D7/SUM('Datos Institucionales'!D16:D17),0) -> 0.073893029
C8: RESULTADO | D8: =IFERROR(F7,0) -> 100
B9: CU2 Inducción a la sustentabilidad para estudiantes | C9: Existe un programa extracurricular de inducción de sustentabilidad dirigido a estudiantes de pre y postgrado donde se da a conocer los siguientes temas: - Definición básica de sustentabilidad - Política de sustentabilidad: Dar a conocer el compromiso institucional con la sustentabilidad - Gestión de campus: Información sobre diversas iniciativas asociadas a las operaciones y servicios de las instalaciones de la institución (Ej: residuos, movilidad, energía, alimentación) - Formación: Oportunidades de formación en sustentabilidad disponibles - Participación: Oportunidades de participación en iniciativas de sustentabilidad. - Perspectiva de género - Agenda 2030 | D9: Si | F9: =IF(D9="Si",D9,0) -> Si
C10: Número de estudiantes de pre y postgrado admitidos durante el periódo de evaluación que han participado en al menos una actividad de inducción en temas de sustentabilidad | D10: 80934 | F10: =IF(D10>SUM('Datos Institucionales'!D18:D19),0,IF(F9="Si",G10*H10,0)) -> 100 | G10: 100 | H10: =D10/SUM('Datos Institucionales'!D18:D19) -> 1
A11: CU2 | C11: RESULTADO | D11: =IFERROR(F10,0) -> 100
B12: CU3 Colaboradores promotores de la sustentabilidad | C12: Existen iniciativas, dirigidas a colabores(as) no académicos(as), para la formación de promotores de la sustentabilidad | D12: Si | F12: =IF(D12="Si",IF(G12>=2,1,0),0) -> 1 | G12: =SUM(F13:F15) -> 3
C13: La iniciativa esta dirigida a quiénes asumirán la tarea de formar a pares y/o liderar procesos de cambios entre sus pares. | D13: Si | F13: =IF(D13="Si",G13,0) -> 1 | G13: 1
C14: La iniciativa esta enlazada con oportunidades de trabajo (voluntario o remunerado) para los participantes, donde puedan poner en práctica su aprendizaje. | D14: Si | F14: =IF(D14="Si",G14,0) -> 1 | G14: 1
C15: Se otorga un reconocimiento formal por la participación en el programa que incluye objetivos y horas dedicadas. | D15: Si | F15: =IF(D15="Si",G15,0) -> 1 | G15: 1
C16: Número de colaboradores no académicos que han participado de las iniciativas en los últimos 3 años | D16: 95 | E16: Han participado 95 colaboradores no académicos en las diferentes ediciones del Diplomado/Programa en los últimos 3 años | F16: =IF(G16>100,100,G16) -> 11.120866 | G16: =400*F12*H16 -> 11.120866 | H16: =IFERROR(D16/'Datos Institucionales'!D24,0) -> 0.027802166
C17: RESULTADO | D17: =F16 -> 11.120866
B18: CU4 Inducción a la sustentabilidad para colaboradores y académicos | C18: Existe un programa de inducción de sustentabilidad para colaboradores y académicos donde se da a conocer los siguientes temas: - Política de sustentabilidad: Dar a conocer el compromiso institucional con la sustentabilidad - Gestión de campus: Información sobre diversas iniciativas asociadas a las operaciones y servicios de las instalaciones de la institución (Ej: residuos, transporte, energía, alimentación) - Formación: Oportunidades de formación en sustentabilidad disponibles - Participación: Oportunidades de participación en iniciativas de sustentabilidad. - Perspectiva de género: Fortalecimiento de competencias docentes para la incorporación de la perspectiva de género de manera transversal en los procesos formativos. | D18: Si
C19: Número de colaboradores y académicos que han participado en al menos una actividad de inducción en temas de sustentabilidad en el período evaluado. | D19: 48 | E19: El primer taller del Certificado en EDS, realizado en mayo de 2025, contó con un total de 48 personas . | F19: =IF(D18="Si",IF(H19>1,100,H19*G19),0) -> 13.636364 | G19: 100 | H19: =D19/'Datos Institucionales'!D26 -> 0.13636364
A20: CU4 | C20: RESULTADO | D20: =IFERROR(F19,0) -> 13.636364
B21: CU5 Programa de prácticas sustentables para oficinas | C21: Existe un programa de buenas prácticas sustentables que incluya al menos los lineamentos definidos por la Red Campus Sustentable | D21: Si | E21: "Programa de Oficinas Verdes" (POV) fue aprobado por el Consejo Universitario en 2024. Su manual de procedimientos incluye las áreas de Energía, Agua, Residuos y Consumo Responsable, las cuales son compatibles con los lineamientos básicos de la Red Campus Sustentable.
C22: Número de oficinas afiliadas y activas en el programa | D22: 35 | F22: =IFERROR(IF(D21="Si",G22*H22,0),0) -> 194.54167 | G22: 667 | H22: =D22/D23 -> 0.29166667
C23: Número total de oficinas en la institución | D23: 120
C24: RESULTADO | D24: =IFERROR(IF(F22>100,100,F22),0) -> 100
B25: CU6 Actividades de difusión y sensibilización | C25: Ha realizado al menos una campaña de fomento de estilos de vida sustentables en el último año | D25: Si | E25: Se realizó la campaña "Semana Verde: Menos Plástico, Más Futuro" con un alcance de 5,000 estudiantes a través de redes sociales y cartelería. | F25: =IF(D25="Si",G25,0) -> 20 | G25: 20
C26: Ha realizado al menos una actividad con la participación de distintas iniciativas de sustentabilidad en el último año | D26: Si | E26: Se llevó a cabo el "Eco-Foro Universitario" , donde participaron el Club de Reciclaje, la Iniciativa de Huertos Urbanos, y la Dirección de Infraestructura Verde. | F26: =IF(D26="Si",G26,0) -> 20 | G26: 20
A27: CU6 | C27: Cuenta con un grupo activo de estudiantes dedicados a promover la sustentabilidad | D27: Si | E27: Existe el "Club de Voluntarios por la Sostenibilidad" (CVS), con 80 miembros activos. Su planificación semestral está formalizada y se reúne bimensualmente. | F27: =IF(D27="Si",G27,0) -> 20 | G27: 20
C28: Cuenta con un portal web dedicado a difundir la iniciativa de sustentabilidad de la institución | D28: Si | E28: El portal es [dominio].edu/sostenibilidad. Contiene noticias, proyectos, y una sección de recursos para la comunidad. | F28: =IF(D28="Si",G28,0) -> 20 | G28: 20
C29: Hay un enlace directo al portal de sustentabilidad en la página principal de la institución. | D29: Si | E29: El enlace directo se encuentra en el footer de la página principal institucional y como un banner rotativo en la sección de noticias. | F29: =IF(D29="Si",G29,0) -> 20 | G29: 20
C30: La unidad envía al menos un correo a todos sus estudiante al año, dedicado a la difusión de la sustentabilidad | D30: Si | E30: El correo masivo se envía anualmente en abril (Día de la Tierra). El correo llegó a 35,000 cuentas de estudiantes y contenía enlaces al portal y a la campaña. | F30: =IF(D30="Si",G30,0) -> 20 | G30: 20
C31: Ha sostenido al menos una serie de charlas con expertos dedicadas a la sustentabilidad, abiertas a todos sus estudiantes. | D31: Si | E31: Se realizó la serie de 4 "Webinars de Sostenibilidad y Economía Circular" en el segundo semestre , con la participación de expertos de la ONU y ONG locales. | F31: =IF(D31="Si",G31,0) -> 20 | G31: 20
C32: Otras actividades cocurriculares o esfuerzos de difusión que no corresponde a las previamente descritas | D32: Si | E32: Se ha incorporado un módulo de "Cultura Ambiental" en el curso introductorio a la universidad, que llega a 100% de los estudiantes de nuevo ingreso. | F32: =IF(D32="Si",G32,0) -> 20 | G32: 20
C33: RESULTADO | D33: =IF(SUM(F25:F32)>100,100,SUM(F25:F32)) -> 100
B34: CU7 Encuesta cultura sustentable | C34: Aplica anualmente una encuesta a la comunidad en torno a la sustentabilidad de su institución, la cual aborde los siguientes temas: hábitos, conocimiento y percepción institucional | D34: Si | F34: =IF(D34="Si",G34,0) -> 50 | G34: 50
C35: Difunde los resultados obtenidos de la encuesta en toda la comunidad | D35: Si | E35: Los resultados de la encuesta 2024 se difundieron en mayo de 2025 a través de: 1. Un resumen ejecutivo publicado en el portal de sostenibilidad. 2. Una presentación oficial ante el Consejo Universitario. 3. Una infografía enviada por correo masivo a estudiantes y docentes. | F35: =IF(D35="Si",IF(D34="Si",G35,0),0) -> 50 | G35: 50
C36: RESULTADO | D36: =SUM(F34:F35) -> 100

Sheet Academia
D1: ACADEMIA
B2: Indicador | C2: Variable | D2: Dato | E2: Descripción | F2: Auxiliar 1 | G2: Auxiliar 2 | H2: Auxiliar 3 | I2: Auxiliar 4
B3: AC1 Curso mínimo transversal pregrado | C3: Se imparte al menos un curso optativo introductorio de sustentabilidad, abierto a todos los estudiantes. | D3: Si | G3: 100
C4: Número de estudiantes que durante el año de evaluación ha participado en al menos un curso optativo de introducción a la sustentabilidad. | D4: 4500 | F4: =IF(D3="Si",G4,0) -> 5.2159399 | G4: =G3*H4 -> 5.2159399 | H4: =IFERROR(IF((D4/'Datos Institucionales'!D16)>1.000001,0,(D4/'Datos Institucionales'!D16)),0) -> 0.052159399 | I4: =IFERROR(IF(H4>1.000001,0,SUM(H4)),0) -> 0.052159399
C5: Se imparten cursos introductorios de sustentabilidad a los estudiantes de caracter obligatorio | D5: Si | G5: 100
C6: Número de estudiantes admitidos durante el año de evaluación en programas/carreras que cuenten con al menos un curso obligatorio de introducción a la sustentabilidad. | D6: 79600 | F6: =IF(D5="Si",G6,0) -> 100 | G6: =G5*H7 -> 100 | H6: =IFERROR(IF((D6/'Datos Institucionales'!D18)>1.000001,0,(D6/'Datos Institucionales'!D18)),0) -> 1
C7: RESULTADO | D7: =IFERROR(IF(F7>100,100,F7),0) -> 100 | F7: =IF(F4+F6>100,100,F4+F6) -> 100 | G7: =IF(H6>1,0,H5) -> 0 | H7: =IFERROR(IF(H6>1.000001,0,SUM(H6)),0) -> 1
B8: AC2 Capacitación docentes | C8: Existe un programa de capacitación al menos de 16 horas en docencia de la sustentabilidad dirigido a los académicos(as) de la institución. | D8: Si | F8: =IF(D8="Si",IF(G8=2,1,0),0) -> 1 | G8: =SUM(F9:F10) -> 2
C9: El programa incluye el contenido mínimo entregado por la Red Campus Sustentable. | D9: Si | F9: =IF(D9="Si",G9,0) -> 1 | G9: 1
C10: El programa considera otorgar un reconocimiento formal por la participación en el programa, que incluya objetivos y horas dedicadas. | D10: Si | F10: =IF(D10="Si",G10,0) -> 1 | G10: 1
C11: Número de académicos(as) que han participado del programa de capacitación en los últimos 3 años. | D11: 2100 | F11: =IF(G11>100,100,G11) -> 100 | G11: =667*F8*H11 -> 35017.5 | H11: =IFERROR(D11/('Datos Institucionales'!D22),0) -> 52.5
C12: RESULTADO | D12: =F12 -> 100 | F12: =IF(G8=2,F11,0) -> 100
B13: AC3 Programas de postgrado que incluyen competencias en sustentabilidad | C13: Número de estudiantes admitidos, durante el año evaluado, de programas de postgrado que incluyen la sustentabilidad en sus logros de aprendizaje u competencias de perfil de egreso. | D13: 200 | F13: =IFERROR(IF(H13<1.00001, G13*H13,0),0) -> 14.992504 | G13: 100 | H13: =D13/'Datos Institucionales'!D19 -> 0.14992504
C14: RESULTADO | D14: =F13 -> 14.992504
B15: AC4 Programas de pregrado que incluyen competencias en sustentabilidad. | C15: Número de estudiantes admitidos, en periodo reportado, de programas/carreras de pregrado que incluyen la sustentabilidad en sus logros de aprendizaje u competencias de perfil de egreso | D15: 79600 | F15: =IFERROR(IF(H15<1.00001,(G15*H15),0),0) -> 100 | G15: 100 | H15: =D15/'Datos Institucionales'!D18 -> 1
C16: RESULTADO | D16: =F15 -> 100
B17: AC5 Apoyo a la investigación e innovación en sustentabilidad | C17: Existe un programa que incentiva a académicos(as) de diversas disciplinas a desarrollar investigación y/o innovación enfocada en sustentabilidad. (El programa incluye alguno de los siguientes atributos, sin limitarse a ellos: financiamiento, mentoría, guías, capacitación) | D17: Si, para ambas | F17: =IF(D17="Si, para ambas",H17,IF(D17="Solo investigación",G17,IF(D17="Solo innovación",I17,0))) -> 60 | G17: 45 | H17: 60 | I17: 15
C18: Existe un programa que incentiva a estudiantes de diversas disciplinas a desarrollar investigación y/o innovación enfocada en sustentabilidad. (El programa incluye alguno de los siguientes atributos, sin limitarse a ellos: financiamiento, mentoría, guías, capacitación) | D18: Si, para ambas | F18: =IF(D18="Si, para ambas",H18,IF(D18="Solo investigación",G18,IF(D18="Solo innovación",I18,0))) -> 20 | G18: 15 | H18: 20 | I18: 5
C19: Existe un registro disponible para su comunidad sobre los incentivos y apoyos para la investigación y/o innovación enfocada en sustentabilidad | D19: Si, para ambas | F19: =IF(D19="Si, para ambas",H19,IF(D19="Solo investigación",G19,IF(D19="Solo innovación",I19,0))) -> 20 | G19: 15 | H19: 20 | I19: 5
C20: RESULTADO | D20: =SUM(F17:F19) -> 100
B21: AC6 Investigación e innovación enfocada en sustentabilidad | C21: Existe un registro público de investigaciones y/o innovaciones enfocadas en sustentabilidad. (El listado debe incluir el título, nombres de autores, departamento al que pertenenen, descripción de la investigación y/o innovación y palabras clave) | D21: Si, para ambas | F21: =IF(D21="Si, para ambas",H21,IF(D21="Solo investigación",G21,IF(D21="Solo innovación",I21,0))) -> 20 | G21: 15 | H21: 20 | I21: 5
C22: Número de investigaciones enfocadas en sustentabilidad publicadas durante el año de evaluación | D22: 35
C23: Número de innovaciones enfocadas en sustentabilidad publicadas durante el año de evaluación | D23: 12 | F23: =IF(H23>1,0,IF(H23>0.2,60,300*H23)) -> 60 | G23: 60 | H23: =IF(D24<0.0001,0,D22/D24) -> 0.29166667
C24: Número total de investigaciones publicadas durante el año de evaluación | D24: 120 | F24: =IF(H24>1,0,IF(H24>0.2,20,100*H24)) -> 20 | G24: 20 | H24: =IF(D25<0.0001,0,D23/D25) -> 0.3
C25: Número total de innovaciones publicadas durante el año de evaluación | D25: 40
C26: RESULTADO | D26: =IFERROR(SUM(F21:F25),0) -> 100
B27: AC7 Transferencia de conocimientos | C27: Existen programas de difusión científica y/o transferencia tecnológica donde se entregue financiamiento para proyectos enfocados en sustentabilidad | D27: Si | F27: =IF(D27="Si",G27,0) -> 20 | G27: 20 | I27: =G27*(9.23/2)% -> 0.923
C28: Existen programas de difusión científica y/o transferencia tecnológica donde se realicen trabajos con comunidades locales (entorno significativo de la institución), enfocados en sustentabilidad. | D28: Si | F28: =IF(D28="Si",G28,0) -> 20 | G28: 20 | I28: =G28*(9.23/2)% -> 0.923
C29: Existen programas de difusión científica y/o transferencia tecnológica donde se elabore material educativo en distintos formatos, dirigido a comunidad externa, enfocado en sustentabilidad. El material debe estar disponible de forma gratuita al menos en formato digital. | D29: Si | F29: =IF(D29="Si",G29,0) -> 20 | G29: 20 | I29: =G29*(9.23/2)% -> 0.923
C30: Existen programas de difusión científica y/o transferencia tecnológica donde se realicen colaboraciones con organismos públicos para transferencia de investigación y/o innovación hacia la comunidad, enfocado en sustentabilidad. | D30: Si | F30: =IF(D30="Si",G30,0) -> 20 | G30: 20 | I30: =G30*(9.23/2)% -> 0.923
C31: Existen programas de difusión científica y/o transferencia tecnológica enfocada en la sustentabilidad, donde se realice otra actividad no incluida en la lista anterior. | D31: Si | F31: =IF(D31="Si",G31,0) -> 20 | G31: 20 | I31: =G31*(9.23/2)% -> 0.923
C32: RESULTADO | D32: =SUM(F27:F31) -> 100

Sheet Campus
D1: GESTIÓN DE CAMPUS
B2: Indicador | C2: Variable | D2: Dato | E2: Descripción | F2: Auxiliar 1 | G2: Auxiliar 2 | H2: Auxiliar 3
B3: GC1 Gestión integral de agua | C3: La institución cuenta con un diagnóstico de línea de base de gestión de agua vigente | D3: Si | F3: =IF(D3="Si",G3,0) -> 30 | G3: 30 | H3: =IF(SUM(F5:F12)>40,40,SUM(F5:F12)) -> 40
C4: Existe un plan de gestión para el consumo del agua que incluya: - Definición de metas de reducción de consumo. - Identificación de buenas prácticas y mejores técnicas disponibles. - Programa de incorporación de oportunidades de mejora | D4: Si | F4: =IF(D4="Si",G4,0) -> 30 | G4: 30 | H4: =F3 -> 30
C5: Se ha implementado un registro mensual de los usos de agua en áreas críticas, mediante la instalación de medidores de flujo. | D5: Si | F5: =IF(D5="Si",G5,0) -> 10 | G5: 10 | H5: =F4 -> 30
C6: Se ha implementado sistema de captación de agua lluvia en la institución | D6: Si | F6: =IF(D6="Si",G6,0) -> 10 | G6: 10
C7: Se ha implementado un sistema de tratamiento de aguas grises para reutilización en el campus | D7: Si | F7: =IF(D7="Si",G7,0) -> 10 | G7: 10
C8: Se ha implementado sistema de urinarios secos ecológicos | D8: No | F8: =IF(D8="Si",G8,0) -> 0 | G8: 10
C9: Se ha implementado un sistema de riego eficiente en sus áreas verdes y espacios naturales | D9: Si | F9: =IF(D9="Si",G9,0) -> 10 | G9: 10
C10: Se ha implementado sistemas de consumo eficiente de agua en griferías (aireadores u otro) | D10: Si | F10: =IF(D10="Si",G10,0) -> 10 | G10: 10
C11: Se ha implementado sistemas eficientes de uso de agua en estanques de baño (doble descarga u otro) | D11: Si | F11: =IF(D11="Si",G11,0) -> 10 | G11: 10
C12: Se ha implementado algún otro sistema de uso eficiente del consumo de agua. | D12: Si | F12: =IF(D12="Si",G12,0) -> 10 | G12: 10
C13: RESULTADO | D13: =SUM(H3:H5) -> 100
B14: GC2 Huella Hídrica | C14: Existe un Reporte de Huella Hídrica para el año evaluado | D14: Si | F14: =IF(D14="Si",G14,0) -> 90 | G14: 90
C15: El reporte de Huella Hídrica cuenta con una verificación externa | D15: No | F15: =IF(D15="Si",G15,0) -> 0 | G15: 10
C16: RESULTADO | D16: =SUM(F14:F15) -> 90
B17: GC3 Reducción del consumo de agua | C17: Consumo total de agua (metros cúbicos m3) para el año evaluado | F17: =IF(100<H18,100,IF(H18<=0,0,H18)) -> 0 | G17: 100 | H17: =D17/H19 -> 0
C18: PORCENTAJE DE REDUCCIÓN DEL CONSUMO (en relación al año base) | D18: =IFERROR(IF(D17=0,0,1-H17/G18),0) -> 0 | G18: ='Datos Institucionales'!D51 -> 0.08 | H18: =500*IF((G18-H17)/G18=1,0,IF((G18-H17)<0,0,(G18-H17)/G18)) -> 0
C19: RESULTADO | D19: =IFERROR(F17,0) -> 0 | H19: =+'Datos Institucionales'!D16+'Datos Institucionales'!D17 -> 87762
C20: Existe un programa para la preservación y protección de la biodiversidad nativa dentro de sus espacios de naturaleza | D20: Si | F20: =IF(D20="Si",G20,0) -> 10 | G20: 10 | H20: =IF(SUM(F21:F29)>90,90,SUM(F21:F29)) -> 90
B21: GC4 Biodiversidad | C21: Se ha realizado un inventario completo de especies en peligro que existan dentro de las instalaciones (flora y fauna) | D21: Si | F21: =IF(D21="Si",G21,0) -> 20 | G21: 20 | H21: =F20 -> 10
C22: Existe algún proyecto de reforestación/regeneración con flora nativa. | D22: Si | F22: =IF(D22="Si",G22,0) -> 10 | G22: 10
C23: Existe algun proyecto educativo que concientice a la comunidad interna sobre las especies presentes en el campus y los cuidados que requieren | D23: Si | F23: =IF(D23="Si",G23,0) -> 20 | G23: 20
C24: Hay señaléticas y senderos interpretativos que orienten e informen sobre las especies presentes en los campus y las medidas de cuidado implementadas | D24: Si | F24: =IF(D24="Si",G24,0) -> 10 | G24: 10
C25: Existe algún plan de protección y mejora de hábitat para la biodiversidad nativa que cuenta la institución | D25: Si | F25: =IF(D25="Si",G25,0) -> 10 | G25: 10
C26: La institución esta adherida de manera formal a algún programa de cuidado de la biodiversidad nativa local. | D26: Si | F26: =IF(D26="Si",G26,0) -> 10 | G26: 10
C27: Implementación de huertos universitarios/urbanos y/o viveros con fines terapéuticos, educativos o inclusivos. | D27: Si | F27: =IF(D27="Si",G27,0) -> 20 | G27: 20
C28: Existe difusión del inventario y programa de la biodiversidad y fauna existente en la institución | D28: Si | F28: =IF(D28="Si",G28,0) -> 10 | G28: 10
C29: Otra acción que no este en la lista anterior que cumple el objetivo del indicador | D29: Si | F29: =IF(D29="Si",G29,0) -> 10 | G29: 10
C30: RESULTADO | D30: =H20+H21 -> 100
B31: GC5 Manejo sustentable de jardines | C31: La institución cuenta con una plan o programa de manejo sustentable de sus espacios de naturaleza y áreas verdes. | D31: Si | F31: =IF(D31="Si",G31,0) -> 10 | G31: 10 | H31: =IF(SUM(F32:F36)>90,90,SUM(F32:F36)) -> 90
C32: Se ha Implementado un sistema se uso eficiente de agua. | D32: Si | F32: =IF(D32="Si",G32,0) -> 18 | G32: 18
C33: Se utiliza especies adecuadas para zona climática y/o de bajo consumo hídrico. | D33: Si | F33: =IF(D33="Si",G33,0) -> 18 | G33: 18
C34: Se realiza control de especies alergénicas, para reducir incidencia de alergias en la comunidad | D34: Si | F34: =IF(D34="Si",G34,0) -> 18 | G34: 18
C35: Se realiza un manejo integrado de plagas y enfermedades, promoviendo el uso de biopreparados, evitando el uso de biocidas sintéticos. | D35: Si | F35: =IF(D35="Si",G35,0) -> 18 | G35: 18
C36: Se realiza una gestión integrada de procesos de fertilización, enfocado en el manejo de residuos vegetales de las dependencias. | D36: Si | F36: =IF(D36="Si",G36,0) -> 18 | G36: 18
C37: Metros cuadrados de áreas verdes que operan bajo el plan o programa | F37: =IF(H37>1,0, H37*H31) -> 0 | H37: =(D37/10000)/'Datos Institucionales'!D34 -> 0
C38: RESULTADO | D38: =IFERROR(F37+F31,0) -> 10
B39: GC6 Compromiso con la carbono neutralidad | C39: La institución cuenta con un inventario de emisiones de GEI considerando los alcances 1,2 y 3 desarrollados de forma anual | D39: Si | F39: =IF(D39="Si",G39,0) -> 25 | G39: 25
C40: El inventario de emisiones cuenta con una verificación externa. | D40: No | F40: =IF(D40="Si",G40,0) -> 0 | G40: 5
C41: La institución cuenta con un plan de carbono neutralidad respecto de emisiones de Gases de Efecto Invernadero. | D41: Si | F41: =IF(D41="si",G41,0) -> 35 | G41: 35
C42: La institución ha declarado un compromiso formal de carbono neutralidad antes del 2050. El compromiso ha sido validado por la autoridad máxima y difundido públicamente. | D42: Si | F42: =IF(D42="si",G42,0) -> 35 | G42: 35
C43: RESULTADO | D43: =IFERROR(SUM(F39:F42),0) -> 95
B44: GC7 Carbono neutralidad | C44: Emisiones totales para año evaluado (ton CO2-e) (año ingresado en datos institucionales, indicador DI11) | D44: 0 | F44: =(IF(H45>=0.2,60,IF(H45<0.2,IF(H45>0,F45,0),F45))) -> 0 | G44: ='Datos Institucionales'!D39 -> 0.85 | H44: =IFERROR(D44/H48,0) -> 0
C45: PORCENTAJE DE REDUCCIÓN DE EMISIONES | D45: =IFERROR(IF(D44<=0,0,(G44-H44)/G44),0) -> 0 | F45: =IFERROR(IF(D44<0,0,IF(D44>0,G45*((('Datos Institucionales'!D39-($D$44/H48))/'Datos Institucionales'!D39)),0)),0) -> 0 | G45: 300 | H45: =IFERROR(IF(D44>0,1-((H44)/G44),0),0) -> 0
C46: Emisiones compensadas o capturadas en el año evaluado (ton CO2-e) | D46: 0 | H46: =IFERROR(IF(D46<=D44,IF(D46<=0,0,40*(('Datos Institucionales'!D39-((D44-D46)/H48))/'Datos Institucionales'!D39)),0),0) -> 0
C47: PORCENTAJE DE REDUCCIÓN DE EMISIONES (ajustadas por compensación y captura) | D47: =IFERROR(IF(D46<=D44,IF(D46<=0,0,(G44-H47)/G44),0),0) -> 0 | H47: =IFERROR(IF(D46<=0,0,(D44-D46)/H48),0) -> 0
C48: RESULTADO | D48: =IFERROR(F48,0) -> 0 | F48: =F44+H46 -> 0 | G48: 100 | H48: =+'Datos Institucionales'!D16+'Datos Institucionales'!D17 -> 87762
B49: GC8 Gestión energética | C49: La institución ha elaborado un diagnóstico de sus instalaciones vigente según criterio (revisar criterios en manual). | D49: Si | F49: =IF(D49="Si",G49,0) -> 30 | G49: 30
C50: Existe un plan de gestión para el consumo de la energía que contemple: - Objetivo. - Meta. - Responsable. - Identificación de buenas prácticas y mejores técnicas disponibles. - Identificación y priorización de oportunidades de mejora de desempeño energético. - Evaluación técnica, económica de oportunidades de mejora. - Cronograma de implementación de oportunidades de mejora identificadas. | D50: Si | F50: =IF(D50="Si",G50,0) -> 30 | G50: 30 | H50: =F49+F50+IF(SUM(F51:F60)>40,40,SUM(F51:F60)) -> 100
C51: Implementación de un Sistema de Gestión de energía | D51: Si | F51: =IF(D51="Si",G51,0) -> 10 | G51: 10
C52: Reemplazo de luminarias por alternativas eficientes (ej: LED) | D52: Si | F52: =IF(D52="Si",G52,0) -> 10 | G52: 10
C53: Reducción de luminarias mediante sensores de movimiento u otro tipo en sectores donde su uso sea necesario. | D53: Si | F53: =IF(D53="Si",G53,0) -> 10 | G53: 10
C54: Utilización de artefactos electrónicos certificados de bajo consumo | D54: Si | F54: =IF(D54="Si",G54,0) -> 10 | G54: 10
C55: Campaña comunicacional de uso eficiente de la energía | D55: Si | F55: =IF(D55="Si",G55,0) -> 10 | G55: 10
C56: Mejora del envolvente térmico de los edificios y/o instalaciones | D56: No | F56: =IF(D56="Si",G56,0) -> 0
C57: Mejora o reemplazo de sistemas de climatización ineficientes | D57: Si | F57: =IF(D57="Si",G57,0) -> 10 | G57: 10
C58: Monitoreo en tiempo real del consumo de energía | D58: No | F58: =IF(D58="Si",G58,0) -> 0 | G58: 10
C59: Mantener un registro mensual del consumo energético, disponible para la comunidad al menos de forma semestral. | D59: Si | F59: =IF(D59="Si",G59,0) -> 10 | G59: 10
C60: Capacitación a sus encargados de gestión de energía | D60: Si | F60: =IF(D60="Si",G60,0) -> 10 | G60: 10
C61: RESULTADO | D61: =IFERROR(H50,0) -> 100
B62: GC9 Reducción del consumo de energía | C62: Consumo total de energía (Mwh) para el año evaluado | F62: =IF(100<H63,100,IF(H63<=0,0,H63)) -> 0 | H62: =IFERROR(D62/'Datos Institucionales'!D35,0) -> 0
C63: PORCENTAJE DE REDUCCIÓN DEL CONSUMO (en relación al año base) | D63: =IFERROR(IF(D62=0,0,1-H62/G63),0) -> 0 | G63: =IFERROR('Datos Institucionales'!D41,0) -> 0.25 | H63: =500*IF(((G63-H62)/G63)=1,0,((G63-H62)/G63)) -> 0
C64: RESULTADO | D64: =IFERROR(F62,0) -> 0
B65: GC10 Energía renovable | C65: Un sistema de generación de energía renovable que cubra al menos el 1% de su consumo total. | D65: Si | F65: =IF(D65="Si",G65,0) -> 30 | G65: 30
C66: MWH generados con la ERNC para el año evaluado | F66: =IFERROR(IF(D66>D62,0,IF(0.2001>H66,350*(D66/D62),G66)+G66),0) -> 0 | G66: =IF(D65="Si",IF(H66>0.2,70,0)+IF(H66>0.00999,30,0),0) -> 0 | H66: =IFERROR(IF(D66>D62,0,D66/D62),0) -> 0
C67: PORCENTAJE DE ENERGÍA GENERADA CON ERNC | D67: =IFERROR(IF(D66>D62,0,D66/D62),0) -> 0
C68: RESULTADO | D68: =IF(F66>100,100,F66) -> 0
B69: GC11 Gestión integral de residuos | C69: Se ha elaborado un diagóstico de gestión integral de residuos peligrosos y no peligrosos | D69: Si | F69: =IF(D69="Si",G69,0) -> 1 | G69: 1
C70: El diagnóstico contempla la cantidad mensual de residuos generados desagregadas | D70: Si | F70: =IF(D70="Si",G70,0) -> 10 | G70: 10 | H70: =IF(F69=1,IF(SUM(F70:F76)>30,30,SUM(F70:F76)),0) -> 30
C71: El diagnóstico contempla el diagrama de flujo de residuos, según criterio (revisar criterios en manual). | D71: Si | F71: =IF(D71="Si",G71,0) -> 10 | G71: 10
C72: El diagnóstico contempla la descripción de la gestión actual de los residuos clasificados | D72: Si | F72: =IF(D72="Si",G72,0) -> 10 | G72: 10
C73: El diagnóstico contempla el funcionamiento de sistemas de separación en origen | D73: Si | F73: =IF(D73="Si",G73,0) -> 10 | G73: 10
C74: El diagnóstico contempla el análisis sobre cultura de hábitos y prácticas de separación, reconocimiento y almacenamiento segregado de residuos entre el personal de cada área | D74: Si | F74: =IF(D74="Si",G74,0) -> 10 | G74: 10
C75: El diagnóstico contempla el catastro de destinatarios y transportistas utilizados por residuo, | D75: Si | F75: =IF(D75="Si",G75,0) -> 10 | G75: 10
C76: El diagnóstico contempla la identificación de oportunidades de mejora en la gestión de residuos. | D76: Si | F76: =IF(D76="Si",G76,0) -> 10 | G76: 10
C77: Se ha elaborado un plan de gestión integral de residuos, que contemple lo siguiente: - Diagnóstico de la generación de residuos - Protocolos, medidas y metas de reducción y/o valorización - Difusión entre toda la comunidad | D77: Si | F77: =IF(D77="Si",G77,0) -> 30 | G77: 30 | H77: =F77 -> 30
C78: La institución ha implementado iniciativas concretas de reducción | D78: Si | F78: =IF(D78="Si",G78,0) -> 10 | G78: 10 | H78: =IFERROR(IF(SUM(F78:F83)>40,40,SUM(F78:F83)),0) -> 40
C79: La institución ha implementado un programa de consumo responsable | D79: Si | F79: =IF(D79="Si",G79,0) -> 10 | G79: 10
C80: La institución ha implementado un programa de reciclaje institucional (No peligrosos) | D80: Si | F80: =IF(D80="Si",G80,0) -> 10 | G80: 10
C81: El plan considera un programa de recuperación de residuos orgánicos a través de compostaje o lombricultura. | D81: Si | F81: =IF(D81="Si",G81,0) -> 10 | G81: 10
C82: La institución ha implementado un programa de reciclaje o reutilización de residuos electrónicos | D82: Si | F82: =IF(D82="Si",G82,0) -> 10 | G82: 10
C83: La institución ha implementado un programa de reciclaje y manejo de residuos de demolición y construcción | D83: No | F83: =IF(D83="Si",G83,0) -> 0 | G83: 10
C84: RESULTADO | D84: =IFERROR(SUM(H69:H78),0) -> 100
B85: GC12 Generación de residuos | C85: Toneladas de residuos asimilables a domiciliarios producidos por la institución para el año evaluado (incluir residuos recuperados y los que se envían a rellenos sanitarios) | E85: en curso | F85: =IF(G85<0,0,G85) -> 100 | G85: =IF(H85>0.15,100,H85*(100/0.15)) -> 100
C86: PORCENTAJE REDUCIDO (en relación a año base) | D86: =IFERROR(IF(D85<=0,0,('Datos Institucionales'!D53-(D85/'Datos Institucionales'!D15))/'Datos Institucionales'!D53),0) -> 0 | H86: =+'Datos Institucionales'!D16+'Datos Institucionales'!D17 -> 87762
C87: RESULTADO | D87: =IF(D85>0,F85,0) -> 0
B88: GC13 Recuperación de residuos | C88: Toneladas de residuos asimilables a domiciliarios recuperados para el año evaluado (reciclados, compostados y reutilizados) | D88: 0 | E88: en curso | F88: =IFERROR(IF(G88<0,0,G88),0) -> 0 | G88: =IF(H88>0.15,100,666.7*H88) -> #DIV/0! | H88: =D88/D85 -> #DIV/0!
C89: PORCENTAJE RECUPERADO
C90: RESULTADO | D90: =IF(SUM(F88)>100,100,SUM(F88)) -> 0
B91: GC14 Alimentación | C91: La institución tiene una política de alimentación sustentable que contemple pautas para disminuir los impactos sociales y ambientales de los servicios de alimentación | D91: Si | F91: =IF(D91="Si",G91,0) -> 20 | G91: 20
C92: Existen menús vegetarianos y/o veganos disponibles para todos (Ej: En todos los campus) | D92: Si | F92: =IF(D92="Si",G92,0) -> 10 | G92: 10 | H92: =IF(SUM(F92:F102)>80,80,SUM(F92:F102)) -> 80
C93: Existe un listado público de productores locales para fomentar la economía local | D93: No | F93: =IF(D93="Si",G93,0) -> 0 | G93: 10
C94: Los proovedores cumplen con los criterios de inocuidad | D94: Si | F94: =IF(D94="Si",G94,0) -> 10 | G94: 10
C95: Se utilizan alimentos provenientes de huertas comunitarias de la institución, a través de almuerzos colaborativos u otras instancias similares | D95: No | F95: =IF(D95="Si",G95,0) -> 0 | G95: 10
C96: Se desarrollan programas de alimentación saludable | D96: Si | F96: =IF(D96="Si",G96,0) -> 10 | G96: 10
C97: Existen programas para la reducción del desperdicio de comida o se realizan acciones de PDA | D97: Si | F97: =IF(D97="Si",G97,0) -> 10 | G97: 10
C98: Se ha prohibido el uso de utensilios de un solo uso | D98: Si | F98: =IF(D98="Si",G98,0) -> 10 | G98: 10
C99: Se utiliza loza definitiva en los casinos, reduciendo la generación de residuos | D99: Si | F99: =IF(D99="Si",G99,0) -> 10 | G99: 10
C100: Existe un programa para el aprovechamiento de residuos orgánicos generados en casinos | D100: Si | F100: =IF(D100="Si",G100,0) -> 10 | G100: 10
...

Sheet VM y R. Social
D1: VINCULACIÓN CON EL MEDIO Y RESPONSABILIDAD SOCIAL
B2: Indicador | C2: Variable | D2: Dato | E2: Descripción | F2: Auxiliar 1 | G2: Auxiliar 2 | H2: Auxiliar 3
B3: RS1 Asequibilidad | C3: La institución cuenta con adscripción a gratuidad | D3: Si | E3: La UNAH implementa Gratuidad de la Matrícula a nivel nacional y dispone del Programa de Becas y Ayudas Estudiantiles que incluye becas socioeconómicas, de excelencia académica, y de apoyo a estudiantes con discapacidad, asegurando la permanencia. | F3: =IF(D3="Si",G3,0) -> 20 | G3: 20
C4: Existen programas de inclusión para promover el acceso y asequibilidad para estudiantes de pueblos originarios, migrantes, personas con discapacidad, diversidad de género y equidad de género. | D4: Si | E4: Existen normativas para la admisión de estudiantes con discapacidad, y el Programa de Inclusión y Desarrollo Humano promueve ajustes razonables y accesibilidad. | F4: =IF(D4="Si",G4,0) -> 20 | G4: 20
C5: Se cuenta con al menos un programa de retención estudiantil | D5: Si | E5: Se centra en programas diseñados para ayudar a los estudiantes matriculados a permanecer en la universidad y completar sus estudios (por ejemplo, tutoría, asesoramiento, mentoría). | F5: =IF(D5="Si",G5,0) -> 10 | G5: 10
C6: Existe otro programa para facilitar el acceso de estudiantes con condiciones socioeconómicas desfavorables | D6: Si | E6: Se centra en el acceso para poblaciones vulnerables (por ejemplo, becas, ayuda financiera o cuotas especiales de admisión para estudiantes de bajos ingresos). | F6: =IF(D6="Si",G6,0) -> 10 | G6: 10
C7: Número de estudiantes admitidos en el año evaluado con gratuidad, provienentes de los 6 primeros deciles del programa de inclusión y asequibilidad y de algún otro programa que facilita el acceso. | D7: 7320 | E7: Estudiantes que recibieron matrícula gratuita (gratuidad) . * | F7: =IF(H7>0.5,G7,H7*G7*2) -> 7.3567839 | G7: 40 | H7: =IF(D7>'Datos Institucionales'!D18,0,D7/'Datos Institucionales'!D18) -> 0.091959799
C8: RESULTADO | D8: =IFERROR(SUM(F3:F7),0) -> 67.356784
B9: RS2 Plan de inclusión | C9: Cuenta con un plan de inclusión institucional, el cual contiene al menos los siguientes temas: -Diversidad étnica -Migrantes -Personas provenientes de contextos socioeconómicos desfavorables -Personas en situación de discapacidad -Otros temas de similar naturaleza | D9: Si | E9: La institución sí cumple con el requisito de tener un Plan de Inclusión institucional que aborde los temas solicitados. | F9: =IF(D9="Si",G9,0) -> 70 | G9: 70 | I9: =G9*(5.53/3)% -> 1.2903333
C10: Se realizan actividades de concientización e inclusión en la institución durante el año evaluado | D10: Si | E10: Se realizó actividad de concientización e inclusión , atraves de la socializacion de la Política de Inclusión y Equidad en la Educación Superior para la Cohesión Social (PIES-UNAH) | F10: =IF(D10="Si",G10,0) -> 30 | G10: 30 | I10: =G10*(5.53/3)% -> 0.553
A11: RS2 | C11: RESULTADO | D11: =IFERROR(SUM(F9:F10),0) -> 100
B12: RS3 Perspectiva de género y diversidad sexual | C12: La institución cuenta con un plan y protocolo con perspectiva de género y diversidad sexual, cuyo protocolo además incluye; - Protocolo contra la violencia de género - Programa de acompañamiento a las víctimas - Protocolo de acoso sexual y/o discriminación | D12: Si | E12: Se cumple con este requisito. La institución cuenta con el plan y los protocolos específicos de género y diversidad sexual atraves de la oficina de Genero | F12: =IF(D12="Si",G12,0) -> 100 | G12: 100
C13: RESULTADO | D13: =IFERROR(F12,0) -> 100
B14: RS4 Presencia equilibrada | C14: Número de mujeres en cargos directivos (hasta 3ª nivel de jerarquía) | D14: 90 | F14: =IF(D14>'Datos Institucionales'!D25,0,IF(H14>0.5,G14,IF(H14<0.1,0,2*H14*G14))) -> 50 | G14: 50 | H14: =D14/'Datos Institucionales'!D25 -> 0.79646018 | I14: =G14*(5.53/3)% -> 0.92166667
C15: Número de mujeres con titularidad académica para el año evaluado | D15: 70 | F15: =IF(D15>'Datos Institucionales'!D23,0, IF(H15>0.5,G15,IF(H15<0.1,0,2*H15*G15))) -> 0 | G15: 50 | H15: =D15/'Datos Institucionales'!D23 -> 0.016994416 | I15: =G15*(5.53/3)% -> 0.92166667
C16: RESULTADO | D16: =IFERROR(SUM(F14:F15),0) -> 50
B17: RS5 Perspectiva de género en extensión y vinculación con el medio | C17: La institución ha implementado campañas anuales de sensibilización, prevención y acompañamiento con su entorno significativo local y la comunidad institucional, que aborden las temáticas. - Ruptura de estereotipos de género - Promoción de la equidad de género y presencia equilibrada - Prevención de la violencia de género | D17: Si | E17: Se cumple con este requisito. se implementan y se registraron las campañas requeridas en extensión/vinculación. | F17: =IF(D17="Si",G17,0) -> 30 | G17: 30
C18: La institución ha realizado actividades (charlas, cursos, talleres, seminarios) dirigidos a toda la comunidad interna, en el año evaluado, que aborden las temáticas descritas en criterio. | D18: Si | E18: se han ejecutado actividades concretas de concientización para la comunidad universitaria. | F18: =IF(D18="Si",G18,0) -> 35 | G18: 35
C19: La institución ha desarrollado un programa de vinculación con el medio que considere explícitamente la perspectiva de género, vigente para el año de evaluación. | D19: Si | E19: existen documentos formal (programa) que integre la perspectiva de género en las actividades de extensión universitaria. | F19: =IF(D19="Si",G19,0) -> 35 | G19: 35
C20: RESULTADO | D20: =IFERROR(SUM(F17:F19),0) -> 100
B21: RS6 Colaboración | C21: La institución cuenta con una colaboración activa orientada a la sustentabilidad con una organización privada | D21: Si | E21: Organización privada: Empresas, corporaciones o gremios del sector privado. | F21: =IF(D21="Si",G21,0) -> 20 | G21: 20 | H21: =IF(SUM(F21:F24)>60, 60,SUM(F21:F24)) -> 60
C22: La institución cuenta con una colaboración activa orientada a la sustentabilidad con una entidad del estado | D22: Si | E22: Entidad del estado: Ministerios, municipalidades, entes reguladores o agencias gubernamentales. | F22: =IF(D22="Si",G22,0) -> 20 | G22: 20
C23: La institución cuenta con una colaboración activa orientada a la sustentabilidad con una institución de educación superior | D23: Si | E23: Institución de educación superior (IES): Otras universidades, escuelas técnicas o centros de investigación. | F23: =IF(D23="Si",G23,0) -> 20 | G23: 20
C24: La institución cuenta con una colaboración activa orientada a la sustentabilidad con una organización de la Sociedad Civil u ONG | D24: Si | E24: Organización de la Sociedad Civil u ONG: Fundaciones, asociaciones sin fines de lucro o grupos comunitarios. | F24: =IF(D24="Si",G24,0) -> 20 | G24: 20
C25: Académicos(as) colaboran activamente con una organización privada orientada en sustentabilidad | D25: Si | F25: =IF(D25="Si",G25,0) -> 10 | G25: 10 | H25: =IF(SUM(F25:F28)>20, 20,SUM(F25:F28)) -> 20
C26: Académicos(as) colaboran activamente con una entidad del estado orientada en sustentabilidad | D26: Si | F26: =IF(D26="Si",G26,0) -> 10 | G26: 10
C27: Académicos(as) colaboran activamente con una institución de educación superior orientada en sustentabilidad | D27: Si | F27: =IF(D27="Si",G27,0) -> 10 | G27: 10
C28: Académicos(as) colaboran activamente con una organización de la Sociedad Civil u ONG orientada en sustentabilidad | D28: Si | F28: =IF(D28="Si",G28,0) -> 10 | G28: 10
C29: La institución cuenta con una vinculación permanente con alguna de estas instituciones en proyectos de sustentabilidad | D29: Si | F29: =IF(D29="Si",G29,0) -> 40 | G29: 40
C30: RESULTADO | D30: =IF((F29+H21+H25)>100,100,(F29+H21+H25)) -> 100
B31: RS7 Participación en políticas públicas | C31: Existe una unidad u órgano que gestione la participación de la institución en políticas públicas. | D31: Si | E31: La universidad ha formalizado departamentos, dirección y comisiónes cuya función explícita sea la de articular y gestionar la participación en el diseño de políticas del Estado | F31: =IF(D31="Si",G31,0) -> 20 | G31: 20
C32: Existe un diagnóstico de las participaciones en materia de sustentabilidad en las que se ha involucrado la institución durante el año evaluado | D32: Si | E32: La institución no solo participa, sino que también mide, registra y evalúa formalmente el impacto de su participación en políticas públicas relacionadas con la sostenibilidad. | F32: =IF(D32="Si",G32,0) -> 40 | G32: 40
C33: La institución ha participado en la elaboración de una política regional o nacional en el año evaluado | D33: Si | E33: si, la experiencia, el conocimiento y la investigación como universidad se han utilizado activamente en la creación de una política gubernamental durante el período de evaluación. | F33: =IF(D33="Si",G33,0) -> 40 | G33: 40
C34: RESULTADO | D34: =SUM(F31:F33) -> 100
B35: RS8 Plan de vinculación con el medio | C35: La institución cuenta con un plan de acción de vinculación con el medio. | D35: Si | E35: Plan de Acción de Vinculación con el Medio de la UNAH es un componente esencial de su Plan Estratégico Institucional (PEI) y está gestionado por la Dirección de Vinculación Universidad-Sociedad (DVUS) | F35: =IF(D35="Si",G35,0) -> 100 | G35: 100
C36: RESULTADO | D36: =F35 -> 100
B37: RS9 Gestión de remuneraciones y beneficios | C37: La institución ha implementados una política, reglamento, normativa, etc, que conceda días de libre uso más allá de los legales | D37: Si | F37: =IF(D37="Si",G37,0) -> 15 | G37: 15
C38: Ingrese el sueldo mínimo mensual pagado por la institución al personal contratado. | D38: 651.9815 | F38: =IF(D38>=G38,50,0) -> 0 | G38: 464996 | H38: =2.55*F38/100 -> 0
C39: Ingrese el sueldo mínimo mensual exigido que las empresas subcontratadas por la institución deben pagar a sus trabajadores | D39: 467 | F39: =IF(D39>=G39,15,0) -> 0 | G39: 464996 | H39: =2.55*F39/100 -> 0
C40: Ingrese el sueldo máximo pagado por la institución | D40: 5915 | G40: =IFERROR(IF(D38<=D40,(D40/D38),0),0) -> 9.0723433 | H40: {=_xlfn.IFS(G40<15,20,G40<=20,20-((G40-15)*4),G40>20,0)} -> 20
C41: RAZÓN ENTRE EL SUELDO MÁXIMO Y MÍNIMO | D41: =G40 -> 9.0723433 | F41: =_xlfn.IFS(D41=0,0,D41>20,0,D41<=15,20,D41<=20,H40) -> 20 | H41: =2.55*F41/100 -> 0.51
C42: RESULTADO | D42: =SUM(F37:F41) -> 35
B43: RS10 Satisfacción laboral | C43: La institución aplica una encuesta para medir el indice de satisfacción laboral de colaboradores(as) y académicos(as) en la institución, de forma bianual. | D43: Si | F43: =IF(D43="Si",G43,0) -> 20 | G43: 20
C44: Porcentaje del personal (colaboradores(as) y académicos(as)) que tienen un alto ìndice de satisfacción laboral según consulta aplicada (sobre 60% de satisfacción, según escala de la encuesta) | D44: 0.95 | F44: =IF(D43="Si",IF(D44>=60%,G44,0),0) -> 50 | G44: 50
C45: La institución ha implementado un programa de bienestar para su personal (colaboradores(as) y académicos(as)) durante el año evaluado | D45: Si | F45: =IF(D45="Si",G45,0) -> 30 | G45: 30
C46: RESULTADO | D46: =SUM(F43:F45) -> 100
B47: RS11 Sindicalización | C47: Número de colaboradores(as) y académicos(as) adheridos a un sindicato, grupo de negociaciones o asociaciones (en el caso de instituciones públicas) | D47: 7536 | F47: =IF(G47>100,100,G47) -> 0 | G47: =IF(H47>1,0,(H47*333.34)) -> 0 | H47: =IFERROR(D47/('Datos Institucionales'!D27+'Datos Institucionales'!D29),0) -> 46.807453
C48: RESULTADO | D48: =IFERROR(SUM(F47),0) -> 0
B49: RS12 Contratación | C49: Numero de colaboradores(as) y académicos(as) que poseen contrato indefinido o a plazo fijo con la institución | D49: 6462 | F49: =IF(H49>1,0,IF(H49>0.8,100,H49*G49)) -> 0 | G49: 125 | H49: =IF(D49='Datos Institucionales'!D27,IFERROR((D49/('Datos Institucionales'!D28+'Datos Institucionales'!D29+D49)),0),0) -> 0
C50: RESULTADO | D50: =IFERROR(SUM(F49),0) -> 0

Sheet Para desplegables
A1: Binaria | B1: Cambio climático | C1: Tipos de instituciones | D1: Tipo de institución II | E1: Año | F1: Numerica | G1: Porcentaje | H1: Region | K1: Currículum | L1: Investigación e innovación
A2: Si | B2: Alcances 1 y 2 | C2: Universidad | D2: Pública | E2: 1990 | F2: 0 | G2: 0.05 | H2: XV de Arica y Parinacota | K2: Currículum cerrado | L2: Solo investigación
A3: No | B3: Alcances 1, 2 y 3 | C3: Instituto profesional | D3: Privada con aportes estatales | E3: 1991 | F3: 1 | G3: 0.1 | H3: I de Tarapacá | K3: Currículum abierto | L3: Solo innovación
A4: N/A | B4: Sin inventario | C4: CFT | D4: Privada sin aportes estatales | E4: 1992 | F4: 2 | G4: 0.15 | H4: II de Antofagasta | L4: Si, para ambas
B5: Alcances 1 y 2 | C5: Otro | E5: 1993 | G5: 0.2 | H5: III de Atacama | L5: No
B6: Alcances 1, 2 y 3 | E6: 1994 | G6: 0.25 | H6: IV de Coquimbo | L6: N/A investigación
B7: Sin compromiso | E7: 1995 | G7: 0.3 | H7: V de Valparaíso
E8: 1996 | G8: 0.35 | H8: VI del Libertador General Bernardo O'Higgins
A9: RESULTADOS | E9: 1997 | G9: 0.4 | H9: VII del Maule
A10: Indicador | B10: Puntaje total | E10: 1998 | G10: 0.45 | H10: VIII del Bío Bío
A11: GOB1 | B11: =Gobernanza!D10 -> 100 | E11: 1999 | G11: 0.5 | H11: IX de la Araucanía
A12: GOB2 | B12: =Gobernanza!D22 -> 18 | E12: 2000 | G12: 0.55 | H12: XIV de los Ríos
A13: GOB3 | B13: =Gobernanza!D40 -> 100 | E13: 2001 | G13: 0.6 | H13: X de los Lagos
A14: GOB4 | B14: =Gobernanza!D46 -> 25 | E14: 2002 | G14: 0.65 | H14: XI Aisén del General Carlos Ibáñez del Campo
A15: GOB5 | B15: =Gobernanza!D49 -> 30 | E15: 2003 | G15: 0.7 | H15: XII de Magallanes y Antártica Chilena
A16: GOB6 | B16: =Gobernanza!D54 -> 100 | E16: 2004 | G16: 0.75 | H16: RM Metropolitana de Santiago
A17: GOB7 | B17: =Gobernanza!D62 -> 100 | E17: 2005 | G17: 0.8
A18: GOB8 | B18: =+Gobernanza!D69 -> 100 | E18: 2006
A19: CU1 | B19: =Cultura!D8 -> 100 | E19: 2007 | G19: 0.85
A20: CU2 | B20: =Cultura!D11 -> 100 | E20: 2008 | G20: 0.9
A21: CU3 | B21: =Cultura!D17 -> 11.120866 | E21: 2009 | G21: 0.95
A22: CU4 | B22: =Cultura!D20 -> 13.636364 | E22: 2010 | G22: 1
A23: CU5 | B23: =Cultura!D24 -> 100 | E23: 2011
A24: CU6 | B24: =Cultura!D33 -> 100 | E24: 2012
A25: CU7 | B25: =Cultura!D36 -> 100 | E25: 2013
A26: AC1 | B26: =Academia!D7 -> 100 | E26: 2014
A27: AC2 | B27: =Academia!D12 -> 100 | E27: 2015
A28: AC3 | B28: =Academia!D14 -> 14.992504 | E28: 2016
A29: AC4 | B29: =Academia!D16 -> 100 | E29: 2017
A30: AC5 | B30: =Academia!D20 -> 100 | E30: 2018
A31: AC6 | B31: =Academia!D26 -> 100 | E31: 2019
A32: AC7 | B32: =Academia!D32 -> 100 | E32: 2020
A33: GC1 | B33: =+Campus!D13 -> 100 | E33: 2021
A34: GC2 | B34: =+Campus!D16 -> 90 | E34: 2022
A35: GC3 | B35: =+Campus!D19 -> 0 | E35: 2023
A36: GC4 | B36: =+Campus!D30 -> 100 | E36: 2024
A37: GC5 | B37: =+Campus!D38 -> 10
A38: GC6 | B38: =+Campus!D43 -> 95
A39: GC7 | B39: =+Campus!D48 -> 0
A40: GC8 | B40: =+Campus!D61 -> 100
A41: GC9 | B41: =+Campus!D64 -> 0
A42: GC10 | B42: =+Campus!D68 -> 0
A43: GC11 | B43: =+Campus!D84 -> 100
A44: GC12 | B44: =+Campus!D87 -> 0
A45: GC13 | B45: =+Campus!D90 -> 0
A46: GC14 | B46: =+Campus!D103 -> 100
A47: GC15 | B47: =+Campus!D109 -> 100
A48: GC16 | B48: =+Campus!D113 -> 0
A49: GC17 | B49: =+Campus!D120 -> 0
A50: GC18 | B50: =+Campus!D125 -> 0
A51: GC19 | B51: =+Campus!D135 -> 100
A52: RS1 | B52: ='VM y R. Social'!D8 -> 67.356784
A53: RS2 | B53: ='VM y R. Social'!D11 -> 100
A54: RS3 | B54: =+'VM y R. Social'!D13 -> 100
A55: RS4 | B55: =+'VM y R. Social'!D16 -> 50
A56: RS5 | B56: =+'VM y R. Social'!D20 -> 100
A57: RS6 | B57: =+'VM y R. Social'!D30 -> 100
A58: RS7 | B58: =+'VM y R. Social'!D34 -> 100
A59: RS8 | B59: =+'VM y R. Social'!D36 -> 100
A60: RS9 | B60: =+'VM y R. Social'!D42 -> 35
A61: RS10 | B61: =+'VM y R. Social'!D46 -> 100
A62: RS11 | B62: =+'VM y R. Social'!D48 -> 0
A63: RS12 | B63: ='VM y R. Social'!D50 -> 0

Sheet Tributación ODS - no tocar
D2: GOB1 | F2: 16.7
D3: GOB2 | F3: 1.1 | G3: 1.2 | H3: 1.3 | I3: 1.4 | J3: 1.5 | K3: 1.a | L3: 1.b | M3: 2.1 | N3: 2.2 | O3: 2.3 | P3: 2.4 | Q3: 2.5 | R3: 2.a | S3: 2.b | T3: 2.c | U3: 3.1 | V3: 3.2 | W3: 3.3 | X3: 3.4 | Y3: 3.5 | Z3: 3.6 | AA3: 3.7 | AB3: 3.8 | AC3: 3.9 | AD3: 3.a | AE3: 3.b | AF3: 3.c | AG3: 3.d | AH3: 4.1 | AI3: 4.2 | AJ3: 4.3 | AK3: 4.4 | AL3: 4.5 | AM3: 4.6 | AN3: 4.7 | AO3: 4.a | AP3: 4.b | AQ3: 4.c | AR3: 5.1 | AS3: 5.2 | AT3: 5.3 | AU3: 5.4 | AV3: 5.5 | AW3: 5.6 | AX3: 5.a | AY3: 5.b | AZ3: 5.c | BA3: 6.1 | BB3: 6.2 | BC3: 6.3 | BD3: 6.4 | BE3: 6.5 | BF3: 6.6 | BG3: 6.a | BH3: 6.b | BI3: 7.1 | BJ3: 7.2 | BK3: 7.3 | BL3: 7.a | BM3: 7.b | BN3: 8.1 | BO3: 8.2 | BP3: 8.3 | BQ3: 8.4 | BR3: 8.5 | BS3: 8.6 | BT3: 8.7 | BU3: 8.8 | BV3: 8.9 | BW3: 8.1 | BX3: 8.a | BY3: 8.b | BZ3: 9.1 | CA3: 9.2 | CB3: 9.3 | CC3: 9.4 | CD3: 9.5 | CE3: 9.a | CF3: 9.b | CG3: 9.c | CH3: 10.1 | CI3: 10.2 | CJ3: 10.3 | CK3: 10.4 | CL3: 10.5 | CM3: 10.6 | CN3: 10.7 | CO3: 10.a | CP3: 10.b | CQ3: 10.c | CR3: 11.1 | CS3: 11.2 | CT3: 11.3 | CU3: 11.4 | CV3: 11.5 | CW3: 11.6 | CX3: 11.7 | CY3: 11.a | CZ3: 11.b | DA3: 11.c | DB3: 12.1 | DC3: 12.2 | DD3: 12.3 | DE3: 12.4 | DF3: 12.5 | DG3: 12.6 | DH3: 12.7 | DI3: 12.8 | DJ3: 12.a | DK3: 12.b | DL3: 12.c | DM3: 13.1 | DN3: 13.2 | DO3: 13.3 | DP3: 13.a | DQ3: 13.b | DR3: 14.1 | DS3: 14.2 | DT3: 14.3 | DU3: 14.4 | DV3: 14.5 | DW3: 14.6 | DX3: 14.7 | DY3: 14.a | DZ3: 14.b | EA3: 14.c | EB3: 15.1 | EC3: 15.2 | ED3: 15.3 | EE3: 15.4 | EF3: 15.5 | EG3: 15.6 | EH3: 15.7 | EI3: 15.8 | EJ3: 15.9 | EK3: 15.a | EL3: 15.b | EM3: 15.c | EN3: 16.1 | EO3: 16.2 | EP3: 16.3 | EQ3: 16.4 | ER3: 16.5 | ES3: 16.6 | ET3: 16.7 | EU3: 16.8 | EV3: 16.9 | EW3: 16.1 | EX3: 16.a | EY3: 16.b | EZ3: 17.1 | FA3: 17.2 | FB3: 17.3 | FC3: 17.4 | FD3: 17.5 | FE3: 17.6 | FF3: 17.7 | FG3: 17.8 | FH3: 17.9 | FI3: 17.1 | FJ3: 17.11 | FK3: 17.12 | FL3: 17.13 | FM3: 17.14 | FN3: 17.15 | FO3: 17.16 | FP3: 17.17 | FQ3: 17.18 | FR3: 17.19
B4: 2-4-5-7-8-9-10-11-12-13-14-15 | D4: GOB3 | M4: 2.1 | N4: 2.2 | O4: 2.3 | P4: 2.4 | Q4: 2.5 | R4: 2.a | S4: 2.b | T4: 2.c | AH4: 4.1 | AI4: 4.2 | AJ4: 4.3 | AK4: 4.4 | AL4: 4.5 | AM4: 4.6 | AN4: 4.7 | AO4: 4.a | AP4: 4.b | AQ4: 4.c | AR4: 5.1 | AS4: 5.2 | AT4: 5.3 | AU4: 5.4 | AV4: 5.5 | AW4: 5.6 | AX4: 5.a | AY4: 5.b | AZ4: 5.c | BI4: 7.1 | BJ4: 7.2 | BK4: 7.3 | BL4: 7.a | BM4: 7.b | BN4: 8.1 | BO4: 8.2 | BP4: 8.3 | BQ4: 8.4 | BR4: 8.5 | BS4: 8.6 | BT4: 8.7 | BU4: 8.8 | BV4: 8.9 | BW4: 8.1 | BX4: 8.a | BY4: 8.b | BZ4: 9.1 | CA4: 9.2 | CB4: 9.3 | CC4: 9.4 | CD4: 9.5 | CE4: 9.a | CF4: 9.b | CG4: 9.c | CH4: 10.1 | CI4: 10.2 | CJ4: 10.3 | CK4: 10.4 | CL4: 10.5 | CM4: 10.6 | CN4: 10.7 | CO4: 10.a | CP4: 10.b | CQ4: 10.c | CR4: 11.1 | CS4: 11.2 | CT4: 11.3 | CU4: 11.4 | CV4: 11.5 | CW4: 11.6 | CX4: 11.7 | CY4: 11.a | CZ4: 11.b | DA4: 11.c | DB4: 12.1 | DC4: 12.2 | DD4: 12.3 | DE4: 12.4 | DF4: 12.5 | DG4: 12.6 | DH4: 12.7 | DI4: 12.8 | DJ4: 12.a | DK4: 12.b | DL4: 12.c | DM4: 13.1 | DN4: 13.2 | DO4: 13.3 | DP4: 13.a | DQ4: 13.b | DR4: 14.1 | DS4: 14.2 | DT4: 14.3 | DU4: 14.4 | DV4: 14.5 | DW4: 14.6 | DX4: 14.7 | DY4: 14.a | DZ4: 14.b | EA4: 14.c | EB4: 15.1 | EC4: 15.2 | ED4: 15.3 | EE4: 15.4 | EF4: 15.5 | EG4: 15.6 | EH4: 15.7 | EI4: 15.8 | EJ4: 15.9 | EK4: 15.a | EL4: 15.b | EM4: 15.c
D5: GOB4 | F5: 16.6
D6: GOB5
D7: GOB6 | F7: 11.3
D8: GOB7 | F8: 10.2
D9: GOB8 | F9: 5.5
D11: CU1 | F11: 4.7 | G11: 12.8 | H11: 13.3
D12: CU2 | F12: 4.7 | G12: 12.8 | H12: 13.3
D13: CU3 | F13: 4.7 | G13: 12.8 | H13: 13.3
D14: CU4 | F14: 4.7 | G14: 12.8- | H14: 13.3
D15: CU5 | F15: 4.7 | G15: 12.8- | H15: 13.3
D16: CU6 | F16: 4.7 | G16: 12.8- | H16: 13.3
D17: CU7 | F17: 4.7 | G17: 12.8- | H17: 13.3
D19: AC1 | F19: 4.7 | G19: 12.8- | H19: 13.3
D20: AC2 | F20: 4.7 | G20: 12.8- | H20: 13.3
D21: AC3 | F21: 4.7 | G21: 12.8- | H21: 13.3
D22: AC4 | F22: 4.7 | G22: 12.8- | H22: 13.3
D23: AC5 | F23: 2.a | G23: 3.b | H23: 7.a | I23: 9.5 | J23: 9.b | K23: 14.a
D24: AC6 | F24: 2.a | G24: 3.b | H24: 7.a | I24: 9.5 | J24: 9.b | K24: 14.a
D25: AC7 | F25: 4.7 | G25: 12.8 | H25: 13.3
D27: GC1 | F27: 6.4
D28: GC2 | F28: 6.4
D29: GC3 | F29: 6.4
D30: GC4 | F30: 4.7 | G30: 15.2 | H30: 15.4 | I30: 15.5
D31: GC5 | F31: 2.4 | G31: 6.4 | H31: 12.5
D32: GC6 | F32: 13.2
D33: GC7 | F33: 13.2
D34: GC8 | F34: 7.3
D35: GC9 | F35: 7.3
D36: GC10
D37: GC11 | F37: 12.4 | G37: 12.5
D38: GC12 | F38: 12.5
D39: GC13 | F39: 12.4 | G39: 12.5
D40: GC14 | F40: 2.1
D41: GC15 | F41: 12.5- | G41: 12.7
D42: GC16 | F42: 9.1
D43: GC17 | F43: 6.4 | G43: 7.3
D44: GC18 | F44: 11.2
D45: GC19 | F45: 11.2
D47: RS1 | F47: 4.3
D48: RS2 | F48: 10.2
D49: RS3 | F49: 5.5
D50: RS4 | F50: 5.5
D51: RS5 | F51: 5.5
D52: RS6 | F52: 17.17
D53: RS7
D54: RS8 | F54: 11.3
D55: RS9 | F55: 8.5
D56: RS10 | F56: 8.5
D57: RS11 | F57: 8.8
D58: RS12 | F58: 8.8
E61: GOB1 | F61: GOB2 | G61: GOB3 | H61: GOB4 | I61: GOB5 | J61: GOB6 | K61: GOB7 | L61: GOB8 | N61: CU1 | O61: CU2 | P61: CU3 | Q61: CU4 | R61: CU5 | S61: CU6 | T61: CU7 | V61: AC1 | W61: AC2 | X61: AC3 | Y61: AC4 | Z61: AC5 | AA61: AC6 | AB61: AC7 | AD61: GC1 | AE61: GC2 | AF61: GC3 | AG61: GC4 | AH61: GC5 | AI61: GC6 | AJ61: GC7 | AK61: GC8 | AL61: GC9 | AM61: GC10 | AN61: GC11 | AO61: GC12 | AP61: GC13 | AQ61: GC14 | AR61: GC15 | AS61: GC16 | AT61: GC17 | AU61: GC18 | AV61: GC19 | AX61: RS1 | AY61: RS2 | AZ61: RS3 | BA61: RS4 | BB61: RS5 | BC61: RS6 | BD61: RS7 | BE61: RS8 | BF61: RS9 | BG61: RS10 | BH61: RS11 | BI61: RS12
E62: =Resultado!$F$16/100 -> 1 | F62: =Resultado!$F$17/100 -> 0.18 | G62: =Resultado!$F$18/100 -> 1 | H62: =Resultado!$F$19/100 -> 0.25 | I62: =Resultado!$F$20/100 -> 0.3 | J62: =Resultado!$F$21/100 -> 1 | K62: =Resultado!$F$22/100 -> 1 | L62: =Resultado!$F$23/100 -> 1 | N62: =Resultado!$F$29/100 -> 1 | O62: =Resultado!$F$30/100 -> 1 | P62: =Resultado!$F$31/100 -> 0.11120866 | Q62: =Resultado!$F$32/100 -> 0.13636364 | R62: =Resultado!$F$33/100 -> 1 | S62: =Resultado!$F$34/100 -> 1 | T62: =Resultado!$F$35/100 -> 1 | V62: =Resultado!$F$41/100 -> 1 | W62: =Resultado!$F$42/100 -> 1 | X62: =Resultado!$F$43/100 -> 0.14992504 | Y62: =Resultado!$F$44/100 -> 1 | Z62: =Resultado!$F$45/100 -> 1 | AA62: =Resultado!$F$46/100 -> 1 | AB62: =Resultado!$F$47/100 -> 1 | AD62: =Resultado!$F$53/100 -> 1 | AE62: =Resultado!$F$54/100 -> 0.9 | AF62: =Resultado!$F$55/100 -> 0 | AG62: =Resultado!$F$56/100 -> 1 | AH62: =Resultado!$F$57/100 -> 0.1 | AI62: =Resultado!$F$58/100 -> 0.95 | AJ62: =Resultado!$F$59/100 -> 0 | AK62: =Resultado!$F$60/100 -> 1 | AL62: =Resultado!$F$61/100 -> 0 | AM62: =Resultado!$F$62/100 -> 0 | AN62: =Resultado!$F$63/100 -> 1 | AO62: =Resultado!$F$64/100 -> 0 | AP62: =Resultado!$F$65/100 -> 0 | AQ62: =Resultado!$F$66/100 -> 1 | AR62: =Resultado!$F$67/100 -> 1 | AS62: =Resultado!$F$68/100 -> 0 | AT62: =Resultado!$F$69/100 -> 0 | AU62: =Resultado!$F$70/100 -> 0 | AV62: =Resultado!$F$71/100 -> 1 | AX62: =Resultado!$F$77/100 -> 0.67356784 | AY62: =Resultado!$F$78/100 -> 1 | AZ62: =Resultado!$F$79/100 -> 1 | BA62: =Resultado!$F$80/100 -> 0.5 | BB62: =Resultado!$F$81/100 -> 1 | BC62: =Resultado!$F$82/100 -> 1 | BD62: =Resultado!$F$83/100 -> 1 | BE62: =Resultado!$F$84/100 -> 1 | BF62: =Resultado!$F$85/100 -> 0.35 | BG62: =Resultado!$F$86/100 -> 1 | BH62: =Resultado!$F$87/100 -> 0 | BI62: =Resultado!$F$88/100 -> 0
A63: Objetivo desarrollo sostenible | B63: Meta | C63: Suma aporte | D63: Aporte posible
A64: 1 | B64: 1.1 | C64: =SUM(E64:BI64) -> 0.18 | D64: =C237 -> 1 | E64: =IF(IFERROR(HLOOKUP($B64,$F2:$FS2,1,FALSE),0)=0,0,1)*E$62 -> 0 | F64: =IF(IFERROR(HLOOKUP($B64,$F3:$FS3,1,FALSE),0)=0,0,1)*F$62 -> 0.18 | G64: =IF(IFERROR(HLOOKUP($B64,$F4:$FS4,1,FALSE),0)=0,0,1)*G$62 -> 0 | H64: =IF(IFERROR(HLOOKUP($B64,$F5:$FS5,1,FALSE),0)=0,0,1)*H$62 -> 0 | I64: =IF(IFERROR(HLOOKUP($B64,$F6:$FS6,1,FALSE),0)=0,0,1)*I$62 -> 0 | J64: =IF(IFERROR(HLOOKUP($B64,$F7:$FS7,1,FALSE),0)=0,0,1)*J$62 -> 0 | K64: =IF(IFERROR(HLOOKUP($B64,$F8:$FS8,1,FALSE),0)=0,0,1)*K$62 -> 0 | L64: =IF(IFERROR(HLOOKUP($B64,$F9:$FS9,1,FALSE),0)=0,0,1)*L$62 -> 0 | M64: =IF(IFERROR(HLOOKUP($B64,$F10:$FS10,1,FALSE),0)=0,0,1)*M$62 -> 0 | N64: =IF(IFERROR(HLOOKUP($B64,$F11:$FS11,1,FALSE),0)=0,0,1)*N$62 -> 0 | O64: =IF(IFERROR(HLOOKUP($B64,$F12:$FS12,1,FALSE),0)=0,0,1)*O$62 -> 0 | P64: =IF(IFERROR(HLOOKUP($B64,$F13:$FS13,1,FALSE),0)=0,0,1)*P$62 -> 0 | Q64: =IF(IFERROR(HLOOKUP($B64,$F14:$FS14,1,FALSE),0)=0,0,1)*Q$62 -> 0 | R64: =IF(IFERROR(HLOOKUP($B64,$F15:$FS15,1,FALSE),0)=0,0,1)*R$62 -> 0 | S64: =IF(IFERROR(HLOOKUP($B64,$F16:$FS16,1,FALSE),0)=0,0,1)*S$62 -> 0 | T64: =IF(IFERROR(HLOOKUP($B64,$F17:$FS17,1,FALSE),0)=0,0,1)*T$62 -> 0 | U64: =IF(IFERROR(HLOOKUP($B64,$F18:$FS18,1,FALSE),0)=0,0,1)*U$62 -> 0 | V64: =IF(IFERROR(HLOOKUP($B64,$F19:$FS19,1,FALSE),0)=0,0,1)*V$62 -> 0 | W64: =IF(IFERROR(HLOOKUP($B64,$F20:$FS20,1,FALSE),0)=0,0,1)*W$62 -> 0 | X64: =IF(IFERROR(HLOOKUP($B64,$F21:$FS21,1,FALSE),0)=0,0,1)*X$62 -> 0 | Y64: =IF(IFERROR(HLOOKUP($B64,$F22:$FS22,1,FALSE),0)=0,0,1)*Y$62 -> 0 | Z64: =IF(IFERROR(HLOOKUP($B64,$F23:$FS23,1,FALSE),0)=0,0,1)*Z$62 -> 0 | AA64: =IF(IFERROR(HLOOKUP($B64,$F24:$FS24,1,FALSE),0)=0,0,1)*AA$62 -> 0 | AB64: =IF(IFERROR(HLOOKUP($B64,$F25:$FS25,1,FALSE),0)=0,0,1)*AB$62 -> 0 | AC64: =IF(IFERROR(HLOOKUP($B64,$F26:$FS26,1,FALSE),0)=0,0,1)*AC$62 -> 0 | AD64: =IF(IFERROR(HLOOKUP($B64,$F27:$FS27,1,FALSE),0)=0,0,1)*AD$62 -> 0 | AE64: =IF(IFERROR(HLOOKUP($B64,$F28:$FS28,1,FALSE),0)=0,0,1)*AE$62 -> 0 | AF64: =IF(IFERROR(HLOOKUP($B64,$F29:$FS29,1,FALSE),0)=0,0,1)*AF$62 -> 0 | AG64: =IF(IFERROR(HLOOKUP($B64,$F30:$FS30,1,FALSE),0)=0,0,1)*AG$62 -> 0 | AH64: =IF(IFERROR(HLOOKUP($B64,$F31:$FS31,1,FALSE),0)=0,0,1)*AH$62 -> 0 | AI64: =IF(IFERROR(HLOOKUP($B64,$F32:$FS32,1,FALSE),0)=0,0,1)*AI$62 -> 0 | AJ64: =IF(IFERROR(HLOOKUP($B64,$F33:$FS33,1,FALSE),0)=0,0,1)*AJ$62 -> 0 | AK64: =IF(IFERROR(HLOOKUP($B64,$F34:$FS34,1,FALSE),0)=0,0,1)*AK$62 -> 0 | AL64: =IF(IFERROR(HLOOKUP($B64,$F35:$FS35,1,FALSE),0)=0,0,1)*AL$62 -> 0 | AM64: =IF(IFERROR(HLOOKUP($B64,$F36:$FS36,1,FALSE),0)=0,0,1)*AM$62 -> 0 | AN64: =IF(IFERROR(HLOOKUP($B64,$F37:$FS37,1,FALSE),0)=0,0,1)*AN$62 -> 0 | AO64: =IF(IFERROR(HLOOKUP($B64,$F38:$FS38,1,FALSE),0)=0,0,1)*AO$62 -> 0 | AP64: =IF(IFERROR(HLOOKUP($B64,$F39:$FS39,1,FALSE),0)=0,0,1)*AP$62 -> 0 | AQ64: =IF(IFERROR(HLOOKUP($B64,$F40:$FS40,1,FALSE),0)=0,0,1)*AQ$62 -> 0 | AR64: =IF(IFERROR(HLOOKUP($B64,$F41:$FS41,1,FALSE),0)=0,0,1)*AR$62 -> 0 | AS64: =IF(IFERROR(HLOOKUP($B64,$F42:$FS42,1,FALSE),0)=0,0,1)*AS$62 -> 0 | AT64: =IF(IFERROR(HLOOKUP($B64,$F43:$FS43,1,FALSE),0)=0,0,1)*AT$62 -> 0 | AU64: =IF(IFERROR(HLOOKUP($B64,$F44:$FS44,1,FALSE),0)=0,0,1)*AU$62 -> 0 | AV64: =IF(IFERROR(HLOOKUP($B64,$F45:$FS45,1,FALSE),0)=0,0,1)*AV$62 -> 0 | AW64: =IF(IFERROR(HLOOKUP($B64,$F46:$FS46,1,FALSE),0)=0,0,1)*AW$62 -> 0 | AX64: =IF(IFERROR(HLOOKUP($B64,$F47:$FS47,1,FALSE),0)=0,0,1)*AX$62 -> 0 | AY64: =IF(IFERROR(HLOOKUP($B64,$F48:$FS48,1,FALSE),0)=0,0,1)*AY$62 -> 0 | AZ64: =IF(IFERROR(HLOOKUP($B64,$F49:$FS49,1,FALSE),0)=0,0,1)*AZ$62 -> 0 | BA64: =IF(IFERROR(HLOOKUP($B64,$F50:$FS50,1,FALSE),0)=0,0,1)*BA$62 -> 0 | BB64: =IF(IFERROR(HLOOKUP($B64,$F51:$FS51,1,FALSE),0)=0,0,1)*BB$62 -> 0 | BC64: =IF(IFERROR(HLOOKUP($B64,$F52:$FS52,1,FALSE),0)=0,0,1)*BC$62 -> 0 | BD64: =IF(IFERROR(HLOOKUP($B64,$F53:$FS53,1,FALSE),0)=0,0,1)*BD$62 -> 0 | BE64: =IF(IFERROR(HLOOKUP($B64,$F54:$FS54,1,FALSE),0)=0,0,1)*BE$62 -> 0 | BF64: =IF(IFERROR(HLOOKUP($B64,$F55:$FS55,1,FALSE),0)=0,0,1)*BF$62 -> 0 | BG64: =IF(IFERROR(HLOOKUP($B64,$F56:$FS56,1,FALSE),0)=0,0,1)*BG$62 -> 0 | BH64: =IF(IFERROR(HLOOKUP($B64,$F57:$FS57,1,FALSE),0)=0,0,1)*BH$62 -> 0 | BI64: =IF(IFERROR(HLOOKUP($B64,$F58:$FS58,1,FALSE),0)=0,0,1)*BI$62 -> 0
A65: 1 | B65: 1.2 | C65: =SUM(E65:BI65) -> 0.18 | D65: =C238 -> 1 | E65: =IF(IFERROR(HLOOKUP($B65,$F2:$FS2,1,FALSE),0)=0,0,1)*E$62 -> 0 | F65: =IF(IFERROR(HLOOKUP($B65,$F3:$FS3,1,FALSE),0)=0,0,1)*F$62 -> 0.18 | G65: =IF(IFERROR(HLOOKUP($B65,$F4:$FS4,1,FALSE),0)=0,0,1)*G$62 -> 0 | H65: =IF(IFERROR(HLOOKUP($B65,$F5:$FS5,1,FALSE),0)=0,0,1)*H$62 -> 0 | I65: =IF(IFERROR(HLOOKUP($B65,$F6:$FS6,1,FALSE),0)=0,0,1)*I$62 -> 0 | J65: =IF(IFERROR(HLOOKUP($B65,$F7:$FS7,1,FALSE),0)=0,0,1)*J$62 -> 0 | K65: =IF(IFERROR(HLOOKUP($B65,$F8:$FS8,1,FALSE),0)=0,0,1)*K$62 -> 0 | L65: =IF(IFERROR(HLOOKUP($B65,$F9:$FS9,1,FALSE),0)=0,0,1)*L$62 -> 0 | M65: =IF(IFERROR(HLOOKUP($B65,$F10:$FS10,1,FALSE),0)=0,0,1)*M$62 -> 0 | N65: =IF(IFERROR(HLOOKUP($B65,$F11:$FS11,1,FALSE),0)=0,0,1)*N$62 -> 0 | O65: =IF(IFERROR(HLOOKUP($B65,$F12:$FS12,1,FALSE),0)=0,0,1)*O$62 -> 0 | P65: =IF(IFERROR(HLOOKUP($B65,$F13:$FS13,1,FALSE),0)=0,0,1)*P$62 -> 0 | Q65: =IF(IFERROR(HLOOKUP($B65,$F14:$FS14,1,FALSE),0)=0,0,1)*Q$62 -> 0 | R65: =IF(IFERROR(HLOOKUP($B65,$F15:$FS15,1,FALSE),0)=0,0,1)*R$62 -> 0 | S65: =IF(IFERROR(HLOOKUP($B65,$F16:$FS16,1,FALSE),0)=0,0,1)*S$62 -> 0 | T65: =IF(IFERROR(HLOOKUP($B65,$F17:$FS17,1,FALSE),0)=0,0,1)*T$62 -> 0 | U65: =IF(IFERROR(HLOOKUP($B65,$F18:$FS18,1,FALSE),0)=0,0,1)*U$62 -> 0 | V65: =IF(IFERROR(HLOOKUP($B65,$F19:$FS19,1,FALSE),0)=0,0,1)*V$62 -> 0 | W65: =IF(IFERROR(HLOOKUP($B65,$F20:$FS20,1,FALSE),0)=0,0,1)*W$62 -> 0 | X65: =IF(IFERROR(HLOOKUP($B65,$F21:$FS21,1,FALSE),0)=0,0,1)*X$62 -> 0 | Y65: =IF(IFERROR(HLOOKUP($B65,$F22:$FS22,1,FALSE),0)=0,0,1)*Y$62 -> 0 | Z65: =IF(IFERROR(HLOOKUP($B65,$F23:$FS23,1,FALSE),0)=0,0,1)*Z$62 -> 0 | AA65: =IF(IFERROR(HLOOKUP($B65,$F24:$FS24,1,FALSE),0)=0,0,1)*AA$62 -> 0 | AB65: =IF(IFERROR(HLOOKUP($B65,$F25:$FS25,1,FALSE),0)=0,0,1)*AB$62 -> 0 | AC65: =IF(IFERROR(HLOOKUP($B65,$F26:$FS26,1,FALSE),0)=0,0,1)*AC$62 -> 0 | AD65: =IF(IFERROR(HLOOKUP($B65,$F27:$FS27,1,FALSE),0)=0,0,1)*AD$62 -> 0 | AE65: =IF(IFERROR(HLOOKUP($B65,$F28:$FS28,1,FALSE),0)=0,0,1)*AE$62 -> 0 | AF65: =IF(IFERROR(HLOOKUP($B65,$F29:$FS29,1,FALSE),0)=0,0,1)*AF$62 -> 0 | AG65: =IF(IFERROR(HLOOKUP($B65,$F30:$FS30,1,FALSE),0)=0,0,1)*AG$62 -> 0 | AH65: =IF(IFERROR(HLOOKUP($B65,$F31:$FS31,1,FALSE),0)=0,0,1)*AH$62 -> 0 | AI65: =IF(IFERROR(HLOOKUP($B65,$F32:$FS32,1,FALSE),0)=0,0,1)*AI$62 -> 0 | AJ65: =IF(IFERROR(HLOOKUP($B65,$F33:$FS33,1,FALSE),0)=0,0,1)*AJ$62 -> 0 | AK65: =IF(IFERROR(HLOOKUP($B65,$F34:$FS34,1,FALSE),0)=0,0,1)*AK$62 -> 0 | AL65: =IF(IFERROR(HLOOKUP($B65,$F35:$FS35,1,FALSE),0)=0,0,1)*AL$62 -> 0 | AM65: =IF(IFERROR(HLOOKUP($B65,$F36:$FS36,1,FALSE),0)=0,0,1)*AM$62 -> 0 | AN65: =IF(IFERROR(HLOOKUP($B65,$F37:$FS37,1,FALSE),0)=0,0,1)*AN$62 -> 0 | AO65: =IF(IFERROR(HLOOKUP($B65,$F38:$FS38,1,FALSE),0)=0,0,1)*AO$62 -> 0 | AP65: =IF(IFERROR(HLOOKUP($B65,$F39:$FS39,1,FALSE),0)=0,0,1)*AP$62 -> 0 | AQ65: =IF(IFERROR(HLOOKUP($B65,$F40:$FS40,1,FALSE),0)=0,0,1)*AQ$62 -> 0 | AR65: =IF(IFERROR(HLOOKUP($B65,$F41:$FS41,1,FALSE),0)=0,0,1)*AR$62 -> 0 | AS65: =IF(IFERROR(HLOOKUP($B65,$F42:$FS42,1,FALSE),0)=0,0,1)*AS$62 -> 0 | AT65: =IF(IFERROR(HLOOKUP($B65,$F43:$FS43,1,FALSE),0)=0,0,1)*AT$62 -> 0 | AU65: =IF(IFERROR(HLOOKUP($B65,$F44:$FS44,1,FALSE),0)=0,0,1)*AU$62 -> 0 | AV65: =IF(IFERROR(HLOOKUP($B65,$F45:$FS45,1,FALSE),0)=0,0,1)*AV$62 -> 0 | AW65: =IF(IFERROR(HLOOKUP($B65,$F46:$FS46,1,FALSE),0)=0,0,1)*AW$62 -> 0 | AX65: =IF(IFERROR(HLOOKUP($B65,$F47:$FS47,1,FALSE),0)=0,0,1)*AX$62 -> 0 | AY65: =IF(IFERROR(HLOOKUP($B65,$F48:$FS48,1,FALSE),0)=0,0,1)*AY$62 -> 0 | AZ65: =IF(IFERROR(HLOOKUP($B65,$F49:$FS49,1,FALSE),0)=0,0,1)*AZ$62 -> 0 | BA65: =IF(IFERROR(HLOOKUP($B65,$F50:$FS50,1,FALSE),0)=0,0,1)*BA$62 -> 0 | BB65: =IF(IFERROR(HLOOKUP($B65,$F51:$FS51,1,FALSE),0)=0,0,1)*BB$62 -> 0 | BC65: =IF(IFERROR(HLOOKUP($B65,$F52:$FS52,1,FALSE),0)=0,0,1)*BC$62 -> 0 | BD65: =IF(IFERROR(HLOOKUP($B65,$F53:$FS53,1,FALSE),0)=0,0,1)*BD$62 -> 0 | BE65: =IF(IFERROR(HLOOKUP($B65,$F54:$FS54,1,FALSE),0)=0,0,1)*BE$62 -> 0 | BF65: =IF(IFERROR(HLOOKUP($B65,$F55:$FS55,1,FALSE),0)=0,0,1)*BF$62 -> 0 | BG65: =IF(IFERROR(HLOOKUP($B65,$F56:$FS56,1,FALSE),0)=0,0,1)*BG$62 -> 0 | BH65: =IF(IFERROR(HLOOKUP($B65,$F57:$FS57,1,FALSE),0)=0,0,1)*BH$62 -> 0 | BI65: =IF(IFERROR(HLOOKUP($B65,$F58:$FS58,1,FALSE),0)=0,0,1)*BI$62 -> 0
A66: 1 | B66: 1.3 | C66: =SUM(E66:BI66) -> 0.18 | D66: =C239 -> 1 | E66: =IF(IFERROR(HLOOKUP($B66,$F2:$FS2,1,FALSE),0)=0,0,1)*E$62 -> 0 | F66: =IF(IFERROR(HLOOKUP($B66,$F3:$FS3,1,FALSE),0)=0,0,1)*F$62 -> 0.18 | G66: =IF(IFERROR(HLOOKUP($B66,$F4:$FS4,1,FALSE),0)=0,0,1)*G$62 -> 0 | H66: =IF(IFERROR(HLOOKUP($B66,$F5:$FS5,1,FALSE),0)=0,0,1)*H$62 -> 0 | I66: =IF(IFERROR(HLOOKUP($B66,$F6:$FS6,1,FALSE),0)=0,0,1)*I$62 -> 0 | J66: =IF(IFERROR(HLOOKUP($B66,$F7:$FS7,1,FALSE),0)=0,0,1)*J$62 -> 0 | K66: =IF(IFERROR(HLOOKUP($B66,$F8:$FS8,1,FALSE),0)=0,0,1)*K$62 -> 0 | L66: =IF(IFERROR(HLOOKUP($B66,$F9:$FS9,1,FALSE),0)=0,0,1)*L$62 -> 0 | M66: =IF(IFERROR(HLOOKUP($B66,$F10:$FS10,1,FALSE),0)=0,0,1)*M$62 -> 0 | N66: =IF(IFERROR(HLOOKUP($B66,$F11:$FS11,1,FALSE),0)=0,0,1)*N$62 -> 0 | O66: =IF(IFERROR(HLOOKUP($B66,$F12:$FS12,1,FALSE),0)=0,0,1)*O$62 -> 0 | P66: =IF(IFERROR(HLOOKUP($B66,$F13:$FS13,1,FALSE),0)=0,0,1)*P$62 -> 0 | Q66: =IF(IFERROR(HLOOKUP($B66,$F14:$FS14,1,FALSE),0)=0,0,1)*Q$62 -> 0 | R66: =IF(IFERROR(HLOOKUP($B66,$F15:$FS15,1,FALSE),0)=0,0,1)*R$62 -> 0 | S66: =IF(IFERROR(HLOOKUP($B66,$F16:$FS16,1,FALSE),0)=0,0,1)*S$62 -> 0 | T66: =IF(IFERROR(HLOOKUP($B66,$F17:$FS17,1,FALSE),0)=0,0,1)*T$62 -> 0 | U66: =IF(IFERROR(HLOOKUP($B66,$F18:$FS18,1,FALSE),0)=0,0,1)*U$62 -> 0 | V66: =IF(IFERROR(HLOOKUP($B66,$F19:$FS19,1,FALSE),0)=0,0,1)*V$62 -> 0 | W66: =IF(IFERROR(HLOOKUP($B66,$F20:$FS20,1,FALSE),0)=0,0,1)*W$62 -> 0 | X66: =IF(IFERROR(HLOOKUP($B66,$F21:$FS21,1,FALSE),0)=0,0,1)*X$62 -> 0 | Y66: =IF(IFERROR(HLOOKUP($B66,$F22:$FS22,1,FALSE),0)=0,0,1)*Y$62 -> 0 | Z66: =IF(IFERROR(HLOOKUP($B66,$F23:$FS23,1,FALSE),0)=0,0,1)*Z$62 -> 0 | AA66: =IF(IFERROR(HLOOKUP($B66,$F24:$FS24,1,FALSE),0)=0,0,1)*AA$62 -> 0 | AB66: =IF(IFERROR(HLOOKUP($B66,$F25:$FS25,1,FALSE),0)=0,0,1)*AB$62 -> 0 | AC66: =IF(IFERROR(HLOOKUP($B66,$F26:$FS26,1,FALSE),0)=0,0,1)*AC$62 -> 0 | AD66: =IF(IFERROR(HLOOKUP($B66,$F27:$FS27,1,FALSE),0)=0,0,1)*AD$62 -> 0 | AE66: =IF(IFERROR(HLOOKUP($B66,$F28:$FS28,1,FALSE),0)=0,0,1)*AE$62 -> 0 | AF66: =IF(IFERROR(HLOOKUP($B66,$F29:$FS29,1,FALSE),0)=0,0,1)*AF$62 -> 0 | AG66: =IF(IFERROR(HLOOKUP($B66,$F30:$FS30,1,FALSE),0)=0,0,1)*AG$62 -> 0 | AH66: =IF(IFERROR(HLOOKUP($B66,$F31:$FS31,1,FALSE),0)=0,0,1)*AH$62 -> 0 | AI66: =IF(IFERROR(HLOOKUP($B66,$F32:$FS32,1,FALSE),0)=0,0,1)*AI$62 -> 0 | AJ66: =IF(IFERROR(HLOOKUP($B66,$F33:$FS33,1,FALSE),0)=0,0,1)*AJ$62 -> 0 | AK66: =IF(IFERROR(HLOOKUP($B66,$F34:$FS34,1,FALSE),0)=0,0,1)*AK$62 -> 0 | AL66: =IF(IFERROR(HLOOKUP($B66,$F35:$FS35,1,FALSE),0)=0,0,1)*AL$62 -> 0 | AM66: =IF(IFERROR(HLOOKUP($B66,$F36:$FS36,1,FALSE),0)=0,0,1)*AM$62 -> 0 | AN66: =IF(IFERROR(HLOOKUP($B66,$F37:$FS37,1,FALSE),0)=0,0,1)*AN$62 -> 0 | AO66: =IF(IFERROR(HLOOKUP($B66,$F38:$FS38,1,FALSE),0)=0,0,1)*AO$62 -> 0 | AP66: =IF(IFERROR(HLOOKUP($B66,$F39:$FS39,1,FALSE),0)=0,0,1)*AP$62 -> 0 | AQ66: =IF(IFERROR(HLOOKUP($B66,$F40:$FS40,1,FALSE),0)=0,0,1)*AQ$62 -> 0 | AR66: =IF(IFERROR(HLOOKUP($B66,$F41:$FS41,1,FALSE),0)=0,0,1)*AR$62 -> 0 | AS66: =IF(IFERROR(HLOOKUP($B66,$F42:$FS42,1,FALSE),0)=0,0,1)*AS$62 -> 0 | AT66: =IF(IFERROR(HLOOKUP($B66,$F43:$FS43,1,FALSE),0)=0,0,1)*AT$62 -> 0 | AU66: =IF(IFERROR(HLOOKUP($B66,$F44:$FS44,1,FALSE),0)=0,0,1)*AU$62 -> 0 | AV66: =IF(IFERROR(HLOOKUP($B66,$F45:$FS45,1,FALSE),0)=0,0,1)*AV$62 -> 0 | AW66: =IF(IFERROR(HLOOKUP($B66,$F46:$FS46,1,FALSE),0)=0,0,1)*AW$62 -> 0 | AX66: =IF(IFERROR(HLOOKUP($B66,$F47:$FS47,1,FALSE),0)=0,0,1)*AX$62 -> 0 | AY66: =IF(IFERROR(HLOOKUP($B66,$F48:$FS48,1,FALSE),0)=0,0,1)*AY$62 -> 0 | AZ66: =IF(IFERROR(HLOOKUP($B66,$F49:$FS49,1,FALSE),0)=0,0,1)*AZ$62 -> 0 | BA66: =IF(IFERROR(HLOOKUP($B66,$F50:$FS50,1,FALSE),0)=0,0,1)*BA$62 -> 0 | BB66: =IF(IFERROR(HLOOKUP($B66,$F51:$FS51,1,FALSE),0)=0,0,1)*BB$62 -> 0 | BC66: =IF(IFERROR(HLOOKUP($B66,$F52:$FS52,1,FALSE),0)=0,0,1)*BC$62 -> 0 | BD66: =IF(IFERROR(HLOOKUP($B66,$F53:$FS53,1,FALSE),0)=0,0,1)*BD$62 -> 0 | BE66: =IF(IFERROR(HLOOKUP($B66,$F54:$FS54,1,FALSE),0)=0,0,1)*BE$62 -> 0 | BF66: =IF(IFERROR(HLOOKUP($B66,$F55:$FS55,1,FALSE),0)=0,0,1)*BF$62 -> 0 | BG66: =IF(IFERROR(HLOOKUP($B66,$F56:$FS56,1,FALSE),0)=0,0,1)*BG$62 -> 0 | BH66: =IF(IFERROR(HLOOKUP($B66,$F57:$FS57,1,FALSE),0)=0,0,1)*BH$62 -> 0 | BI66: =IF(IFERROR(HLOOKUP($B66,$F58:$FS58,1,FALSE),0)=0,0,1)*BI$62 -> 0
A67: 1 | B67: 1.4 | C67: =SUM(E67:BI67) -> 0.18 | D67: =C240 -> 1 | E67: =IF(IFERROR(HLOOKUP($B67,$F2:$FS2,1,FALSE),0)=0,0,1)*E$62 -> 0 | F67: =IF(IFERROR(HLOOKUP($B67,$F3:$FS3,1,FALSE),0)=0,0,1)*F$62 -> 0.18 | G67: =IF(IFERROR(HLOOKUP($B67,$F4:$FS4,1,FALSE),0)=0,0,1)*G$62 -> 0 | H67: =IF(IFERROR(HLOOKUP($B67,$F5:$FS5,1,FALSE),0)=0,0,1)*H$62 -> 0 | I67: =IF(IFERROR(HLOOKUP($B67,$F6:$FS6,1,FALSE),0)=0,0,1)*I$62 -> 0 | J67: =IF(IFERROR(HLOOKUP($B67,$F7:$FS7,1,FALSE),0)=0,0,1)*J$62 -> 0 | K67: =IF(IFERROR(HLOOKUP($B67,$F8:$FS8,1,FALSE),0)=0,0,1)*K$62 -> 0 | L67: =IF(IFERROR(HLOOKUP($B67,$F9:$FS9,1,FALSE),0)=0,0,1)*L$62 -> 0 | M67: =IF(IFERROR(HLOOKUP($B67,$F10:$FS10,1,FALSE),0)=0,0,1)*M$62 -> 0 | N67: =IF(IFERROR(HLOOKUP($B67,$F11:$FS11,1,FALSE),0)=0,0,1)*N$62 -> 0 | O67: =IF(IFERROR(HLOOKUP($B67,$F12:$FS12,1,FALSE),0)=0,0,1)*O$62 -> 0 | P67: =IF(IFERROR(HLOOKUP($B67,$F13:$FS13,1,FALSE),0)=0,0,1)*P$62 -> 0 | Q67: =IF(IFERROR(HLOOKUP($B67,$F14:$FS14,1,FALSE),0)=0,0,1)*Q$62 -> 0 | R67: =IF(IFERROR(HLOOKUP($B67,$F15:$FS15,1,FALSE),0)=0,0,1)*R$62 -> 0 | S67: =IF(IFERROR(HLOOKUP($B67,$F16:$FS16,1,FALSE),0)=0,0,1)*S$62 -> 0 | T67: =IF(IFERROR(HLOOKUP($B67,$F17:$FS17,1,FALSE),0)=0,0,1)*T$62 -> 0 | U67: =IF(IFERROR(HLOOKUP($B67,$F18:$FS18,1,FALSE),0)=0,0,1)*U$62 -> 0 | V67: =IF(IFERROR(HLOOKUP($B67,$F19:$FS19,1,FALSE),0)=0,0,1)*V$62 -> 0 | W67: =IF(IFERROR(HLOOKUP($B67,$F20:$FS20,1,FALSE),0)=0,0,1)*W$62 -> 0 | X67: =IF(IFERROR(HLOOKUP($B67,$F21:$FS21,1,FALSE),0)=0,0,1)*X$62 -> 0 | Y67: =IF(IFERROR(HLOOKUP($B67,$F22:$FS22,1,FALSE),0)=0,0,1)*Y$62 -> 0 | Z67: =IF(IFERROR(HLOOKUP($B67,$F23:$FS23,1,FALSE),0)=0,0,1)*Z$62 -> 0 | AA67: =IF(IFERROR(HLOOKUP($B67,$F24:$FS24,1,FALSE),0)=0,0,1)*AA$62 -> 0 | AB67: =IF(IFERROR(HLOOKUP($B67,$F25:$FS25,1,FALSE),0)=0,0,1)*AB$62 -> 0 | AC67: =IF(IFERROR(HLOOKUP($B67,$F26:$FS26,1,FALSE),0)=0,0,1)*AC$62 -> 0 | AD67: =IF(IFERROR(HLOOKUP($B67,$F27:$FS27,1,FALSE),0)=0,0,1)*AD$62 -> 0 | AE67: =IF(IFERROR(HLOOKUP($B67,$F28:$FS28,1,FALSE),0)=0,0,1)*AE$62 -> 0 | AF67: =IF(IFERROR(HLOOKUP($B67,$F29:$FS29,1,FALSE),0)=0,0,1)*AF$62 -> 0 | AG67: =IF(IFERROR(HLOOKUP($B67,$F30:$FS30,1,FALSE),0)=0,0,1)*AG$62 -> 0 | AH67: =IF(IFERROR(HLOOKUP($B67,$F31:$FS31,1,FALSE),0)=0,0,1)*AH$62 -> 0 | AI67: =IF(IFERROR(HLOOKUP($B67,$F32:$FS32,1,FALSE),0)=0,0,1)*AI$62 -> 0 | AJ67: =IF(IFERROR(HLOOKUP($B67,$F33:$FS33,1,FALSE),0)=0,0,1)*AJ$62 -> 0 | AK67: =IF(IFERROR(HLOOKUP($B67,$F34:$FS34,1,FALSE),0)=0,0,1)*AK$62 -> 0 | AL67: =IF(IFERROR(HLOOKUP($B67,$F35:$FS35,1,FALSE),0)=0,0,1)*AL$62 -> 0 | AM67: =IF(IFERROR(HLOOKUP($B67,$F36:$FS36,1,FALSE),0)=0,0,1)*AM$62 -> 0 | AN67: =IF(IFERROR(HLOOKUP($B67,$F37:$FS37,1,FALSE),0)=0,0,1)*AN$62 -> 0 | AO67: =IF(IFERROR(HLOOKUP($B67,$F38:$FS38,1,FALSE),0)=0,0,1)*AO$62 -> 0 | AP67: =IF(IFERROR(HLOOKUP($B67,$F39:$FS39,1,FALSE),0)=0,0,1)*AP$62 -> 0 | AQ67: =IF(IFERROR(HLOOKUP($B67,$F40:$FS40,1,FALSE),0)=0,0,1)*AQ$62 -> 0 | AR67: =IF(IFERROR(HLOOKUP($B67,$F41:$FS41,1,FALSE),0)=0,0,1)*AR$62 -> 0 | AS67: =IF(IFERROR(HLOOKUP($B67,$F42:$FS42,1,FALSE),0)=0,0,1)*AS$62 -> 0 | AT67: =IF(IFERROR(HLOOKUP($B67,$F43:$FS43,1,FALSE),0)=0,0,1)*AT$62 -> 0 | AU67: =IF(IFERROR(HLOOKUP($B67,$F44:$FS44,1,FALSE),0)=0,0,1)*AU$62 -> 0 | AV67: =IF(IFERROR(HLOOKUP($B67,$F45:$FS45,1,FALSE),0)=0,0,1)*AV$62 -> 0 | AW67: =IF(IFERROR(HLOOKUP($B67,$F46:$FS46,1,FALSE),0)=0,0,1)*AW$62 -> 0 | AX67: =IF(IFERROR(HLOOKUP($B67,$F47:$FS47,1,FALSE),0)=0,0,1)*AX$62 -> 0 | AY67: =IF(IFERROR(HLOOKUP($B67,$F48:$FS48,1,FALSE),0)=0,0,1)*AY$62 -> 0 | AZ67: =IF(IFERROR(HLOOKUP($B67,$F49:$FS49,1,FALSE),0)=0,0,1)*AZ$62 -> 0 | BA67: =IF(IFERROR(HLOOKUP($B67,$F50:$FS50,1,FALSE),0)=0,0,1)*BA$62 -> 0 | BB67: =IF(IFERROR(HLOOKUP($B67,$F51:$FS51,1,FALSE),0)=0,0,1)*BB$62 -> 0 | BC67: =IF(IFERROR(HLOOKUP($B67,$F52:$FS52,1,FALSE),0)=0,0,1)*BC$62 -> 0 | BD67: =IF(IFERROR(HLOOKUP($B67,$F53:$FS53,1,FALSE),0)=0,0,1)*BD$62 -> 0 | BE67: =IF(IFERROR(HLOOKUP($B67,$F54:$FS54,1,FALSE),0)=0,0,1)*BE$62 -> 0 | BF67: =IF(IFERROR(HLOOKUP($B67,$F55:$FS55,1,FALSE),0)=0,0,1)*BF$62 -> 0 | BG67: =IF(IFERROR(HLOOKUP($B67,$F56:$FS56,1,FALSE),0)=0,0,1)*BG$62 -> 0 | BH67: =IF(IFERROR(HLOOKUP($B67,$F57:$FS57,1,FALSE),0)=0,0,1)*BH$62 -> 0 | BI67: =IF(IFERROR(HLOOKUP($B67,$F58:$FS58,1,FALSE),0)=0,0,1)*BI$62 -> 0
A68: 1 | B68: 1.5 | C68: =SUM(E68:BI68) -> 0.18 | D68: =C241 -> 1 | E68: =IF(IFERROR(HLOOKUP($B68,$F2:$FS2,1,FALSE),0)=0,0,1)*E$62 -> 0 | F68: =IF(IFERROR(HLOOKUP($B68,$F3:$FS3,1,FALSE),0)=0,0,1)*F$62 -> 0.18 | G68: =IF(IFERROR(HLOOKUP($B68,$F4:$FS4,1,FALSE),0)=0,0,1)*G$62 -> 0 | H68: =IF(IFERROR(HLOOKUP($B68,$F5:$FS5,1,FALSE),0)=0,0,1)*H$62 -> 0 | I68: =IF(IFERROR(HLOOKUP($B68,$F6:$FS6,1,FALSE),0)=0,0,1)*I$62 -> 0 | J68: =IF(IFERROR(HLOOKUP($B68,$F7:$FS7,1,FALSE),0)=0,0,1)*J$62 -> 0 | K68: =IF(IFERROR(HLOOKUP($B68,$F8:$FS8,1,FALSE),0)=0,0,1)*K$62 -> 0 | L68: =IF(IFERROR(HLOOKUP($B68,$F9:$FS9,1,FALSE),0)=0,0,1)*L$62 -> 0 | M68: =IF(IFERROR(HLOOKUP($B68,$F10:$FS10,1,FALSE),0)=0,0,1)*M$62 -> 0 | N68: =IF(IFERROR(HLOOKUP($B68,$F11:$FS11,1,FALSE),0)=0,0,1)*N$62 -> 0 | O68: =IF(IFERROR(HLOOKUP($B68,$F12:$FS12,1,FALSE),0)=0,0,1)*O$62 -> 0 | P68: =IF(IFERROR(HLOOKUP($B68,$F13:$FS13,1,FALSE),0)=0,0,1)*P$62 -> 0 | Q68: =IF(IFERROR(HLOOKUP($B68,$F14:$FS14,1,FALSE),0)=0,0,1)*Q$62 -> 0 | R68: =IF(IFERROR(HLOOKUP($B68,$F15:$FS15,1,FALSE),0)=0,0,1)*R$62 -> 0 | S68: =IF(IFERROR(HLOOKUP($B68,$F16:$FS16,1,FALSE),0)=0,0,1)*S$62 -> 0 | T68: =IF(IFERROR(HLOOKUP($B68,$F17:$FS17,1,FALSE),0)=0,0,1)*T$62 -> 0 | U68: =IF(IFERROR(HLOOKUP($B68,$F18:$FS18,1,FALSE),0)=0,0,1)*U$62 -> 0 | V68: =IF(IFERROR(HLOOKUP($B68,$F19:$FS19,1,FALSE),0)=0,0,1)*V$62 -> 0 | W68: =IF(IFERROR(HLOOKUP($B68,$F20:$FS20,1,FALSE),0)=0,0,1)*W$62 -> 0 | X68: =IF(IFERROR(HLOOKUP($B68,$F21:$FS21,1,FALSE),0)=0,0,1)*X$62 -> 0 | Y68: =IF(IFERROR(HLOOKUP($B68,$F22:$FS22,1,FALSE),0)=0,0,1)*Y$62 -> 0 | Z68: =IF(IFERROR(HLOOKUP($B68,$F23:$FS23,1,FALSE),0)=0,0,1)*Z$62 -> 0 | AA68: =IF(IFERROR(HLOOKUP($B68,$F24:$FS24,1,FALSE),0)=0,0,1)*AA$62 -> 0 | AB68: =IF(IFERROR(HLOOKUP($B68,$F25:$FS25,1,FALSE),0)=0,0,1)*AB$62 -> 0 | AC68: =IF(IFERROR(HLOOKUP($B68,$F26:$FS26,1,FALSE),0)=0,0,1)*AC$62 -> 0 | AD68: =IF(IFERROR(HLOOKUP($B68,$F27:$FS27,1,FALSE),0)=0,0,1)*AD$62 -> 0 | AE68: =IF(IFERROR(HLOOKUP($B68,$F28:$FS28,1,FALSE),0)=0,0,1)*AE$62 -> 0 | AF68: =IF(IFERROR(HLOOKUP($B68,$F29:$FS29,1,FALSE),0)=0,0,1)*AF$62 -> 0 | AG68: =IF(IFERROR(HLOOKUP($B68,$F30:$FS30,1,FALSE),0)=0,0,1)*AG$62 -> 0 | AH68: =IF(IFERROR(HLOOKUP($B68,$F31:$FS31,1,FALSE),0)=0,0,1)*AH$62 -> 0 | AI68: =IF(IFERROR(HLOOKUP($B68,$F32:$FS32,1,FALSE),0)=0,0,1)*AI$62 -> 0 | AJ68: =IF(IFERROR(HLOOKUP($B68,$F33:$FS33,1,FALSE),0)=0,0,1)*AJ$62 -> 0 | AK68: =IF(IFERROR(HLOOKUP($B68,$F34:$FS34,1,FALSE),0)=0,0,1)*AK$62 -> 0 | AL68: =IF(IFERROR(HLOOKUP($B68,$F35:$FS35,1,FALSE),0)=0,0,1)*AL$62 -> 0 | AM68: =IF(IFERROR(HLOOKUP($B68,$F36:$FS36,1,FALSE),0)=0,0,1)*AM$62 -> 0 | AN68: =IF(IFERROR(HLOOKUP($B68,$F37:$FS37,1,FALSE),0)=0,0,1)*AN$62 -> 0 | AO68: =IF(IFERROR(HLOOKUP($B68,$F38:$FS38,1,FALSE),0)=0,0,1)*AO$62 -> 0 | AP68: =IF(IFERROR(HLOOKUP($B68,$F39:$FS39,1,FALSE),0)=0,0,1)*AP$62 -> 0 | AQ68: =IF(IFERROR(HLOOKUP($B68,$F40:$FS40,1,FALSE),0)=0,0,1)*AQ$62 -> 0 | AR68: =IF(IFERROR(HLOOKUP($B68,$F41:$FS41,1,FALSE),0)=0,0,1)*AR$62 -> 0 | AS68: =IF(IFERROR(HLOOKUP($B68,$F42:$FS42,1,FALSE),0)=0,0,1)*AS$62 -> 0 | AT68: =IF(IFERROR(HLOOKUP($B68,$F43:$FS43,1,FALSE),0)=0,0,1)*AT$62 -> 0 | AU68: =IF(IFERROR(HLOOKUP($B68,$F44:$FS44,1,FALSE),0)=0,0,1)*AU$62 -> 0 | AV68: =IF(IFERROR(HLOOKUP($B68,$F45:$FS45,1,FALSE),0)=0,0,1)*AV$62 -> 0 | AW68: =IF(IFERROR(HLOOKUP($B68,$F46:$FS46,1,FALSE),0)=0,0,1)*AW$62 -> 0 | AX68: =IF(IFERROR(HLOOKUP($B68,$F47:$FS47,1,FALSE),0)=0,0,1)*AX$62 -> 0 | AY68: =IF(IFERROR(HLOOKUP($B68,$F48:$FS48,1,FALSE),0)=0,0,1)*AY$62 -> 0 | AZ68: =IF(IFERROR(HLOOKUP($B68,$F49:$FS49,1,FALSE),0)=0,0,1)*AZ$62 -> 0 | BA68: =IF(IFERROR(HLOOKUP($B68,$F50:$FS50,1,FALSE),0)=0,0,1)*BA$62 -> 0 | BB68: =IF(IFERROR(HLOOKUP($B68,$F51:$FS51,1,FALSE),0)=0,0,1)*BB$62 -> 0 | BC68: =IF(IFERROR(HLOOKUP($B68,$F52:$FS52,1,FALSE),0)=0,0,1)*BC$62 -> 0 | BD68: =IF(IFERROR(HLOOKUP($B68,$F53:$FS53,1,FALSE),0)=0,0,1)*BD$62 -> 0 | BE68: =IF(IFERROR(HLOOKUP($B68,$F54:$FS54,1,FALSE),0)=0,0,1)*BE$62 -> 0 | BF68: =IF(IFERROR(HLOOKUP($B68,$F55:$FS55,1,FALSE),0)=0,0,1)*BF$62 -> 0 | BG68: =IF(IFERROR(HLOOKUP($B68,$F56:$FS56,1,FALSE),0)=0,0,1)*BG$62 -> 0 | BH68: =IF(IFERROR(HLOOKUP($B68,$F57:$FS57,1,FALSE),0)=0,0,1)*BH$62 -> 0 | BI68: =IF(IFERROR(HLOOKUP($B68,$F58:$FS58,1,FALSE),0)=0,0,1)*BI$62 -> 0
A69: 1 | B69: 1.a | C69: =SUM(E69:BI69) -> 0.18 | D69: =C242 -> 1 | E69: =IF(IFERROR(HLOOKUP($B69,$F2:$FS2,1,FALSE),0)=0,0,1)*E$62 -> 0 | F69: =IF(IFERROR(HLOOKUP($B69,$F3:$FS3,1,FALSE),0)=0,0,1)*F$62 -> 0.18 | G69: =IF(IFERROR(HLOOKUP($B69,$F4:$FS4,1,FALSE),0)=0,0,1)*G$62 -> 0 | H69: =IF(IFERROR(HLOOKUP($B69,$F5:$FS5,1,FALSE),0)=0,0,1)*H$62 -> 0 | I69: =IF(IFERROR(HLOOKUP($B69,$F6:$FS6,1,FALSE),0)=0,0,1)*I$62 -> 0 | J69: =IF(IFERROR(HLOOKUP($B69,$F7:$FS7,1,FALSE),0)=0,0,1)*J$62 -> 0 | K69: =IF(IFERROR(HLOOKUP($B69,$F8:$FS8,1,FALSE),0)=0,0,1)*K$62 -> 0 | L69: =IF(IFERROR(HLOOKUP($B69,$F9:$FS9,1,FALSE),0)=0,0,1)*L$62 -> 0 | M69: =IF(IFERROR(HLOOKUP($B69,$F10:$FS10,1,FALSE),0)=0,0,1)*M$62 -> 0 | N69: =IF(IFERROR(HLOOKUP($B69,$F11:$FS11,1,FALSE),0)=0,0,1)*N$62 -> 0 | O69: =IF(IFERROR(HLOOKUP($B69,$F12:$FS12,1,FALSE),0)=0,0,1)*O$62 -> 0 | P69: =IF(IFERROR(HLOOKUP($B69,$F13:$FS13,1,FALSE),0)=0,0,1)*P$62 -> 0 | Q69: =IF(IFERROR(HLOOKUP($B69,$F14:$FS14,1,FALSE),0)=0,0,1)*Q$62 -> 0 | R69: =IF(IFERROR(HLOOKUP($B69,$F15:$FS15,1,FALSE),0)=0,0,1)*R$62 -> 0 | S69: =IF(IFERROR(HLOOKUP($B69,$F16:$FS16,1,FALSE),0)=0,0,1)*S$62 -> 0 | T69: =IF(IFERROR(HLOOKUP($B69,$F17:$FS17,1,FALSE),0)=0,0,1)*T$62 -> 0 | U69: =IF(IFERROR(HLOOKUP($B69,$F18:$FS18,1,FALSE),0)=0,0,1)*U$62 -> 0 | V69: =IF(IFERROR(HLOOKUP($B69,$F19:$FS19,1,FALSE),0)=0,0,1)*V$62 -> 0 | W69: =IF(IFERROR(HLOOKUP($B69,$F20:$FS20,1,FALSE),0)=0,0,1)*W$62 -> 0 | X69: =IF(IFERROR(HLOOKUP($B69,$F21:$FS21,1,FALSE),0)=0,0,1)*X$62 -> 0 | Y69: =IF(IFERROR(HLOOKUP($B69,$F22:$FS22,1,FALSE),0)=0,0,1)*Y$62 -> 0 | Z69: =IF(IFERROR(HLOOKUP($B69,$F23:$FS23,1,FALSE),0)=0,0,1)*Z$62 -> 0 | AA69: =IF(IFERROR(HLOOKUP($B69,$F24:$FS24,1,FALSE),0)=0,0,1)*AA$62 -> 0 | AB69: =IF(IFERROR(HLOOKUP($B69,$F25:$FS25,1,FALSE),0)=0,0,1)*AB$62 -> 0 | AC69: =IF(IFERROR(HLOOKUP($B69,$F26:$FS26,1,FALSE),0)=0,0,1)*AC$62 -> 0 | AD69: =IF(IFERROR(HLOOKUP($B69,$F27:$FS27,1,FALSE),0)=0,0,1)*AD$62 -> 0 | AE69: =IF(IFERROR(HLOOKUP($B69,$F28:$FS28,1,FALSE),0)=0,0,1)*AE$62 -> 0 | AF69: =IF(IFERROR(HLOOKUP($B69,$F29:$FS29,1,FALSE),0)=0,0,1)*AF$62 -> 0 | AG69: =IF(IFERROR(HLOOKUP($B69,$F30:$FS30,1,FALSE),0)=0,0,1)*AG$62 -> 0 | AH69: =IF(IFERROR(HLOOKUP($B69,$F31:$FS31,1,FALSE),0)=0,0,1)*AH$62 -> 0 | AI69: =IF(IFERROR(HLOOKUP($B69,$F32:$FS32,1,FALSE),0)=0,0,1)*AI$62 -> 0 | AJ69: =IF(IFERROR(HLOOKUP($B69,$F33:$FS33,1,FALSE),0)=0,0,1)*AJ$62 -> 0 | AK69: =IF(IFERROR(HLOOKUP($B69,$F34:$FS34,1,FALSE),0)=0,0,1)*AK$62 -> 0 | AL69: =IF(IFERROR(HLOOKUP($B69,$F35:$FS35,1,FALSE),0)=0,0,1)*AL$62 -> 0 | AM69: =IF(IFERROR(HLOOKUP($B69,$F36:$FS36,1,FALSE),0)=0,0,1)*AM$62 -> 0 | AN69: =IF(IFERROR(HLOOKUP($B69,$F37:$FS37,1,FALSE),0)=0,0,1)*AN$62 -> 0 | AO69: =IF(IFERROR(HLOOKUP($B69,$F38:$FS38,1,FALSE),0)=0,0,1)*AO$62 -> 0 | AP69: =IF(IFERROR(HLOOKUP($B69,$F39:$FS39,1,FALSE),0)=0,0,1)*AP$62 -> 0 | AQ69: =IF(IFERROR(HLOOKUP($B69,$F40:$FS40,1,FALSE),0)=0,0,1)*AQ$62 -> 0 | AR69: =IF(IFERROR(HLOOKUP($B69,$F41:$FS41,1,FALSE),0)=0,0,1)*AR$62 -> 0 | AS69: =IF(IFERROR(HLOOKUP($B69,$F42:$FS42,1,FALSE),0)=0,0,1)*AS$62 -> 0 | AT69: =IF(IFERROR(HLOOKUP($B69,$F43:$FS43,1,FALSE),0)=0,0,1)*AT$62 -> 0 | AU69: =IF(IFERROR(HLOOKUP($B69,$F44:$FS44,1,FALSE),0)=0,0,1)*AU$62 -> 0 | AV69: =IF(IFERROR(HLOOKUP($B69,$F45:$FS45,1,FALSE),0)=0,0,1)*AV$62 -> 0 | AW69: =IF(IFERROR(HLOOKUP($B69,$F46:$FS46,1,FALSE),0)=0,0,1)*AW$62 -> 0 | AX69: =IF(IFERROR(HLOOKUP($B69,$F47:$FS47,1,FALSE),0)=0,0,1)*AX$62 -> 0 | AY69: =IF(IFERROR(HLOOKUP($B69,$F48:$FS48,1,FALSE),0)=0,0,1)*AY$62 -> 0 | AZ69: =IF(IFERROR(HLOOKUP($B69,$F49:$FS49,1,FALSE),0)=0,0,1)*AZ$62 -> 0 | BA69: =IF(IFERROR(HLOOKUP($B69,$F50:$FS50,1,FALSE),0)=0,0,1)*BA$62 -> 0 | BB69: =IF(IFERROR(HLOOKUP($B69,$F51:$FS51,1,FALSE),0)=0,0,1)*BB$62 -> 0 | BC69: =IF(IFERROR(HLOOKUP($B69,$F52:$FS52,1,FALSE),0)=0,0,1)*BC$62 -> 0 | BD69: =IF(IFERROR(HLOOKUP($B69,$F53:$FS53,1,FALSE),0)=0,0,1)*BD$62 -> 0 | BE69: =IF(IFERROR(HLOOKUP($B69,$F54:$FS54,1,FALSE),0)=0,0,1)*BE$62 -> 0 | BF69: =IF(IFERROR(HLOOKUP($B69,$F55:$FS55,1,FALSE),0)=0,0,1)*BF$62 -> 0 | BG69: =IF(IFERROR(HLOOKUP($B69,$F56:$FS56,1,FALSE),0)=0,0,1)*BG$62 -> 0 | BH69: =IF(IFERROR(HLOOKUP($B69,$F57:$FS57,1,FALSE),0)=0,0,1)*BH$62 -> 0 | BI69: =IF(IFERROR(HLOOKUP($B69,$F58:$FS58,1,FALSE),0)=0,0,1)*BI$62 -> 0
A70: 1 | B70: 1.b | C70: =SUM(E70:BI70) -> 0.18 | D70: =C243 -> 1 | E70: =IF(IFERROR(HLOOKUP($B70,$F2:$FS2,1,FALSE),0)=0,0,1)*E$62 -> 0 | F70: =IF(IFERROR(HLOOKUP($B70,$F3:$FS3,1,FALSE),0)=0,0,1)*F$62 -> 0.18 | G70: =IF(IFERROR(HLOOKUP($B70,$F4:$FS4,1,FALSE),0)=0,0,1)*G$62 -> 0 | H70: =IF(IFERROR(HLOOKUP($B70,$F5:$FS5,1,FALSE),0)=0,0,1)*H$62 -> 0 | I70: =IF(IFERROR(HLOOKUP($B70,$F6:$FS6,1,FALSE),0)=0,0,1)*I$62 -> 0 | J70: =IF(IFERROR(HLOOKUP($B70,$F7:$FS7,1,FALSE),0)=0,0,1)*J$62 -> 0 | K70: =IF(IFERROR(HLOOKUP($B70,$F8:$FS8,1,FALSE),0)=0,0,1)*K$62 -> 0 | L70: =IF(IFERROR(HLOOKUP($B70,$F9:$FS9,1,FALSE),0)=0,0,1)*L$62 -> 0 | M70: =IF(IFERROR(HLOOKUP($B70,$F10:$FS10,1,FALSE),0)=0,0,1)*M$62 -> 0 | N70: =IF(IFERROR(HLOOKUP($B70,$F11:$FS11,1,FALSE),0)=0,0,1)*N$62 -> 0 | O70: =IF(IFERROR(HLOOKUP($B70,$F12:$FS12,1,FALSE),0)=0,0,1)*O$62 -> 0 | P70: =IF(IFERROR(HLOOKUP($B70,$F13:$FS13,1,FALSE),0)=0,0,1)*P$62 -> 0 | Q70: =IF(IFERROR(HLOOKUP($B70,$F14:$FS14,1,FALSE),0)=0,0,1)*Q$62 -> 0 | R70: =IF(IFERROR(HLOOKUP($B70,$F15:$FS15,1,FALSE),0)=0,0,1)*R$62 -> 0 | S70: =IF(IFERROR(HLOOKUP($B70,$F16:$FS16,1,FALSE),0)=0,0,1)*S$62 -> 0 | T70: =IF(IFERROR(HLOOKUP($B70,$F17:$FS17,1,FALSE),0)=0,0,1)*T$62 -> 0 | U70: =IF(IFERROR(HLOOKUP($B70,$F18:$FS18,1,FALSE),0)=0,0,1)*U$62 -> 0 | V70: =IF(IFERROR(HLOOKUP($B70,$F19:$FS19,1,FALSE),0)=0,0,1)*V$62 -> 0 | W70: =IF(IFERROR(HLOOKUP($B70,$F20:$FS20,1,FALSE),0)=0,0,1)*W$62 -> 0 | X70: =IF(IFERROR(HLOOKUP($B70,$F21:$FS21,1,FALSE),0)=0,0,1)*X$62 -> 0 | Y70: =IF(IFERROR(HLOOKUP($B70,$F22:$FS22,1,FALSE),0)=0,0,1)*Y$62 -> 0 | Z70: =IF(IFERROR(HLOOKUP($B70,$F23:$FS23,1,FALSE),0)=0,0,1)*Z$62 -> 0 | AA70: =IF(IFERROR(HLOOKUP($B70,$F24:$FS24,1,FALSE),0)=0,0,1)*AA$62 -> 0 | AB70: =IF(IFERROR(HLOOKUP($B70,$F25:$FS25,1,FALSE),0)=0,0,1)*AB$62 -> 0 | AC70: =IF(IFERROR(HLOOKUP($B70,$F26:$FS26,1,FALSE),0)=0,0,1)*AC$62 -> 0 | AD70: =IF(IFERROR(HLOOKUP($B70,$F27:$FS27,1,FALSE),0)=0,0,1)*AD$62 -> 0 | AE70: =IF(IFERROR(HLOOKUP($B70,$F28:$FS28,1,FALSE),0)=0,0,1)*AE$62 -> 0 | AF70: =IF(IFERROR(HLOOKUP($B70,$F29:$FS29,1,FALSE),0)=0,0,1)*AF$62 -> 0 | AG70: =IF(IFERROR(HLOOKUP($B70,$F30:$FS30,1,FALSE),0)=0,0,1)*AG$62 -> 0 | AH70: =IF(IFERROR(HLOOKUP($B70,$F31:$FS31,1,FALSE),0)=0,0,1)*AH$62 -> 0 | AI70: =IF(IFERROR(HLOOKUP($B70,$F32:$FS32,1,FALSE),0)=0,0,1)*AI$62 -> 0 | AJ70: =IF(IFERROR(HLOOKUP($B70,$F33:$FS33,1,FALSE),0)=0,0,1)*AJ$62 -> 0 | AK70: =IF(IFERROR(HLOOKUP($B70,$F34:$FS34,1,FALSE),0)=0,0,1)*AK$62 -> 0 | AL70: =IF(IFERROR(HLOOKUP($B70,$F35:$FS35,1,FALSE),0)=0,0,1)*AL$62 -> 0 | AM70: =IF(IFERROR(HLOOKUP($B70,$F36:$FS36,1,FALSE),0)=0,0,1)*AM$62 -> 0 | AN70: =IF(IFERROR(HLOOKUP($B70,$F37:$FS37,1,FALSE),0)=0,0,1)*AN$62 -> 0 | AO70: =IF(IFERROR(HLOOKUP($B70,$F38:$FS38,1,FALSE),0)=0,0,1)*AO$62 -> 0 | AP70: =IF(IFERROR(HLOOKUP($B70,$F39:$FS39,1,FALSE),0)=0,0,1)*AP$62 -> 0 | AQ70: =IF(IFERROR(HLOOKUP($B70,$F40:$FS40,1,FALSE),0)=0,0,1)*AQ$62 -> 0 | AR70: =IF(IFERROR(HLOOKUP($B70,$F41:$FS41,1,FALSE),0)=0,0,1)*AR$62 -> 0 | AS70: =IF(IFERROR(HLOOKUP($B70,$F42:$FS42,1,FALSE),0)=0,0,1)*AS$62 -> 0 | AT70: =IF(IFERROR(HLOOKUP($B70,$F43:$FS43,1,FALSE),0)=0,0,1)*AT$62 -> 0 | AU70: =IF(IFERROR(HLOOKUP($B70,$F44:$FS44,1,FALSE),0)=0,0,1)*AU$62 -> 0 | AV70: =IF(IFERROR(HLOOKUP($B70,$F45:$FS45,1,FALSE),0)=0,0,1)*AV$62 -> 0 | AW70: =IF(IFERROR(HLOOKUP($B70,$F46:$FS46,1,FALSE),0)=0,0,1)*AW$62 -> 0 | AX70: =IF(IFERROR(HLOOKUP($B70,$F47:$FS47,1,FALSE),0)=0,0,1)*AX$62 -> 0 | AY70: =IF(IFERROR(HLOOKUP($B70,$F48:$FS48,1,FALSE),0)=0,0,1)*AY$62 -> 0 | AZ70: =IF(IFERROR(HLOOKUP($B70,$F49:$FS49,1,FALSE),0)=0,0,1)*AZ$62 -> 0 | BA70: =IF(IFERROR(HLOOKUP($B70,$F50:$FS50,1,FALSE),0)=0,0,1)*BA$62 -> 0 | BB70: =IF(IFERROR(HLOOKUP($B70,$F51:$FS51,1,FALSE),0)=0,0,1)*BB$62 -> 0 | BC70: =IF(IFERROR(HLOOKUP($B70,$F52:$FS52,1,FALSE),0)=0,0,1)*BC$62 -> 0 | BD70: =IF(IFERROR(HLOOKUP($B70,$F53:$FS53,1,FALSE),0)=0,0,1)*BD$62 -> 0 | BE70: =IF(IFERROR(HLOOKUP($B70,$F54:$FS54,1,FALSE),0)=0,0,1)*BE$62 -> 0 | BF70: =IF(IFERROR(HLOOKUP($B70,$F55:$FS55,1,FALSE),0)=0,0,1)*BF$62 -> 0 | BG70: =IF(IFERROR(HLOOKUP($B70,$F56:$FS56,1,FALSE),0)=0,0,1)*BG$62 -> 0 | BH70: =IF(IFERROR(HLOOKUP($B70,$F57:$FS57,1,FALSE),0)=0,0,1)*BH$62 -> 0 | BI70: =IF(IFERROR(HLOOKUP($B70,$F58:$FS58,1,FALSE),0)=0,0,1)*BI$62 -> 0
A71: 2 | B71: 2.1 | C71: =SUM(E71:BI71) -> 2.18 | D71: =C244 -> 3 | E71: =IF(IFERROR(HLOOKUP($B71,$F2:$FS2,1,FALSE),0)=0,0,1)*E$62 -> 0 | F71: =IF(IFERROR(HLOOKUP($B71,$F3:$FS3,1,FALSE),0)=0,0,1)*F$62 -> 0.18 | G71: =IF(IFERROR(HLOOKUP($B71,$F4:$FS4,1,FALSE),0)=0,0,1)*G$62 -> 1 | H71: =IF(IFERROR(HLOOKUP($B71,$F5:$FS5,1,FALSE),0)=0,0,1)*H$62 -> 0 | I71: =IF(IFERROR(HLOOKUP($B71,$F6:$FS6,1,FALSE),0)=0,0,1)*I$62 -> 0 | J71: =IF(IFERROR(HLOOKUP($B71,$F7:$FS7,1,FALSE),0)=0,0,1)*J$62 -> 0 | K71: =IF(IFERROR(HLOOKUP($B71,$F8:$FS8,1,FALSE),0)=0,0,1)*K$62 -> 0 | L71: =IF(IFERROR(HLOOKUP($B71,$F9:$FS9,1,FALSE),0)=0,0,1)*L$62 -> 0 | M71: =IF(IFERROR(HLOOKUP($B71,$F10:$FS10,1,FALSE),0)=0,0,1)*M$62 -> 0 | N71: =IF(IFERROR(HLOOKUP($B71,$F11:$FS11,1,FALSE),0)=0,0,1)*N$62 -> 0 | O71: =IF(IFERROR(HLOOKUP($B71,$F12:$FS12,1,FALSE),0)=0,0,1)*O$62 -> 0 | P71: =IF(IFERROR(HLOOKUP($B71,$F13:$FS13,1,FALSE),0)=0,0,1)*P$62 -> 0 | Q71: =IF(IFERROR(HLOOKUP($B71,$F14:$FS14,1,FALSE),0)=0,0,1)*Q$62 -> 0 | R71: =IF(IFERROR(HLOOKUP($B71,$F15:$FS15,1,FALSE),0)=0,0,1)*R$62 -> 0 | S71: =IF(IFERROR(HLOOKUP($B71,$F16:$FS16,1,FALSE),0)=0,0,1)*S$62 -> 0 | T71: =IF(IFERROR(HLOOKUP($B71,$F17:$FS17,1,FALSE),0)=0,0,1)*T$62 -> 0 | U71: =IF(IFERROR(HLOOKUP($B71,$F18:$FS18,1,FALSE),0)=0,0,1)*U$62 -> 0 | V71: =IF(IFERROR(HLOOKUP($B71,$F19:$FS19,1,FALSE),0)=0,0,1)*V$62 -> 0 | W71: =IF(IFERROR(HLOOKUP($B71,$F20:$FS20,1,FALSE),0)=0,0,1)*W$62 -> 0 | X71: =IF(IFERROR(HLOOKUP($B71,$F21:$FS21,1,FALSE),0)=0,0,1)*X$62 -> 0 | Y71: =IF(IFERROR(HLOOKUP($B71,$F22:$FS22,1,FALSE),0)=0,0,1)*Y$62 -> 0 | Z71: =IF(IFERROR(HLOOKUP($B71,$F23:$FS23,1,FALSE),0)=0,0,1)*Z$62 -> 0 | AA71: =IF(IFERROR(HLOOKUP($B71,$F24:$FS24,1,FALSE),0)=0,0,1)*AA$62 -> 0 | AB71: =IF(IFERROR(HLOOKUP($B71,$F25:$FS25,1,FALSE),0)=0,0,1)*AB$62 -> 0 | AC71: =IF(IFERROR(HLOOKUP($B71,$F26:$FS26,1,FALSE),0)=0,0,1)*AC$62 -> 0 | AD71: =IF(IFERROR(HLOOKUP($B71,$F27:$FS27,1,FALSE),0)=0,0,1)*AD$62 -> 0 | AE71: =IF(IFERROR(HLOOKUP($B71,$F28:$FS28,1,FALSE),0)=0,0,1)*AE$62 -> 0 | AF71: =IF(IFERROR(HLOOKUP($B71,$F29:$FS29,1,FALSE),0)=0,0,1)*AF$62 -> 0 | AG71: =IF(IFERROR(HLOOKUP($B71,$F30:$FS30,1,FALSE),0)=0,0,1)*AG$62 -> 0 | AH71: =IF(IFERROR(HLOOKUP($B71,$F31:$FS31,1,FALSE),0)=0,0,1)*AH$62 -> 0 | AI71: =IF(IFERROR(HLOOKUP($B71,$F32:$FS32,1,FALSE),0)=0,0,1)*AI$62 -> 0 | AJ71: =IF(IFERROR(HLOOKUP($B71,$F33:$FS33,1,FALSE),0)=0,0,1)*AJ$62 -> 0 | AK71: =IF(IFERROR(HLOOKUP($B71,$F34:$FS34,1,FALSE),0)=0,0,1)*AK$62 -> 0 | AL71: =IF(IFERROR(HLOOKUP($B71,$F35:$FS35,1,FALSE),0)=0,0,1)*AL$62 -> 0 | AM71: =IF(IFERROR(HLOOKUP($B71,$F36:$FS36,1,FALSE),0)=0,0,1)*AM$62 -> 0 | AN71: =IF(IFERROR(HLOOKUP($B71,$F37:$FS37,1,FALSE),0)=0,0,1)*AN$62 -> 0 | AO71: =IF(IFERROR(HLOOKUP($B71,$F38:$FS38,1,FALSE),0)=0,0,1)*AO$62 -> 0 | AP71: =IF(IFERROR(HLOOKUP($B71,$F39:$FS39,1,FALSE),0)=0,0,1)*AP$62 -> 0 | AQ71: =IF(IFERROR(HLOOKUP($B71,$F40:$FS40,1,FALSE),0)=0,0,1)*AQ$62 -> 1 | AR71: =IF(IFERROR(HLOOKUP($B71,$F41:$FS41,1,FALSE),0)=0,0,1)*AR$62 -> 0 | AS71: =IF(IFERROR(HLOOKUP($B71,$F42:$FS42,1,FALSE),0)=0,0,1)*AS$62 -> 0 | AT71: =IF(IFERROR(HLOOKUP($B71,$F43:$FS43,1,FALSE),0)=0,0,1)*AT$62 -> 0 | AU71: =IF(IFERROR(HLOOKUP($B71,$F44:$FS44,1,FALSE),0)=0,0,1)*AU$62 -> 0 | AV71: =IF(IFERROR(HLOOKUP($B71,$F45:$FS45,1,FALSE),0)=0,0,1)*AV$62 -> 0 | AW71: =IF(IFERROR(HLOOKUP($B71,$F46:$FS46,1,FALSE),0)=0,0,1)*AW$62 -> 0 | AX71: =IF(IFERROR(HLOOKUP($B71,$F47:$FS47,1,FALSE),0)=0,0,1)*AX$62 -> 0 | AY71: =IF(IFERROR(HLOOKUP($B71,$F48:$FS48,1,FALSE),0)=0,0,1)*AY$62 -> 0 | AZ71: =IF(IFERROR(HLOOKUP($B71,$F49:$FS49,1,FALSE),0)=0,0,1)*AZ$62 -> 0 | BA71: =IF(IFERROR(HLOOKUP($B71,$F50:$FS50,1,FALSE),0)=0,0,1)*BA$62 -> 0 | BB71: =IF(IFERROR(HLOOKUP($B71,$F51:$FS51,1,FALSE),0)=0,0,1)*BB$62 -> 0 | BC71: =IF(IFERROR(HLOOKUP($B71,$F52:$FS52,1,FALSE),0)=0,0,1)*BC$62 -> 0 | BD71: =IF(IFERROR(HLOOKUP($B71,$F53:$FS53,1,FALSE),0)=0,0,1)*BD$62 -> 0 | BE71: =IF(IFERROR(HLOOKUP($B71,$F54:$FS54,1,FALSE),0)=0,0,1)*BE$62 -> 0 | BF71: =IF(IFERROR(HLOOKUP($B71,$F55:$FS55,1,FALSE),0)=0,0,1)*BF$62 -> 0 | BG71: =IF(IFERROR(HLOOKUP($B71,$F56:$FS56,1,FALSE),0)=0,0,1)*BG$62 -> 0 | BH71: =IF(IFERROR(HLOOKUP($B71,$F57:$FS57,1,FALSE),0)=0,0,1)*BH$62 -> 0 | BI71: =IF(IFERROR(HLOOKUP($B71,$F58:$FS58,1,FALSE),0)=0,0,1)*BI$62 -> 0
A72: 2 | B72: 2.2 | C72: =SUM(E72:BI72) -> 1.18 | D72: =C245 -> 2 | E72: =IF(IFERROR(HLOOKUP($B72,$F2:$FS2,1,FALSE),0)=0,0,1)*E$62 -> 0 | F72: =IF(IFERROR(HLOOKUP($B72,$F3:$FS3,1,FALSE),0)=0,0,1)*F$62 -> 0.18 | G72: =IF(IFERROR(HLOOKUP($B72,$F4:$FS4,1,FALSE),0)=0,0,1)*G$62 -> 1 | H72: =IF(IFERROR(HLOOKUP($B72,$F5:$FS5,1,FALSE),0)=0,0,1)*H$62 -> 0 | I72: =IF(IFERROR(HLOOKUP($B72,$F6:$FS6,1,FALSE),0)=0,0,1)*I$62 -> 0 | J72: =IF(IFERROR(HLOOKUP($B72,$F7:$FS7,1,FALSE),0)=0,0,1)*J$62 -> 0 | K72: =IF(IFERROR(HLOOKUP($B72,$F8:$FS8,1,FALSE),0)=0,0,1)*K$62 -> 0 | L72: =IF(IFERROR(HLOOKUP($B72,$F9:$FS9,1,FALSE),0)=0,0,1)*L$62 -> 0 | M72: =IF(IFERROR(HLOOKUP($B72,$F10:$FS10,1,FALSE),0)=0,0,1)*M$62 -> 0 | N72: =IF(IFERROR(HLOOKUP($B72,$F11:$FS11,1,FALSE),0)=0,0,1)*N$62 -> 0 | O72: =IF(IFERROR(HLOOKUP($B72,$F12:$FS12,1,FALSE),0)=0,0,1)*O$62 -> 0 | P72: =IF(IFERROR(HLOOKUP($B72,$F13:$FS13,1,FALSE),0)=0,0,1)*P$62 -> 0 | Q72: =IF(IFERROR(HLOOKUP($B72,$F14:$FS14,1,FALSE),0)=0,0,1)*Q$62 -> 0 | R72: =IF(IFERROR(HLOOKUP($B72,$F15:$FS15,1,FALSE),0)=0,0,1)*R$62 -> 0 | S72: =IF(IFERROR(HLOOKUP($B72,$F16:$FS16,1,FALSE),0)=0,0,1)*S$62 -> 0 | T72: =IF(IFERROR(HLOOKUP($B72,$F17:$FS17,1,FALSE),0)=0,0,1)*T$62 -> 0 | U72: =IF(IFERROR(HLOOKUP($B72,$F18:$FS18,1,FALSE),0)=0,0,1)*U$62 -> 0 | V72: =IF(IFERROR(HLOOKUP($B72,$F19:$FS19,1,FALSE),0)=0,0,1)*V$62 -> 0 | W72: =IF(IFERROR(HLOOKUP($B72,$F20:$FS20,1,FALSE),0)=0,0,1)*W$62 -> 0 | X72: =IF(IFERROR(HLOOKUP($B72,$F21:$FS21,1,FALSE),0)=0,0,1)*X$62 -> 0 | Y72: =IF(IFERROR(HLOOKUP($B72,$F22:$FS22,1,FALSE),0)=0,0,1)*Y$62 -> 0 | Z72: =IF(IFERROR(HLOOKUP($B72,$F23:$FS23,1,FALSE),0)=0,0,1)*Z$62 -> 0 | AA72: =IF(IFERROR(HLOOKUP($B72,$F24:$FS24,1,FALSE),0)=0,0,1)*AA$62 -> 0 | AB72: =IF(IFERROR(HLOOKUP($B72,$F25:$FS25,1,FALSE),0)=0,0,1)*AB$62 -> 0 | AC72: =IF(IFERROR(HLOOKUP($B72,$F26:$FS26,1,FALSE),0)=0,0,1)*AC$62 -> 0 | AD72: =IF(IFERROR(HLOOKUP($B72,$F27:$FS27,1,FALSE),0)=0,0,1)*AD$62 -> 0 | AE72: =IF(IFERROR(HLOOKUP($B72,$F28:$FS28,1,FALSE),0)=0,0,1)*AE$62 -> 0 | AF72: =IF(IFERROR(HLOOKUP($B72,$F29:$FS29,1,FALSE),0)=0,0,1)*AF$62 -> 0 | AG72: =IF(IFERROR(HLOOKUP($B72,$F30:$FS30,1,FALSE),0)=0,0,1)*AG$62 -> 0 | AH72: =IF(IFERROR(HLOOKUP($B72,$F31:$FS31,1,FALSE),0)=0,0,1)*AH$62 -> 0 | AI72: =IF(IFERROR(HLOOKUP($B72,$F32:$FS32,1,FALSE),0)=0,0,1)*AI$62 -> 0 | AJ72: =IF(IFERROR(HLOOKUP($B72,$F33:$FS33,1,FALSE),0)=0,0,1)*AJ$62 -> 0 | AK72: =IF(IFERROR(HLOOKUP($B72,$F34:$FS34,1,FALSE),0)=0,0,1)*AK$62 -> 0 | AL72: =IF(IFERROR(HLOOKUP($B72,$F35:$FS35,1,FALSE),0)=0,0,1)*AL$62 -> 0 | AM72: =IF(IFERROR(HLOOKUP($B72,$F36:$FS36,1,FALSE),0)=0,0,1)*AM$62 -> 0 | AN72: =IF(IFERROR(HLOOKUP($B72,$F37:$FS37,1,FALSE),0)=0,0,1)*AN$62 -> 0 | AO72: =IF(IFERROR(HLOOKUP($B72,$F38:$FS38,1,FALSE),0)=0,0,1)*AO$62 -> 0 | AP72: =IF(IFERROR(HLOOKUP($B72,$F39:$FS39,1,FALSE),0)=0,0,1)*AP$62 -> 0 | AQ72: =IF(IFERROR(HLOOKUP($B72,$F40:$FS40,1,FALSE),0)=0,0,1)*AQ$62 -> 0 | AR72: =IF(IFERROR(HLOOKUP($B72,$F41:$FS41,1,FALSE),0)=0,0,1)*AR$62 -> 0 | AS72: =IF(IFERROR(HLOOKUP($B72,$F42:$FS42,1,FALSE),0)=0,0,1)*AS$62 -> 0 | AT72: =IF(IFERROR(HLOOKUP($B72,$F43:$FS43,1,FALSE),0)=0,0,1)*AT$62 -> 0 | AU72: =IF(IFERROR(HLOOKUP($B72,$F44:$FS44,1,FALSE),0)=0,0,1)*AU$62 -> 0 | AV72: =IF(IFERROR(HLOOKUP($B72,$F45:$FS45,1,FALSE),0)=0,0,1)*AV$62 -> 0 | AW72: =IF(IFERROR(HLOOKUP($B72,$F46:$FS46,1,FALSE),0)=0,0,1)*AW$62 -> 0 | AX72: =IF(IFERROR(HLOOKUP($B72,$F47:$FS47,1,FALSE),0)=0,0,1)*AX$62 -> 0 | AY72: =IF(IFERROR(HLOOKUP($B72,$F48:$FS48,1,FALSE),0)=0,0,1)*AY$62 -> 0 | AZ72: =IF(IFERROR(HLOOKUP($B72,$F49:$FS49,1,FALSE),0)=0,0,1)*AZ$62 -> 0 | BA72: =IF(IFERROR(HLOOKUP($B72,$F50:$FS50,1,FALSE),0)=0,0,1)*BA$62 -> 0 | BB72: =IF(IFERROR(HLOOKUP($B72,$F51:$FS51,1,FALSE),0)=0,0,1)*BB$62 -> 0 | BC72: =IF(IFERROR(HLOOKUP($B72,$F52:$FS52,1,FALSE),0)=0,0,1)*BC$62 -> 0 | BD72: =IF(IFERROR(HLOOKUP($B72,$F53:$FS53,1,FALSE),0)=0,0,1)*BD$62 -> 0 | BE72: =IF(IFERROR(HLOOKUP($B72,$F54:$FS54,1,FALSE),0)=0,0,1)*BE$62 -> 0 | BF72: =IF(IFERROR(HLOOKUP($B72,$F55:$FS55,1,FALSE),0)=0,0,1)*BF$62 -> 0 | BG72: =IF(IFERROR(HLOOKUP($B72,$F56:$FS56,1,FALSE),0)=0,0,1)*BG$62 -> 0 | BH72: =IF(IFERROR(HLOOKUP($B72,$F57:$FS57,1,FALSE),0)=0,0,1)*BH$62 -> 0 | BI72: =IF(IFERROR(HLOOKUP($B72,$F58:$FS58,1,FALSE),0)=0,0,1)*BI$62 -> 0
A73: 2 | B73: 2.3 | C73: =SUM(E73:BI73) -> 1.18 | D73: =C246 -> 2 | E73: =IF(IFERROR(HLOOKUP($B73,$F2:$FS2,1,FALSE),0)=0,0,1)*E$62 -> 0 | F73: =IF(IFERROR(HLOOKUP($B73,$F3:$FS3,1,FALSE),0)=0,0,1)*F$62 -> 0.18 | G73: =IF(IFERROR(HLOOKUP($B73,$F4:$FS4,1,FALSE),0)=0,0,1)*G$62 -> 1 | H73: =IF(IFERROR(HLOOKUP($B73,$F5:$FS5,1,FALSE),0)=0,0,1)*H$62 -> 0 | I73: =IF(IFERROR(HLOOKUP($B73,$F6:$FS6,1,FALSE),0)=0,0,1)*I$62 -> 0 | J73: =IF(IFERROR(HLOOKUP($B73,$F7:$FS7,1,FALSE),0)=0,0,1)*J$62 -> 0 | K73: =IF(IFERROR(HLOOKUP($B73,$F8:$FS8,1,FALSE),0)=0,0,1)*K$62 -> 0 | L73: =IF(IFERROR(HLOOKUP($B73,$F9:$FS9,1,FALSE),0)=0,0,1)*L$62 -> 0 | M73: =IF(IFERROR(HLOOKUP($B73,$F10:$FS10,1,FALSE),0)=0,0,1)*M$62 -> 0 | N73: =IF(IFERROR(HLOOKUP($B73,$F11:$FS11,1,FALSE),0)=0,0,1)*N$62 -> 0 | O73: =IF(IFERROR(HLOOKUP($B73,$F12:$FS12,1,FALSE),0)=0,0,1)*O$62 -> 0 | P73: =IF(IFERROR(HLOOKUP($B73,$F13:$FS13,1,FALSE),0)=0,0,1)*P$62 -> 0 | Q73: =IF(IFERROR(HLOOKUP($B73,$F14:$FS14,1,FALSE),0)=0,0,1)*Q$62 -> 0 | R73: =IF(IFERROR(HLOOKUP($B73,$F15:$FS15,1,FALSE),0)=0,0,1)*R$62 -> 0 | S73: =IF(IFERROR(HLOOKUP($B73,$F16:$FS16,1,FALSE),0)=0,0,1)*S$62 -> 0 | T73: =IF(IFERROR(HLOOKUP($B73,$F17:$FS17,1,FALSE),0)=0,0,1)*T$62 -> 0 | U73: =IF(IFERROR(HLOOKUP($B73,$F18:$FS18,1,FALSE),0)=0,0,1)*U$62 -> 0 | V73: =IF(IFERROR(HLOOKUP($B73,$F19:$FS19,1,FALSE),0)=0,0,1)*V$62 -> 0 | W73: =IF(IFERROR(HLOOKUP($B73,$F20:$FS20,1,FALSE),0)=0,0,1)*W$62 -> 0 | X73: =IF(IFERROR(HLOOKUP($B73,$F21:$FS21,1,FALSE),0)=0,0,1)*X$62 -> 0 | Y73: =IF(IFERROR(HLOOKUP($B73,$F22:$FS22,1,FALSE),0)=0,0,1)*Y$62 -> 0 | Z73: =IF(IFERROR(HLOOKUP($B73,$F23:$FS23,1,FALSE),0)=0,0,1)*Z$62 -> 0 | AA73: =IF(IFERROR(HLOOKUP($B73,$F24:$FS24,1,FALSE),0)=0,0,1)*AA$62 -> 0 | AB73: =IF(IFERROR(HLOOKUP($B73,$F25:$FS25,1,FALSE),0)=0,0,1)*AB$62 -> 0 | AC73: =IF(IFERROR(HLOOKUP($B73,$F26:$FS26,1,FALSE),0)=0,0,1)*AC$62 -> 0 | AD73: =IF(IFERROR(HLOOKUP($B73,$F27:$FS27,1,FALSE),0)=0,0,1)*AD$62 -> 0 | AE73: =IF(IFERROR(HLOOKUP($B73,$F28:$FS28,1,FALSE),0)=0,0,1)*AE$62 -> 0 | AF73: =IF(IFERROR(HLOOKUP($B73,$F29:$FS29,1,FALSE),0)=0,0,1)*AF$62 -> 0 | AG73: =IF(IFERROR(HLOOKUP($B73,$F30:$FS30,1,FALSE),0)=0,0,1)*AG$62 -> 0 | AH73: =IF(IFERROR(HLOOKUP($B73,$F31:$FS31,1,FALSE),0)=0,0,1)*AH$62 -> 0 | AI73: =IF(IFERROR(HLOOKUP($B73,$F32:$FS32,1,FALSE),0)=0,0,1)*AI$62 -> 0 | AJ73: =IF(IFERROR(HLOOKUP($B73,$F33:$FS33,1,FALSE),0)=0,0,1)*AJ$62 -> 0 | AK73: =IF(IFERROR(HLOOKUP($B73,$F34:$FS34,1,FALSE),0)=0,0,1)*AK$62 -> 0 | AL73: =IF(IFERROR(HLOOKUP($B73,$F35:$FS35,1,FALSE),0)=0,0,1)*AL$62 -> 0 | AM73: =IF(IFERROR(HLOOKUP($B73,$F36:$FS36,1,FALSE),0)=0,0,1)*AM$62 -> 0 | AN73: =IF(IFERROR(HLOOKUP($B73,$F37:$FS37,1,FALSE),0)=0,0,1)*AN$62 -> 0 | AO73: =IF(IFERROR(HLOOKUP($B73,$F38:$FS38,1,FALSE),0)=0,0,1)*AO$62 -> 0 | AP73: =IF(IFERROR(HLOOKUP($B73,$F39:$FS39,1,FALSE),0)=0,0,1)*AP$62 -> 0 | AQ73: =IF(IFERROR(HLOOKUP($B73,$F40:$FS40,1,FALSE),0)=0,0,1)*AQ$62 -> 0 | AR73: =IF(IFERROR(HLOOKUP($B73,$F41:$FS41,1,FALSE),0)=0,0,1)*AR$62 -> 0 | AS73: =IF(IFERROR(HLOOKUP($B73,$F42:$FS42,1,FALSE),0)=0,0,1)*AS$62 -> 0 | AT73: =IF(IFERROR(HLOOKUP($B73,$F43:$FS43,1,FALSE),0)=0,0,1)*AT$62 -> 0 | AU73: =IF(IFERROR(HLOOKUP($B73,$F44:$FS44,1,FALSE),0)=0,0,1)*AU$62 -> 0 | AV73: =IF(IFERROR(HLOOKUP($B73,$F45:$FS45,1,FALSE),0)=0,0,1)*AV$62 -> 0 | AW73: =IF(IFERROR(HLOOKUP($B73,$F46:$FS46,1,FALSE),0)=0,0,1)*AW$62 -> 0 | AX73: =IF(IFERROR(HLOOKUP($B73,$F47:$FS47,1,FALSE),0)=0,0,1)*AX$62 -> 0 | AY73: =IF(IFERROR(HLOOKUP($B73,$F48:$FS48,1,FALSE),0)=0,0,1)*AY$62 -> 0 | AZ73: =IF(IFERROR(HLOOKUP($B73,$F49:$FS49,1,FALSE),0)=0,0,1)*AZ$62 -> 0 | BA73: =IF(IFERROR(HLOOKUP($B73,$F50:$FS50,1,FALSE),0)=0,0,1)*BA$62 -> 0 | BB73: =IF(IFERROR(HLOOKUP($B73,$F51:$FS51,1,FALSE),0)=0,0,1)*BB$62 -> 0 | BC73: =IF(IFERROR(HLOOKUP($B73,$F52:$FS52,1,FALSE),0)=0,0,1)*BC$62 -> 0 | BD73: =IF(IFERROR(HLOOKUP($B73,$F53:$FS53,1,FALSE),0)=0,0,1)*BD$62 -> 0 | BE73: =IF(IFERROR(HLOOKUP($B73,$F54:$FS54,1,FALSE),0)=0,0,1)*BE$62 -> 0 | BF73: =IF(IFERROR(HLOOKUP($B73,$F55:$FS55,1,FALSE),0)=0,0,1)*BF$62 -> 0 | BG73: =IF(IFERROR(HLOOKUP($B73,$F56:$FS56,1,FALSE),0)=0,0,1)*BG$62 -> 0 | BH73: =IF(IFERROR(HLOOKUP($B73,$F57:$FS57,1,FALSE),0)=0,0,1)*BH$62 -> 0 | BI73: =IF(IFERROR(HLOOKUP($B73,$F58:$FS58,1,FALSE),0)=0,0,1)*BI$62 -> 0
A74: 2 | B74: 2.4 | C74: =SUM(E74:BI74) -> 1.28 | D74: =C247 -> 3 | E74: =IF(IFERROR(HLOOKUP($B74,$F2:$FS2,1,FALSE),0)=0,0,1)*E$62 -> 0 | F74: =IF(IFERROR(HLOOKUP($B74,$F3:$FS3,1,FALSE),0)=0,0,1)*F$62 -> 0.18 | G74: =IF(IFERROR(HLOOKUP($B74,$F4:$FS4,1,FALSE),0)=0,0,1)*G$62 -> 1 | H74: =IF(IFERROR(HLOOKUP($B74,$F5:$FS5,1,FALSE),0)=0,0,1)*H$62 -> 0 | I74: =IF(IFERROR(HLOOKUP($B74,$F6:$FS6,1,FALSE),0)=0,0,1)*I$62 -> 0 | J74: =IF(IFERROR(HLOOKUP($B74,$F7:$FS7,1,FALSE),0)=0,0,1)*J$62 -> 0 | K74: =IF(IFERROR(HLOOKUP($B74,$F8:$FS8,1,FALSE),0)=0,0,1)*K$62 -> 0 | L74: =IF(IFERROR(HLOOKUP($B74,$F9:$FS9,1,FALSE),0)=0,0,1)*L$62 -> 0 | M74: =IF(IFERROR(HLOOKUP($B74,$F10:$FS10,1,FALSE),0)=0,0,1)*M$62 -> 0 | N74: =IF(IFERROR(HLOOKUP($B74,$F11:$FS11,1,FALSE),0)=0,0,1)*N$62 -> 0 | O74: =IF(IFERROR(HLOOKUP($B74,$F12:$FS12,1,FALSE),0)=0,0,1)*O$62 -> 0 | P74: =IF(IFERROR(HLOOKUP($B74,$F13:$FS13,1,FALSE),0)=0,0,1)*P$62 -> 0 | Q74: =IF(IFERROR(HLOOKUP($B74,$F14:$FS14,1,FALSE),0)=0,0,1)*Q$62 -> 0 | R74: =IF(IFERROR(HLOOKUP($B74,$F15:$FS15,1,FALSE),0)=0,0,1)*R$62 -> 0 | S74: =IF(IFERROR(HLOOKUP($B74,$F16:$FS16,1,FALSE),0)=0,0,1)*S$62 -> 0 | T74: =IF(IFERROR(HLOOKUP($B74,$F17:$FS17,1,FALSE),0)=0,0,1)*T$62 -> 0 | U74: =IF(IFERROR(HLOOKUP($B74,$F18:$FS18,1,FALSE),0)=0,0,1)*U$62 -> 0 | V74: =IF(IFERROR(HLOOKUP($B74,$F19:$FS19,1,FALSE),0)=0,0,1)*V$62 -> 0 | W74: =IF(IFERROR(HLOOKUP($B74,$F20:$FS20,1,FALSE),0)=0,0,1)*W$62 -> 0 | X74: =IF(IFERROR(HLOOKUP($B74,$F21:$FS21,1,FALSE),0)=0,0,1)*X$62 -> 0 | Y74: =IF(IFERROR(HLOOKUP($B74,$F22:$FS22,1,FALSE),0)=0,0,1)*Y$62 -> 0 | Z74: =IF(IFERROR(HLOOKUP($B74,$F23:$FS23,1,FALSE),0)=0,0,1)*Z$62 -> 0 | AA74: =IF(IFERROR(HLOOKUP($B74,$F24:$FS24,1,FALSE),0)=0,0,1)*AA$62 -> 0 | AB74: =IF(IFERROR(HLOOKUP($B74,$F25:$FS25,1,FALSE),0)=0,0,1)*AB$62 -> 0 | AC74: =IF(IFERROR(HLOOKUP($B74,$F26:$FS26,1,FALSE),0)=0,0,1)*AC$62 -> 0 | AD74: =IF(IFERROR(HLOOKUP($B74,$F27:$FS27,1,FALSE),0)=0,0,1)*AD$62 -> 0 | AE74: =IF(IFERROR(HLOOKUP($B74,$F28:$FS28,1,FALSE),0)=0,0,1)*AE$62 -> 0 | AF74: =IF(IFERROR(HLOOKUP($B74,$F29:$FS29,1,FALSE),0)=0,0,1)*AF$62 -> 0 | AG74: =IF(IFERROR(HLOOKUP($B74,$F30:$FS30,1,FALSE),0)=0,0,1)*AG$62 -> 0 | AH74: =IF(IFERROR(HLOOKUP($B74,$F31:$FS31,1,FALSE),0)=0,0,1)*AH$62 -> 0.1 | AI74: =IF(IFERROR(HLOOKUP($B74,$F32:$FS32,1,FALSE),0)=0,0,1)*AI$62 -> 0 | AJ74: =IF(IFERROR(HLOOKUP($B74,$F33:$FS33,1,FALSE),0)=0,0,1)*AJ$62 -> 0 | AK74: =IF(IFERROR(HLOOKUP($B74,$F34:$FS34,1,FALSE),0)=0,0,1)*AK$62 -> 0 | AL74: =IF(IFERROR(HLOOKUP($B74,$F35:$FS35,1,FALSE),0)=0,0,1)*AL$62 -> 0 | AM74: =IF(IFERROR(HLOOKUP($B74,$F36:$FS36,1,FALSE),0)=0,0,1)*AM$62 -> 0 | AN74: =IF(IFERROR(HLOOKUP($B74,$F37:$FS37,1,FALSE),0)=0,0,1)*AN$62 -> 0 | AO74: =IF(IFERROR(HLOOKUP($B74,$F38:$FS38,1,FALSE),0)=0,0,1)*AO$62 -> 0 | AP74: =IF(IFERROR(HLOOKUP($B74,$F39:$FS39,1,FALSE),0)=0,0,1)*AP$62 -> 0 | AQ74: =IF(IFERROR(HLOOKUP($B74,$F40:$FS40,1,FALSE),0)=0,0,1)*AQ$62 -> 0 | AR74: =IF(IFERROR(HLOOKUP($B74,$F41:$FS41,1,FALSE),0)=0,0,1)*AR$62 -> 0 | AS74: =IF(IFERROR(HLOOKUP($B74,$F42:$FS42,1,FALSE),0)=0,0,1)*AS$62 -> 0 | AT74: =IF(IFERROR(HLOOKUP($B74,$F43:$FS43,1,FALSE),0)=0,0,1)*AT$62 -> 0 | AU74: =IF(IFERROR(HLOOKUP($B74,$F44:$FS44,1,FALSE),0)=0,0,1)*AU$62 -> 0 | AV74: =IF(IFERROR(HLOOKUP($B74,$F45:$FS45,1,FALSE),0)=0,0,1)*AV$62 -> 0 | AW74: =IF(IFERROR(HLOOKUP($B74,$F46:$FS46,1,FALSE),0)=0,0,1)*AW$62 -> 0 | AX74: =IF(IFERROR(HLOOKUP($B74,$F47:$FS47,1,FALSE),0)=0,0,1)*AX$62 -> 0 | AY74: =IF(IFERROR(HLOOKUP($B74,$F48:$FS48,1,FALSE),0)=0,0,1)*AY$62 -> 0 | AZ74: =IF(IFERROR(HLOOKUP($B74,$F49:$FS49,1,FALSE),0)=0,0,1)*AZ$62 -> 0 | BA74: =IF(IFERROR(HLOOKUP($B74,$F50:$FS50,1,FALSE),0)=0,0,1)*BA$62 -> 0 | BB74: =IF(IFERROR(HLOOKUP($B74,$F51:$FS51,1,FALSE),0)=0,0,1)*BB$62 -> 0 | BC74: =IF(IFERROR(HLOOKUP($B74,$F52:$FS52,1,FALSE),0)=0,0,1)*BC$62 -> 0 | BD74: =IF(IFERROR(HLOOKUP($B74,$F53:$FS53,1,FALSE),0)=0,0,1)*BD$62 -> 0 | BE74: =IF(IFERROR(HLOOKUP($B74,$F54:$FS54,1,FALSE),0)=0,0,1)*BE$62 -> 0 | BF74: =IF(IFERROR(HLOOKUP($B74,$F55:$FS55,1,FALSE),0)=0,0,1)*BF$62 -> 0 | BG74: =IF(IFERROR(HLOOKUP($B74,$F56:$FS56,1,FALSE),0)=0,0,1)*BG$62 -> 0 | BH74: =IF(IFERROR(HLOOKUP($B74,$F57:$FS57,1,FALSE),0)=0,0,1)*BH$62 -> 0 | BI74: =IF(IFERROR(HLOOKUP($B74,$F58:$FS58,1,FALSE),0)=0,0,1)*BI$62 -> 0
A75: 2 | B75: 2.5 | C75: =SUM(E75:BI75) -> 1.18 | D75: =C248 -> 2 | E75: =IF(IFERROR(HLOOKUP($B75,$F2:$FS2,1,FALSE),0)=0,0,1)*E$62 -> 0 | F75: =IF(IFERROR(HLOOKUP($B75,$F3:$FS3,1,FALSE),0)=0,0,1)*F$62 -> 0.18 | G75: =IF(IFERROR(HLOOKUP($B75,$F4:$FS4,1,FALSE),0)=0,0,1)*G$62 -> 1 | H75: =IF(IFERROR(HLOOKUP($B75,$F5:$FS5,1,FALSE),0)=0,0,1)*H$62 -> 0 | I75: =IF(IFERROR(HLOOKUP($B75,$F6:$FS6,1,FALSE),0)=0,0,1)*I$62 -> 0 | J75: =IF(IFERROR(HLOOKUP($B75,$F7:$FS7,1,FALSE),0)=0,0,1)*J$62 -> 0 | K75: =IF(IFERROR(HLOOKUP($B75,$F8:$FS8,1,FALSE),0)=0,0,1)*K$62 -> 0 | L75: =IF(IFERROR(HLOOKUP($B75,$F9:$FS9,1,FALSE),0)=0,0,1)*L$62 -> 0 | M75: =IF(IFERROR(HLOOKUP($B75,$F10:$FS10,1,FALSE),0)=0,0,1)*M$62 -> 0 | N75: =IF(IFERROR(HLOOKUP($B75,$F11:$FS11,1,FALSE),0)=0,0,1)*N$62 -> 0 | O75: =IF(IFERROR(HLOOKUP($B75,$F12:$FS12,1,FALSE),0)=0,0,1)*O$62 -> 0 | P75: =IF(IFERROR(HLOOKUP($B75,$F13:$FS13,1,FALSE),0)=0,0,1)*P$62 -> 0 | Q75: =IF(IFERROR(HLOOKUP($B75,$F14:$FS14,1,FALSE),0)=0,0,1)*Q$62 -> 0 | R75: =IF(IFERROR(HLOOKUP($B75,$F15:$FS15,1,FALSE),0)=0,0,1)*R$62 -> 0 | S75: =IF(IFERROR(HLOOKUP($B75,$F16:$FS16,1,FALSE),0)=0,0,1)*S$62 -> 0 | T75: =IF(IFERROR(HLOOKUP($B75,$F17:$FS17,1,FALSE),0)=0,0,1)*T$62 -> 0 | U75: =IF(IFERROR(HLOOKUP($B75,$F18:$FS18,1,FALSE),0)=0,0,1)*U$62 -> 0 | V75: =IF(IFERROR(HLOOKUP($B75,$F19:$FS19,1,FALSE),0)=0,0,1)*V$62 -> 0 | W75: =IF(IFERROR(HLOOKUP($B75,$F20:$FS20,1,FALSE),0)=0,0,1)*W$62 -> 0 | X75: =IF(IFERROR(HLOOKUP($B75,$F21:$FS21,1,FALSE),0)=0,0,1)*X$62 -> 0 | Y75: =IF(IFERROR(HLOOKUP($B75,$F22:$FS22,1,FALSE),0)=0,0,1)*Y$62 -> 0 | Z75: =IF(IFERROR(HLOOKUP($B75,$F23:$FS23,1,FALSE),0)=0,0,1)*Z$62 -> 0 | AA75: =IF(IFERROR(HLOOKUP($B75,$F24:$FS24,1,FALSE),0)=0,0,1)*AA$62 -> 0 | AB75: =IF(IFERROR(HLOOKUP($B75,$F25:$FS25,1,FALSE),0)=0,0,1)*AB$62 -> 0 | AC75: =IF(IFERROR(HLOOKUP($B75,$F26:$FS26,1,FALSE),0)=0,0,1)*AC$62 -> 0 | AD75: =IF(IFERROR(HLOOKUP($B75,$F27:$FS27,1,FALSE),0)=0,0,1)*AD$62 -> 0 | AE75: =IF(IFERROR(HLOOKUP($B75,$F28:$FS28,1,FALSE),0)=0,0,1)*AE$62 -> 0 | AF75: =IF(IFERROR(HLOOKUP($B75,$F29:$FS29,1,FALSE),0)=0,0,1)*AF$62 -> 0 | AG75: =IF(IFERROR(HLOOKUP($B75,$F30:$FS30,1,FALSE),0)=0,0,1)*AG$62 -> 0 | AH75: =IF(IFERROR(HLOOKUP($B75,$F31:$FS31,1,FALSE),0)=0,0,1)*AH$62 -> 0 | AI75: =IF(IFERROR(HLOOKUP($B75,$F32:$FS32,1,FALSE),0)=0,0,1)*AI$62 -> 0 | AJ75: =IF(IFERROR(HLOOKUP($B75,$F33:$FS33,1,FALSE),0)=0,0,1)*AJ$62 -> 0 | AK75: =IF(IFERROR(HLOOKUP($B75,$F34:$FS34,1,FALSE),0)=0,0,1)*AK$62 -> 0 | AL75: =IF(IFERROR(HLOOKUP($B75,$F35:$FS35,1,FALSE),0)=0,0,1)*AL$62 -> 0 | AM75: =IF(IFERROR(HLOOKUP($B75,$F36:$FS36,1,FALSE),0)=0,0,1)*AM$62 -> 0 | AN75: =IF(IFERROR(HLOOKUP($B75,$F37:$FS37,1,FALSE),0)=0,0,1)*AN$62 -> 0 | AO75: =IF(IFERROR(HLOOKUP($B75,$F38:$FS38,1,FALSE),0)=0,0,1)*AO$62 -> 0 | AP75: =IF(IFERROR(HLOOKUP($B75,$F39:$FS39,1,FALSE),0)=0,0,1)*AP$62 -> 0 | AQ75: =IF(IFERROR(HLOOKUP($B75,$F40:$FS40,1,FALSE),0)=0,0,1)*AQ$62 -> 0 | AR75: =IF(IFERROR(HLOOKUP($B75,$F41:$FS41,1,FALSE),0)=0,0,1)*AR$62 -> 0 | AS75: =IF(IFERROR(HLOOKUP($B75,$F42:$FS42,1,FALSE),0)=0,0,1)*AS$62 -> 0 | AT75: =IF(IFERROR(HLOOKUP($B75,$F43:$FS43,1,FALSE),0)=0,0,1)*AT$62 -> 0 | AU75: =IF(IFERROR(HLOOKUP($B75,$F44:$FS44,1,FALSE),0)=0,0,1)*AU$62 -> 0 | AV75: =IF(IFERROR(HLOOKUP($B75,$F45:$FS45,1,FALSE),0)=0,0,1)*AV$62 -> 0 | AW75: =IF(IFERROR(HLOOKUP($B75,$F46:$FS46,1,FALSE),0)=0,0,1)*AW$62 -> 0 | AX75: =IF(IFERROR(HLOOKUP($B75,$F47:$FS47,1,FALSE),0)=0,0,1)*AX$62 -> 0 | AY75: =IF(IFERROR(HLOOKUP($B75,$F48:$FS48,1,FALSE),0)=0,0,1)*AY$62 -> 0 | AZ75: =IF(IFERROR(HLOOKUP($B75,$F49:$FS49,1,FALSE),0)=0,0,1)*AZ$62 -> 0 | BA75: =IF(IFERROR(HLOOKUP($B75,$F50:$FS50,1,FALSE),0)=0,0,1)*BA$62 -> 0 | BB75: =IF(IFERROR(HLOOKUP($B75,$F51:$FS51,1,FALSE),0)=0,0,1)*BB$62 -> 0 | BC75: =IF(IFERROR(HLOOKUP($B75,$F52:$FS52,1,FALSE),0)=0,0,1)*BC$62 -> 0 | BD75: =IF(IFERROR(HLOOKUP($B75,$F53:$FS53,1,FALSE),0)=0,0,1)*BD$62 -> 0 | BE75: =IF(IFERROR(HLOOKUP($B75,$F54:$FS54,1,FALSE),0)=0,0,1)*BE$62 -> 0 | BF75: =IF(IFERROR(HLOOKUP($B75,$F55:$FS55,1,FALSE),0)=0,0,1)*BF$62 -> 0 | BG75: =IF(IFERROR(HLOOKUP($B75,$F56:$FS56,1,FALSE),0)=0,0,1)*BG$62 -> 0 | BH75: =IF(IFERROR(HLOOKUP($B75,$F57:$FS57,1,FALSE),0)=0,0,1)*BH$62 -> 0 | BI75: =IF(IFERROR(HLOOKUP($B75,$F58:$FS58,1,FALSE),0)=0,0,1)*BI$62 -> 0
A76: 2 | B76: 2.a | C76: =SUM(E76:BI76) -> 3.18 | D76: =C249 -> 4 | E76: =IF(IFERROR(HLOOKUP($B76,$F2:$FS2,1,FALSE),0)=0,0,1)*E$62 -> 0 | F76: =IF(IFERROR(HLOOKUP($B76,$F3:$FS3,1,FALSE),0)=0,0,1)*F$62 -> 0.18 | G76: =IF(IFERROR(HLOOKUP($B76,$F4:$FS4,1,FALSE),0)=0,0,1)*G$62 -> 1 | H76: =IF(IFERROR(HLOOKUP($B76,$F5:$FS5,1,FALSE),0)=0,0,1)*H$62 -> 0 | I76: =IF(IFERROR(HLOOKUP($B76,$F6:$FS6,1,FALSE),0)=0,0,1)*I$62 -> 0 | J76: =IF(IFERROR(HLOOKUP($B76,$F7:$FS7,1,FALSE),0)=0,0,1)*J$62 -> 0 | K76: =IF(IFERROR(HLOOKUP($B76,$F8:$FS8,1,FALSE),0)=0,0,1)*K$62 -> 0 | L76: =IF(IFERROR(HLOOKUP($B76,$F9:$FS9,1,FALSE),0)=0,0,1)*L$62 -> 0 | M76: =IF(IFERROR(HLOOKUP($B76,$F10:$FS10,1,FALSE),0)=0,0,1)*M$62 -> 0 | N76: =IF(IFERROR(HLOOKUP($B76,$F11:$FS11,1,FALSE),0)=0,0,1)*N$62 -> 0 | O76: =IF(IFERROR(HLOOKUP($B76,$F12:$FS12,1,FALSE),0)=0,0,1)*O$62 -> 0 | P76: =IF(IFERROR(HLOOKUP($B76,$F13:$FS13,1,FALSE),0)=0,0,1)*P$62 -> 0 | Q76: =IF(IFERROR(HLOOKUP($B76,$F14:$FS14,1,FALSE),0)=0,0,1)*Q$62 -> 0 | R76: =IF(IFERROR(HLOOKUP($B76,$F15:$FS15,1,FALSE),0)=0,0,1)*R$62 -> 0 | S76: =IF(IFERROR(HLOOKUP($B76,$F16:$FS16,1,FALSE),0)=0,0,1)*S$62 -> 0 | T76: =IF(IFERROR(HLOOKUP($B76,$F17:$FS17,1,FALSE),0)=0,0,1)*T$62 -> 0 | U76: =IF(IFERROR(HLOOKUP($B76,$F18:$FS18,1,FALSE),0)=0,0,1)*U$62 -> 0 | V76: =IF(IFERROR(HLOOKUP($B76,$F19:$FS19,1,FALSE),0)=0,0,1)*V$62 -> 0 | W76: =IF(IFERROR(HLOOKUP($B76,$F20:$FS20,1,FALSE),0)=0,0,1)*W$62 -> 0 | X76: =IF(IFERROR(HLOOKUP($B76,$F21:$FS21,1,FALSE),0)=0,0,1)*X$62 -> 0 | Y76: =IF(IFERROR(HLOOKUP($B76,$F22:$FS22,1,FALSE),0)=0,0,1)*Y$62 -> 0 | Z76: =IF(IFERROR(HLOOKUP($B76,$F23:$FS23,1,FALSE),0)=0,0,1)*Z$62 -> 1 | AA76: =IF(IFERROR(HLOOKUP($B76,$F24:$FS24,1,FALSE),0)=0,0,1)*AA$62 -> 1 | AB76: =IF(IFERROR(HLOOKUP($B76,$F25:$FS25,1,FALSE),0)=0,0,1)*AB$62 -> 0 | AC76: =IF(IFERROR(HLOOKUP($B76,$F26:$FS26,1,FALSE),0)=0,0,1)*AC$62 -> 0 | AD76: =IF(IFERROR(HLOOKUP($B76,$F27:$FS27,1,FALSE),0)=0,0,1)*AD$62 -> 0 | AE76: =IF(IFERROR(HLOOKUP($B76,$F28:$FS28,1,FALSE),0)=0,0,1)*AE$62 -> 0 | AF76: =IF(IFERROR(HLOOKUP($B76,$F29:$FS29,1,FALSE),0)=0,0,1)*AF$62 -> 0 | AG76: =IF(IFERROR(HLOOKUP($B76,$F30:$FS30,1,FALSE),0)=0,0,1)*AG$62 -> 0 | AH76: =IF(IFERROR(HLOOKUP($B76,$F31:$FS31,1,FALSE),0)=0,0,1)*AH$62 -> 0 | AI76: =IF(IFERROR(HLOOKUP($B76,$F32:$FS32,1,FALSE),0)=0,0,1)*AI$62 -> 0 | AJ76: =IF(IFERROR(HLOOKUP($B76,$F33:$FS33,1,FALSE),0)=0,0,1)*AJ$62 -> 0 | AK76: =IF(IFERROR(HLOOKUP($B76,$F34:$FS34,1,FALSE),0)=0,0,1)*AK$62 -> 0 | AL76: =IF(IFERROR(HLOOKUP($B76,$F35:$FS35,1,FALSE),0)=0,0,1)*AL$62 -> 0 | AM76: =IF(IFERROR(HLOOKUP($B76,$F36:$FS36,1,FALSE),0)=0,0,1)*AM$62 -> 0 | AN76: =IF(IFERROR(HLOOKUP($B76,$F37:$FS37,1,FALSE),0)=0,0,1)*AN$62 -> 0 | AO76: =IF(IFERROR(HLOOKUP($B76,$F38:$FS38,1,FALSE),0)=0,0,1)*AO$62 -> 0 | AP76: =IF(IFERROR(HLOOKUP($B76,$F39:$FS39,1,FALSE),0)=0,0,1)*AP$62 -> 0 | AQ76: =IF(IFERROR(HLOOKUP($B76,$F40:$FS40,1,FALSE),0)=0,0,1)*AQ$62 -> 0 | AR76: =IF(IFERROR(HLOOKUP($B76,$F41:$FS41,1,FALSE),0)=0,0,1)*AR$62 -> 0 | AS76: =IF(IFERROR(HLOOKUP($B76,$F42:$FS42,1,FALSE),0)=0,0,1)*AS$62 -> 0 | AT76: =IF(IFERROR(HLOOKUP($B76,$F43:$FS43,1,FALSE),0)=0,0,1)*AT$62 -> 0 | AU76: =IF(IFERROR(HLOOKUP($B76,$F44:$FS44,1,FALSE),0)=0,0,1)*AU$62 -> 0 | AV76: =IF(IFERROR(HLOOKUP($B76,$F45:$FS45,1,FALSE),0)=0,0,1)*AV$62 -> 0 | AW76: =IF(IFERROR(HLOOKUP($B76,$F46:$FS46,1,FALSE),0)=0,0,1)*AW$62 -> 0 | AX76: =IF(IFERROR(HLOOKUP($B76,$F47:$FS47,1,FALSE),0)=0,0,1)*AX$62 -> 0 | AY76: =IF(IFERROR(HLOOKUP($B76,$F48:$FS48,1,FALSE),0)=0,0,1)*AY$62 -> 0 | AZ76: =IF(IFERROR(HLOOKUP($B76,$F49:$FS49,1,FALSE),0)=0,0,1)*AZ$62 -> 0 | BA76: =IF(IFERROR(HLOOKUP($B76,$F50:$FS50,1,FALSE),0)=0,0,1)*BA$62 -> 0 | BB76: =IF(IFERROR(HLOOKUP($B76,$F51:$FS51,1,FALSE),0)=0,0,1)*BB$62 -> 0 | BC76: =IF(IFERROR(HLOOKUP($B76,$F52:$FS52,1,FALSE),0)=0,0,1)*BC$62 -> 0 | BD76: =IF(IFERROR(HLOOKUP($B76,$F53:$FS53,1,FALSE),0)=0,0,1)*BD$62 -> 0 | BE76: =IF(IFERROR(HLOOKUP($B76,$F54:$FS54,1,FALSE),0)=0,0,1)*BE$62 -> 0 | BF76: =IF(IFERROR(HLOOKUP($B76,$F55:$FS55,1,FALSE),0)=0,0,1)*BF$62 -> 0 | BG76: =IF(IFERROR(HLOOKUP($B76,$F56:$FS56,1,FALSE),0)=0,0,1)*BG$62 -> 0 | BH76: =IF(IFERROR(HLOOKUP($B76,$F57:$FS57,1,FALSE),0)=0,0,1)*BH$62 -> 0 | BI76: =IF(IFERROR(HLOOKUP($B76,$F58:$FS58,1,FALSE),0)=0,0,1)*BI$62 -> 0
A77: 2 | B77: 2.b | C77: =SUM(E77:BI77) -> 1.18 | D77: =C250 -> 2 | E77: =IF(IFERROR(HLOOKUP($B77,$F2:$FS2,1,FALSE),0)=0,0,1)*E$62 -> 0 | F77: =IF(IFERROR(HLOOKUP($B77,$F3:$FS3,1,FALSE),0)=0,0,1)*F$62 -> 0.18 | G77: =IF(IFERROR(HLOOKUP($B77,$F4:$FS4,1,FALSE),0)=0,0,1)*G$62 -> 1 | H77: =IF(IFERROR(HLOOKUP($B77,$F5:$FS5,1,FALSE),0)=0,0,1)*H$62 -> 0 | I77: =IF(IFERROR(HLOOKUP($B77,$F6:$FS6,1,FALSE),0)=0,0,1)*I$62 -> 0 | J77: =IF(IFERROR(HLOOKUP($B77,$F7:$FS7,1,FALSE),0)=0,0,1)*J$62 -> 0 | K77: =IF(IFERROR(HLOOKUP($B77,$F8:$FS8,1,FALSE),0)=0,0,1)*K$62 -> 0 | L77: =IF(IFERROR(HLOOKUP($B77,$F9:$FS9,1,FALSE),0)=0,0,1)*L$62 -> 0 | M77: =IF(IFERROR(HLOOKUP($B77,$F10:$FS10,1,FALSE),0)=0,0,1)*M$62 -> 0 | N77: =IF(IFERROR(HLOOKUP($B77,$F11:$FS11,1,FALSE),0)=0,0,1)*N$62 -> 0 | O77: =IF(IFERROR(HLOOKUP($B77,$F12:$FS12,1,FALSE),0)=0,0,1)*O$62 -> 0 | P77: =IF(IFERROR(HLOOKUP($B77,$F13:$FS13,1,FALSE),0)=0,0,1)*P$62 -> 0 | Q77: =IF(IFERROR(HLOOKUP($B77,$F14:$FS14,1,FALSE),0)=0,0,1)*Q$62 -> 0 | R77: =IF(IFERROR(HLOOKUP($B77,$F15:$FS15,1,FALSE),0)=0,0,1)*R$62 -> 0 | S77: =IF(IFERROR(HLOOKUP($B77,$F16:$FS16,1,FALSE),0)=0,0,1)*S$62 -> 0 | T77: =IF(IFERROR(HLOOKUP($B77,$F17:$FS17,1,FALSE),0)=0,0,1)*T$62 -> 0 | U77: =IF(IFERROR(HLOOKUP($B77,$F18:$FS18,1,FALSE),0)=0,0,1)*U$62 -> 0 | V77: =IF(IFERROR(HLOOKUP($B77,$F19:$FS19,1,FALSE),0)=0,0,1)*V$62 -> 0 | W77: =IF(IFERROR(HLOOKUP($B77,$F20:$FS20,1,FALSE),0)=0,0,1)*W$62 -> 0 | X77: =IF(IFERROR(HLOOKUP($B77,$F21:$FS21,1,FALSE),0)=0,0,1)*X$62 -> 0 | Y77: =IF(IFERROR(HLOOKUP($B77,$F22:$FS22,1,FALSE),0)=0,0,1)*Y$62 -> 0 | Z77: =IF(IFERROR(HLOOKUP($B77,$F23:$FS23,1,FALSE),0)=0,0,1)*Z$62 -> 0 | AA77: =IF(IFERROR(HLOOKUP($B77,$F24:$FS24,1,FALSE),0)=0,0,1)*AA$62 -> 0 | AB77: =IF(IFERROR(HLOOKUP($B77,$F25:$FS25,1,FALSE),0)=0,0,1)*AB$62 -> 0 | AC77: =IF(IFERROR(HLOOKUP($B77,$F26:$FS26,1,FALSE),0)=0,0,1)*AC$62 -> 0 | AD77: =IF(IFERROR(HLOOKUP($B77,$F27:$FS27,1,FALSE),0)=0,0,1)*AD$62 -> 0 | AE77: =IF(IFERROR(HLOOKUP($B77,$F28:$FS28,1,FALSE),0)=0,0,1)*AE$62 -> 0 | AF77: =IF(IFERROR(HLOOKUP($B77,$F29:$FS29,1,FALSE),0)=0,0,1)*AF$62 -> 0 | AG77: =IF(IFERROR(HLOOKUP($B77,$F30:$FS30,1,FALSE),0)=0,0,1)*AG$62 -> 0 | AH77: =IF(IFERROR(HLOOKUP($B77,$F31:$FS31,1,FALSE),0)=0,0,1)*AH$62 -> 0 | AI77: =IF(IFERROR(HLOOKUP($B77,$F32:$FS32,1,FALSE),0)=0,0,1)*AI$62 -> 0 | AJ77: =IF(IFERROR(HLOOKUP($B77,$F33:$FS33,1,FALSE),0)=0,0,1)*AJ$62 -> 0 | AK77: =IF(IFERROR(HLOOKUP($B77,$F34:$FS34,1,FALSE),0)=0,0,1)*AK$62 -> 0 | AL77: =IF(IFERROR(HLOOKUP($B77,$F35:$FS35,1,FALSE),0)=0,0,1)*AL$62 -> 0 | AM77: =IF(IFERROR(HLOOKUP($B77,$F36:$FS36,1,FALSE),0)=0,0,1)*AM$62 -> 0 | AN77: =IF(IFERROR(HLOOKUP($B77,$F37:$FS37,1,FALSE),0)=0,0,1)*AN$62 -> 0 | AO77: =IF(IFERROR(HLOOKUP($B77,$F38:$FS38,1,FALSE),0)=0,0,1)*AO$62 -> 0 | AP77: =IF(IFERROR(HLOOKUP($B77,$F39:$FS39,1,FALSE),0)=0,0,1)*AP$62 -> 0 | AQ77: =IF(IFERROR(HLOOKUP($B77,$F40:$FS40,1,FALSE),0)=0,0,1)*AQ$62 -> 0 | AR77: =IF(IFERROR(HLOOKUP($B77,$F41:$FS41,1,FALSE),0)=0,0,1)*AR$62 -> 0 | AS77: =IF(IFERROR(HLOOKUP($B77,$F42:$FS42,1,FALSE),0)=0,0,1)*AS$62 -> 0 | AT77: =IF(IFERROR(HLOOKUP($B77,$F43:$FS43,1,FALSE),0)=0,0,1)*AT$62 -> 0 | AU77: =IF(IFERROR(HLOOKUP($B77,$F44:$FS44,1,FALSE),0)=0,0,1)*AU$62 -> 0 | AV77: =IF(IFERROR(HLOOKUP($B77,$F45:$FS45,1,FALSE),0)=0,0,1)*AV$62 -> 0 | AW77: =IF(IFERROR(HLOOKUP($B77,$F46:$FS46,1,FALSE),0)=0,0,1)*AW$62 -> 0 | AX77: =IF(IFERROR(HLOOKUP($B77,$F47:$FS47,1,FALSE),0)=0,0,1)*AX$62 -> 0 | AY77: =IF(IFERROR(HLOOKUP($B77,$F48:$FS48,1,FALSE),0)=0,0,1)*AY$62 -> 0 | AZ77: =IF(IFERROR(HLOOKUP($B77,$F49:$FS49,1,FALSE),0)=0,0,1)*AZ$62 -> 0 | BA77: =IF(IFERROR(HLOOKUP($B77,$F50:$FS50,1,FALSE),0)=0,0,1)*BA$62 -> 0 | BB77: =IF(IFERROR(HLOOKUP($B77,$F51:$FS51,1,FALSE),0)=0,0,1)*BB$62 -> 0 | BC77: =IF(IFERROR(HLOOKUP($B77,$F52:$FS52,1,FALSE),0)=0,0,1)*BC$62 -> 0 | BD77: =IF(IFERROR(HLOOKUP($B77,$F53:$FS53,1,FALSE),0)=0,0,1)*BD$62 -> 0 | BE77: =IF(IFERROR(HLOOKUP($B77,$F54:$FS54,1,FALSE),0)=0,0,1)*BE$62 -> 0 | BF77: =IF(IFERROR(HLOOKUP($B77,$F55:$FS55,1,FALSE),0)=0,0,1)*BF$62 -> 0 | BG77: =IF(IFERROR(HLOOKUP($B77,$F56:$FS56,1,FALSE),0)=0,0,1)*BG$62 -> 0 | BH77: =IF(IFERROR(HLOOKUP($B77,$F57:$FS57,1,FALSE),0)=0,0,1)*BH$62 -> 0 | BI77: =IF(IFERROR(HLOOKUP($B77,$F58:$FS58,1,FALSE),0)=0,0,1)*BI$62 -> 0
A78: 2 | B78: 2.c | C78: =SUM(E78:BI78) -> 1.18 | D78: =C251 -> 2 | E78: =IF(IFERROR(HLOOKUP($B78,$F2:$FS2,1,FALSE),0)=0,0,1)*E$62 -> 0 | F78: =IF(IFERROR(HLOOKUP($B78,$F3:$FS3,1,FALSE),0)=0,0,1)*F$62 -> 0.18 | G78: =IF(IFERROR(HLOOKUP($B78,$F4:$FS4,1,FALSE),0)=0,0,1)*G$62 -> 1 | H78: =IF(IFERROR(HLOOKUP($B78,$F5:$FS5,1,FALSE),0)=0,0,1)*H$62 -> 0 | I78: =IF(IFERROR(HLOOKUP($B78,$F6:$FS6,1,FALSE),0)=0,0,1)*I$62 -> 0 | J78: =IF(IFERROR(HLOOKUP($B78,$F7:$FS7,1,FALSE),0)=0,0,1)*J$62 -> 0 | K78: =IF(IFERROR(HLOOKUP($B78,$F8:$FS8,1,FALSE),0)=0,0,1)*K$62 -> 0 | L78: =IF(IFERROR(HLOOKUP($B78,$F9:$FS9,1,FALSE),0)=0,0,1)*L$62 -> 0 | M78: =IF(IFERROR(HLOOKUP($B78,$F10:$FS10,1,FALSE),0)=0,0,1)*M$62 -> 0 | N78: =IF(IFERROR(HLOOKUP($B78,$F11:$FS11,1,FALSE),0)=0,0,1)*N$62 -> 0 | O78: =IF(IFERROR(HLOOKUP($B78,$F12:$FS12,1,FALSE),0)=0,0,1)*O$62 -> 0 | P78: =IF(IFERROR(HLOOKUP($B78,$F13:$FS13,1,FALSE),0)=0,0,1)*P$62 -> 0 | Q78: =IF(IFERROR(HLOOKUP($B78,$F14:$FS14,1,FALSE),0)=0,0,1)*Q$62 -> 0 | R78: =IF(IFERROR(HLOOKUP($B78,$F15:$FS15,1,FALSE),0)=0,0,1)*R$62 -> 0 | S78: =IF(IFERROR(HLOOKUP($B78,$F16:$FS16,1,FALSE),0)=0,0,1)*S$62 -> 0 | T78: =IF(IFERROR(HLOOKUP($B78,$F17:$FS17,1,FALSE),0)=0,0,1)*T$62 -> 0 | U78: =IF(IFERROR(HLOOKUP($B78,$F18:$FS18,1,FALSE),0)=0,0,1)*U$62 -> 0 | V78: =IF(IFERROR(HLOOKUP($B78,$F19:$FS19,1,FALSE),0)=0,0,1)*V$62 -> 0 | W78: =IF(IFERROR(HLOOKUP($B78,$F20:$FS20,1,FALSE),0)=0,0,1)*W$62 -> 0 | X78: =IF(IFERROR(HLOOKUP($B78,$F21:$FS21,1,FALSE),0)=0,0,1)*X$62 -> 0 | Y78: =IF(IFERROR(HLOOKUP($B78,$F22:$FS22,1,FALSE),0)=0,0,1)*Y$62 -> 0 | Z78: =IF(IFERROR(HLOOKUP($B78,$F23:$FS23,1,FALSE),0)=0,0,1)*Z$62 -> 0 | AA78: =IF(IFERROR(HLOOKUP($B78,$F24:$FS24,1,FALSE),0)=0,0,1)*AA$62 -> 0 | AB78: =IF(IFERROR(HLOOKUP($B78,$F25:$FS25,1,FALSE),0)=0,0,1)*AB$62 -> 0 | AC78: =IF(IFERROR(HLOOKUP($B78,$F26:$FS26,1,FALSE),0)=0,0,1)*AC$62 -> 0 | AD78: =IF(IFERROR(HLOOKUP($B78,$F27:$FS27,1,FALSE),0)=0,0,1)*AD$62 -> 0 | AE78: =IF(IFERROR(HLOOKUP($B78,$F28:$FS28,1,FALSE),0)=0,0,1)*AE$62 -> 0 | AF78: =IF(IFERROR(HLOOKUP($B78,$F29:$FS29,1,FALSE),0)=0,0,1)*AF$62 -> 0 | AG78: =IF(IFERROR(HLOOKUP($B78,$F30:$FS30,1,FALSE),0)=0,0,1)*AG$62 -> 0 | AH78: =IF(IFERROR(HLOOKUP($B78,$F31:$FS31,1,FALSE),0)=0,0,1)*AH$62 -> 0 | AI78: =IF(IFERROR(HLOOKUP($B78,$F32:$FS32,1,FALSE),0)=0,0,1)*AI$62 -> 0 | AJ78: =IF(IFERROR(HLOOKUP($B78,$F33:$FS33,1,FALSE),0)=0,0,1)*AJ$62 -> 0 | AK78: =IF(IFERROR(HLOOKUP($B78,$F34:$FS34,1,FALSE),0)=0,0,1)*AK$62 -> 0 | AL78: =IF(IFERROR(HLOOKUP($B78,$F35:$FS35,1,FALSE),0)=0,0,1)*AL$62 -> 0 | AM78: =IF(IFERROR(HLOOKUP($B78,$F36:$FS36,1,FALSE),0)=0,0,1)*AM$62 -> 0 | AN78: =IF(IFERROR(HLOOKUP($B78,$F37:$FS37,1,FALSE),0)=0,0,1)*AN$62 -> 0 | AO78: =IF(IFERROR(HLOOKUP($B78,$F38:$FS38,1,FALSE),0)=0,0,1)*AO$62 -> 0 | AP78: =IF(IFERROR(HLOOKUP($B78,$F39:$FS39,1,FALSE),0)=0,0,1)*AP$62 -> 0 | AQ78: =IF(IFERROR(HLOOKUP($B78,$F40:$FS40,1,FALSE),0)=0,0,1)*AQ$62 -> 0 | AR78: =IF(IFERROR(HLOOKUP($B78,$F41:$FS41,1,FALSE),0)=0,0,1)*AR$62 -> 0 | AS78: =IF(IFERROR(HLOOKUP($B78,$F42:$FS42,1,FALSE),0)=0,0,1)*AS$62 -> 0 | AT78: =IF(IFERROR(HLOOKUP($B78,$F43:$FS43,1,FALSE),0)=0,0,1)*AT$62 -> 0 | AU78: =IF(IFERROR(HLOOKUP($B78,$F44:$FS44,1,FALSE),0)=0,0,1)*AU$62 -> 0 | AV78: =IF(IFERROR(HLOOKUP($B78,$F45:$FS45,1,FALSE),0)=0,0,1)*AV$62 -> 0 | AW78: =IF(IFERROR(HLOOKUP($B78,$F46:$FS46,1,FALSE),0)=0,0,1)*AW$62 -> 0 | AX78: =IF(IFERROR(HLOOKUP($B78,$F47:$FS47,1,FALSE),0)=0,0,1)*AX$62 -> 0 | AY78: =IF(IFERROR(HLOOKUP($B78,$F48:$FS48,1,FALSE),0)=0,0,1)*AY$62 -> 0 | AZ78: =IF(IFERROR(HLOOKUP($B78,$F49:$FS49,1,FALSE),0)=0,0,1)*AZ$62 -> 0 | BA78: =IF(IFERROR(HLOOKUP($B78,$F50:$FS50,1,FALSE),0)=0,0,1)*BA$62 -> 0 | BB78: =IF(IFERROR(HLOOKUP($B78,$F51:$FS51,1,FALSE),0)=0,0,1)*BB$62 -> 0 | BC78: =IF(IFERROR(HLOOKUP($B78,$F52:$FS52,1,FALSE),0)=0,0,1)*BC$62 -> 0 | BD78: =IF(IFERROR(HLOOKUP($B78,$F53:$FS53,1,FALSE),0)=0,0,1)*BD$62 -> 0 | BE78: =IF(IFERROR(HLOOKUP($B78,$F54:$FS54,1,FALSE),0)=0,0,1)*BE$62 -> 0 | BF78: =IF(IFERROR(HLOOKUP($B78,$F55:$FS55,1,FALSE),0)=0,0,1)*BF$62 -> 0 | BG78: =IF(IFERROR(HLOOKUP($B78,$F56:$FS56,1,FALSE),0)=0,0,1)*BG$62 -> 0 | BH78: =IF(IFERROR(HLOOKUP($B78,$F57:$FS57,1,FALSE),0)=0,0,1)*BH$62 -> 0 | BI78: =IF(IFERROR(HLOOKUP($B78,$F58:$FS58,1,FALSE),0)=0,0,1)*BI$62 -> 0
A79: 3 | B79: 3.1 | C79: =SUM(E79:BI79) -> 0.18 | D79: =C252 -> 1 | E79: =IF(IFERROR(HLOOKUP($B79,$F2:$FS2,1,FALSE),0)=0,0,1)*E$62 -> 0 | F79: =IF(IFERROR(HLOOKUP($B79,$F3:$FS3,1,FALSE),0)=0,0,1)*F$62 -> 0.18 | G79: =IF(IFERROR(HLOOKUP($B79,$F4:$FS4,1,FALSE),0)=0,0,1)*G$62 -> 0 | H79: =IF(IFERROR(HLOOKUP($B79,$F5:$FS5,1,FALSE),0)=0,0,1)*H$62 -> 0 | I79: =IF(IFERROR(HLOOKUP($B79,$F6:$FS6,1,FALSE),0)=0,0,1)*I$62 -> 0 | J79: =IF(IFERROR(HLOOKUP($B79,$F7:$FS7,1,FALSE),0)=0,0,1)*J$62 -> 0 | K79: =IF(IFERROR(HLOOKUP($B79,$F8:$FS8,1,FALSE),0)=0,0,1)*K$62 -> 0 | L79: =IF(IFERROR(HLOOKUP($B79,$F9:$FS9,1,FALSE),0)=0,0,1)*L$62 -> 0 | M79: =IF(IFERROR(HLOOKUP($B79,$F10:$FS10,1,FALSE),0)=0,0,1)*M$62 -> 0 | N79: =IF(IFERROR(HLOOKUP($B79,$F11:$FS11,1,FALSE),0)=0,0,1)*N$62 -> 0 | O79: =IF(IFERROR(HLOOKUP($B79,$F12:$FS12,1,FALSE),0)=0,0,1)*O$62 -> 0 | P79: =IF(IFERROR(HLOOKUP($B79,$F13:$FS13,1,FALSE),0)=0,0,1)*P$62 -> 0 | Q79: =IF(IFERROR(HLOOKUP($B79,$F14:$FS14,1,FALSE),0)=0,0,1)*Q$62 -> 0 | R79: =IF(IFERROR(HLOOKUP($B79,$F15:$FS15,1,FALSE),0)=0,0,1)*R$62 -> 0 | S79: =IF(IFERROR(HLOOKUP($B79,$F16:$FS16,1,FALSE),0)=0,0,1)*S$62 -> 0 | T79: =IF(IFERROR(HLOOKUP($B79,$F17:$FS17,1,FALSE),0)=0,0,1)*T$62 -> 0 | U79: =IF(IFERROR(HLOOKUP($B79,$F18:$FS18,1,FALSE),0)=0,0,1)*U$62 -> 0 | V79: =IF(IFERROR(HLOOKUP($B79,$F19:$FS19,1,FALSE),0)=0,0,1)*V$62 -> 0 | W79: =IF(IFERROR(HLOOKUP($B79,$F20:$FS20,1,FALSE),0)=0,0,1)*W$62 -> 0 | X79: =IF(IFERROR(HLOOKUP($B79,$F21:$FS21,1,FALSE),0)=0,0,1)*X$62 -> 0 | Y79: =IF(IFERROR(HLOOKUP($B79,$F22:$FS22,1,FALSE),0)=0,0,1)*Y$62 -> 0 | Z79: =IF(IFERROR(HLOOKUP($B79,$F23:$FS23,1,FALSE),0)=0,0,1)*Z$62 -> 0 | AA79: =IF(IFERROR(HLOOKUP($B79,$F24:$FS24,1,FALSE),0)=0,0,1)*AA$62 -> 0 | AB79: =IF(IFERROR(HLOOKUP($B79,$F25:$FS25,1,FALSE),0)=0,0,1)*AB$62 -> 0 | AC79: =IF(IFERROR(HLOOKUP($B79,$F26:$FS26,1,FALSE),0)=0,0,1)*AC$62 -> 0 | AD79: =IF(IFERROR(HLOOKUP($B79,$F27:$FS27,1,FALSE),0)=0,0,1)*AD$62 -> 0 | AE79: =IF(IFERROR(HLOOKUP($B79,$F28:$FS28,1,FALSE),0)=0,0,1)*AE$62 -> 0 | AF79: =IF(IFERROR(HLOOKUP($B79,$F29:$FS29,1,FALSE),0)=0,0,1)*AF$62 -> 0 | AG79: =IF(IFERROR(HLOOKUP($B79,$F30:$FS30,1,FALSE),0)=0,0,1)*AG$62 -> 0 | AH79: =IF(IFERROR(HLOOKUP($B79,$F31:$FS31,1,FALSE),0)=0,0,1)*AH$62 -> 0 | AI79: =IF(IFERROR(HLOOKUP($B79,$F32:$FS32,1,FALSE),0)=0,0,1)*AI$62 -> 0 | AJ79: =IF(IFERROR(HLOOKUP($B79,$F33:$FS33,1,FALSE),0)=0,0,1)*AJ$62 -> 0 | AK79: =IF(IFERROR(HLOOKUP($B79,$F34:$FS34,1,FALSE),0)=0,0,1)*AK$62 -> 0 | AL79: =IF(IFERROR(HLOOKUP($B79,$F35:$FS35,1,FALSE),0)=0,0,1)*AL$62 -> 0 | AM79: =IF(IFERROR(HLOOKUP($B79,$F36:$FS36,1,FALSE),0)=0,0,1)*AM$62 -> 0 | AN79: =IF(IFERROR(HLOOKUP($B79,$F37:$FS37,1,FALSE),0)=0,0,1)*AN$62 -> 0 | AO79: =IF(IFERROR(HLOOKUP($B79,$F38:$FS38,1,FALSE),0)=0,0,1)*AO$62 -> 0 | AP79: =IF(IFERROR(HLOOKUP($B79,$F39:$FS39,1,FALSE),0)=0,0,1)*AP$62 -> 0 | AQ79: =IF(IFERROR(HLOOKUP($B79,$F40:$FS40,1,FALSE),0)=0,0,1)*AQ$62 -> 0 | AR79: =IF(IFERROR(HLOOKUP($B79,$F41:$FS41,1,FALSE),0)=0,0,1)*AR$62 -> 0 | AS79: =IF(IFERROR(HLOOKUP($B79,$F42:$FS42,1,FALSE),0)=0,0,1)*AS$62 -> 0 | AT79: =IF(IFERROR(HLOOKUP($B79,$F43:$FS43,1,FALSE),0)=0,0,1)*AT$62 -> 0 | AU79: =IF(IFERROR(HLOOKUP($B79,$F44:$FS44,1,FALSE),0)=0,0,1)*AU$62 -> 0 | AV79: =IF(IFERROR(HLOOKUP($B79,$F45:$FS45,1,FALSE),0)=0,0,1)*AV$62 -> 0 | AW79: =IF(IFERROR(HLOOKUP($B79,$F46:$FS46,1,FALSE),0)=0,0,1)*AW$62 -> 0 | AX79: =IF(IFERROR(HLOOKUP($B79,$F47:$FS47,1,FALSE),0)=0,0,1)*AX$62 -> 0 | AY79: =IF(IFERROR(HLOOKUP($B79,$F48:$FS48,1,FALSE),0)=0,0,1)*AY$62 -> 0 | AZ79: =IF(IFERROR(HLOOKUP($B79,$F49:$FS49,1,FALSE),0)=0,0,1)*AZ$62 -> 0 | BA79: =IF(IFERROR(HLOOKUP($B79,$F50:$FS50,1,FALSE),0)=0,0,1)*BA$62 -> 0 | BB79: =IF(IFERROR(HLOOKUP($B79,$F51:$FS51,1,FALSE),0)=0,0,1)*BB$62 -> 0 | BC79: =IF(IFERROR(HLOOKUP($B79,$F52:$FS52,1,FALSE),0)=0,0,1)*BC$62 -> 0 | BD79: =IF(IFERROR(HLOOKUP($B79,$F53:$FS53,1,FALSE),0)=0,0,1)*BD$62 -> 0 | BE79: =IF(IFERROR(HLOOKUP($B79,$F54:$FS54,1,FALSE),0)=0,0,1)*BE$62 -> 0 | BF79: =IF(IFERROR(HLOOKUP($B79,$F55:$FS55,1,FALSE),0)=0,0,1)*BF$62 -> 0 | BG79: =IF(IFERROR(HLOOKUP($B79,$F56:$FS56,1,FALSE),0)=0,0,1)*BG$62 -> 0 | BH79: =IF(IFERROR(HLOOKUP($B79,$F57:$FS57,1,FALSE),0)=0,0,1)*BH$62 -> 0 | BI79: =IF(IFERROR(HLOOKUP($B79,$F58:$FS58,1,FALSE),0)=0,0,1)*BI$62 -> 0
A80: 3 | B80: 3.2 | C80: =SUM(E80:BI80) -> 0.18 | D80: =C253 -> 1 | E80: =IF(IFERROR(HLOOKUP($B80,$F2:$FS2,1,FALSE),0)=0,0,1)*E$62 -> 0 | F80: =IF(IFERROR(HLOOKUP($B80,$F3:$FS3,1,FALSE),0)=0,0,1)*F$62 -> 0.18 | G80: =IF(IFERROR(HLOOKUP($B80,$F4:$FS4,1,FALSE),0)=0,0,1)*G$62 -> 0 | H80: =IF(IFERROR(HLOOKUP($B80,$F5:$FS5,1,FALSE),0)=0,0,1)*H$62 -> 0 | I80: =IF(IFERROR(HLOOKUP($B80,$F6:$FS6,1,FALSE),0)=0,0,1)*I$62 -> 0 | J80: =IF(IFERROR(HLOOKUP($B80,$F7:$FS7,1,FALSE),0)=0,0,1)*J$62 -> 0 | K80: =IF(IFERROR(HLOOKUP($B80,$F8:$FS8,1,FALSE),0)=0,0,1)*K$62 -> 0 | L80: =IF(IFERROR(HLOOKUP($B80,$F9:$FS9,1,FALSE),0)=0,0,1)*L$62 -> 0 | M80: =IF(IFERROR(HLOOKUP($B80,$F10:$FS10,1,FALSE),0)=0,0,1)*M$62 -> 0 | N80: =IF(IFERROR(HLOOKUP($B80,$F11:$FS11,1,FALSE),0)=0,0,1)*N$62 -> 0 | O80: =IF(IFERROR(HLOOKUP($B80,$F12:$FS12,1,FALSE),0)=0,0,1)*O$62 -> 0 | P80: =IF(IFERROR(HLOOKUP($B80,$F13:$FS13,1,FALSE),0)=0,0,1)*P$62 -> 0 | Q80: =IF(IFERROR(HLOOKUP($B80,$F14:$FS14,1,FALSE),0)=0,0,1)*Q$62 -> 0 | R80: =IF(IFERROR(HLOOKUP($B80,$F15:$FS15,1,FALSE),0)=0,0,1)*R$62 -> 0 | S80: =IF(IFERROR(HLOOKUP($B80,$F16:$FS16,1,FALSE),0)=0,0,1)*S$62 -> 0 | T80: =IF(IFERROR(HLOOKUP($B80,$F17:$FS17,1,FALSE),0)=0,0,1)*T$62 -> 0 | U80: =IF(IFERROR(HLOOKUP($B80,$F18:$FS18,1,FALSE),0)=0,0,1)*U$62 -> 0 | V80: =IF(IFERROR(HLOOKUP($B80,$F19:$FS19,1,FALSE),0)=0,0,1)*V$62 -> 0 | W80: =IF(IFERROR(HLOOKUP($B80,$F20:$FS20,1,FALSE),0)=0,0,1)*W$62 -> 0 | X80: =IF(IFERROR(HLOOKUP($B80,$F21:$FS21,1,FALSE),0)=0,0,1)*X$62 -> 0 | Y80: =IF(IFERROR(HLOOKUP($B80,$F22:$FS22,1,FALSE),0)=0,0,1)*Y$62 -> 0 | Z80: =IF(IFERROR(HLOOKUP($B80,$F23:$FS23,1,FALSE),0)=0,0,1)*Z$62 -> 0 | AA80: =IF(IFERROR(HLOOKUP($B80,$F24:$FS24,1,FALSE),0)=0,0,1)*AA$62 -> 0 | AB80: =IF(IFERROR(HLOOKUP($B80,$F25:$FS25,1,FALSE),0)=0,0,1)*AB$62 -> 0 | AC80: =IF(IFERROR(HLOOKUP($B80,$F26:$FS26,1,FALSE),0)=0,0,1)*AC$62 -> 0 | AD80: =IF(IFERROR(HLOOKUP($B80,$F27:$FS27,1,FALSE),0)=0,0,1)*AD$62 -> 0 | AE80: =IF(IFERROR(HLOOKUP($B80,$F28:$FS28,1,FALSE),0)=0,0,1)*AE$62 -> 0 | AF80: =IF(IFERROR(HLOOKUP($B80,$F29:$FS29,1,FALSE),0)=0,0,1)*AF$62 -> 0 | AG80: =IF(IFERROR(HLOOKUP($B80,$F30:$FS30,1,FALSE),0)=0,0,1)*AG$62 -> 0 | AH80: =IF(IFERROR(HLOOKUP($B80,$F31:$FS31,1,FALSE),0)=0,0,1)*AH$62 -> 0 | AI80: =IF(IFERROR(HLOOKUP($B80,$F32:$FS32,1,FALSE),0)=0,0,1)*AI$62 -> 0 | AJ80: =IF(IFERROR(HLOOKUP($B80,$F33:$FS33,1,FALSE),0)=0,0,1)*AJ$62 -> 0 | AK80: =IF(IFERROR(HLOOKUP($B80,$F34:$FS34,1,FALSE),0)=0,0,1)*AK$62 -> 0 | AL80: =IF(IFERROR(HLOOKUP($B80,$F35:$FS35,1,FALSE),0)=0,0,1)*AL$62 -> 0 | AM80: =IF(IFERROR(HLOOKUP($B80,$F36:$FS36,1,FALSE),0)=0,0,1)*AM$62 -> 0 | AN80: =IF(IFERROR(HLOOKUP($B80,$F37:$FS37,1,FALSE),0)=0,0,1)*AN$62 -> 0 | AO80: =IF(IFERROR(HLOOKUP($B80,$F38:$FS38,1,FALSE),0)=0,0,1)*AO$62 -> 0 | AP80: =IF(IFERROR(HLOOKUP($B80,$F39:$FS39,1,FALSE),0)=0,0,1)*AP$62 -> 0 | AQ80: =IF(IFERROR(HLOOKUP($B80,$F40:$FS40,1,FALSE),0)=0,0,1)*AQ$62 -> 0 | AR80: =IF(IFERROR(HLOOKUP($B80,$F41:$FS41,1,FALSE),0)=0,0,1)*AR$62 -> 0 | AS80: =IF(IFERROR(HLOOKUP($B80,$F42:$FS42,1,FALSE),0)=0,0,1)*AS$62 -> 0 | AT80: =IF(IFERROR(HLOOKUP($B80,$F43:$FS43,1,FALSE),0)=0,0,1)*AT$62 -> 0 | AU80: =IF(IFERROR(HLOOKUP($B80,$F44:$FS44,1,FALSE),0)=0,0,1)*AU$62 -> 0 | AV80: =IF(IFERROR(HLOOKUP($B80,$F45:$FS45,1,FALSE),0)=0,0,1)*AV$62 -> 0 | AW80: =IF(IFERROR(HLOOKUP($B80,$F46:$FS46,1,FALSE),0)=0,0,1)*AW$62 -> 0 | AX80: =IF(IFERROR(HLOOKUP($B80,$F47:$FS47,1,FALSE),0)=0,0,1)*AX$62 -> 0 | AY80: =IF(IFERROR(HLOOKUP($B80,$F48:$FS48,1,FALSE),0)=0,0,1)*AY$62 -> 0 | AZ80: =IF(IFERROR(HLOOKUP($B80,$F49:$FS49,1,FALSE),0)=0,0,1)*AZ$62 -> 0 | BA80: =IF(IFERROR(HLOOKUP($B80,$F50:$FS50,1,FALSE),0)=0,0,1)*BA$62 -> 0 | BB80: =IF(IFERROR(HLOOKUP($B80,$F51:$FS51,1,FALSE),0)=0,0,1)*BB$62 -> 0 | BC80: =IF(IFERROR(HLOOKUP($B80,$F52:$FS52,1,FALSE),0)=0,0,1)*BC$62 -> 0 | BD80: =IF(IFERROR(HLOOKUP($B80,$F53:$FS53,1,FALSE),0)=0,0,1)*BD$62 -> 0 | BE80: =IF(IFERROR(HLOOKUP($B80,$F54:$FS54,1,FALSE),0)=0,0,1)*BE$62 -> 0 | BF80: =IF(IFERROR(HLOOKUP($B80,$F55:$FS55,1,FALSE),0)=0,0,1)*BF$62 -> 0 | BG80: =IF(IFERROR(HLOOKUP($B80,$F56:$FS56,1,FALSE),0)=0,0,1)*BG$62 -> 0 | BH80: =IF(IFERROR(HLOOKUP($B80,$F57:$FS57,1,FALSE),0)=0,0,1)*BH$62 -> 0 | BI80: =IF(IFERROR(HLOOKUP($B80,$F58:$FS58,1,FALSE),0)=0,0,1)*BI$62 -> 0
A81: 3 | B81: 3.3 | C81: =SUM(E81:BI81) -> 0.18 | D81: =C254 -> 1 | E81: =IF(IFERROR(HLOOKUP($B81,$F2:$FS2,1,FALSE),0)=0,0,1)*E$62 -> 0 | F81: =IF(IFERROR(HLOOKUP($B81,$F3:$FS3,1,FALSE),0)=0,0,1)*F$62 -> 0.18 | G81: =IF(IFERROR(HLOOKUP($B81,$F4:$FS4,1,FALSE),0)=0,0,1)*G$62 -> 0 | H81: =IF(IFERROR(HLOOKUP($B81,$F5:$FS5,1,FALSE),0)=0,0,1)*H$62 -> 0 | I81: =IF(IFERROR(HLOOKUP($B81,$F6:$FS6,1,FALSE),0)=0,0,1)*I$62 -> 0 | J81: =IF(IFERROR(HLOOKUP($B81,$F7:$FS7,1,FALSE),0)=0,0,1)*J$62 -> 0 | K81: =IF(IFERROR(HLOOKUP($B81,$F8:$FS8,1,FALSE),0)=0,0,1)*K$62 -> 0 | L81: =IF(IFERROR(HLOOKUP($B81,$F9:$FS9,1,FALSE),0)=0,0,1)*L$62 -> 0 | M81: =IF(IFERROR(HLOOKUP($B81,$F10:$FS10,1,FALSE),0)=0,0,1)*M$62 -> 0 | N81: =IF(IFERROR(HLOOKUP($B81,$F11:$FS11,1,FALSE),0)=0,0,1)*N$62 -> 0 | O81: =IF(IFERROR(HLOOKUP($B81,$F12:$FS12,1,FALSE),0)=0,0,1)*O$62 -> 0 | P81: =IF(IFERROR(HLOOKUP($B81,$F13:$FS13,1,FALSE),0)=0,0,1)*P$62 -> 0 | Q81: =IF(IFERROR(HLOOKUP($B81,$F14:$FS14,1,FALSE),0)=0,0,1)*Q$62 -> 0 | R81: =IF(IFERROR(HLOOKUP($B81,$F15:$FS15,1,FALSE),0)=0,0,1)*R$62 -> 0 | S81: =IF(IFERROR(HLOOKUP($B81,$F16:$FS16,1,FALSE),0)=0,0,1)*S$62 -> 0 | T81: =IF(IFERROR(HLOOKUP($B81,$F17:$FS17,1,FALSE),0)=0,0,1)*T$62 -> 0 | U81: =IF(IFERROR(HLOOKUP($B81,$F18:$FS18,1,FALSE),0)=0,0,1)*U$62 -> 0 | V81: =IF(IFERROR(HLOOKUP($B81,$F19:$FS19,1,FALSE),0)=0,0,1)*V$62 -> 0 | W81: =IF(IFERROR(HLOOKUP($B81,$F20:$FS20,1,FALSE),0)=0,0,1)*W$62 -> 0 | X81: =IF(IFERROR(HLOOKUP($B81,$F21:$FS21,1,FALSE),0)=0,0,1)*X$62 -> 0 | Y81: =IF(IFERROR(HLOOKUP($B81,$F22:$FS22,1,FALSE),0)=0,0,1)*Y$62 -> 0 | Z81: =IF(IFERROR(HLOOKUP($B81,$F23:$FS23,1,FALSE),0)=0,0,1)*Z$62 -> 0 | AA81: =IF(IFERROR(HLOOKUP($B81,$F24:$FS24,1,FALSE),0)=0,0,1)*AA$62 -> 0 | AB81: =IF(IFERROR(HLOOKUP($B81,$F25:$FS25,1,FALSE),0)=0,0,1)*AB$62 -> 0 | AC81: =IF(IFERROR(HLOOKUP($B81,$F26:$FS26,1,FALSE),0)=0,0,1)*AC$62 -> 0 | AD81: =IF(IFERROR(HLOOKUP($B81,$F27:$FS27,1,FALSE),0)=0,0,1)*AD$62 -> 0 | AE81: =IF(IFERROR(HLOOKUP($B81,$F28:$FS28,1,FALSE),0)=0,0,1)*AE$62 -> 0 | AF81: =IF(IFERROR(HLOOKUP($B81,$F29:$FS29,1,FALSE),0)=0,0,1)*AF$62 -> 0 | AG81: =IF(IFERROR(HLOOKUP($B81,$F30:$FS30,1,FALSE),0)=0,0,1)*AG$62 -> 0 | AH81: =IF(IFERROR(HLOOKUP($B81,$F31:$FS31,1,FALSE),0)=0,0,1)*AH$62 -> 0 | AI81: =IF(IFERROR(HLOOKUP($B81,$F32:$FS32,1,FALSE),0)=0,0,1)*AI$62 -> 0 | AJ81: =IF(IFERROR(HLOOKUP($B81,$F33:$FS33,1,FALSE),0)=0,0,1)*AJ$62 -> 0 | AK81: =IF(IFERROR(HLOOKUP($B81,$F34:$FS34,1,FALSE),0)=0,0,1)*AK$62 -> 0 | AL81: =IF(IFERROR(HLOOKUP($B81,$F35:$FS35,1,FALSE),0)=0,0,1)*AL$62 -> 0 | AM81: =IF(IFERROR(HLOOKUP($B81,$F36:$FS36,1,FALSE),0)=0,0,1)*AM$62 -> 0 | AN81: =IF(IFERROR(HLOOKUP($B81,$F37:$FS37,1,FALSE),0)=0,0,1)*AN$62 -> 0 | AO81: =IF(IFERROR(HLOOKUP($B81,$F38:$FS38,1,FALSE),0)=0,0,1)*AO$62 -> 0 | AP81: =IF(IFERROR(HLOOKUP($B81,$F39:$FS39,1,FALSE),0)=0,0,1)*AP$62 -> 0 | AQ81: =IF(IFERROR(HLOOKUP($B81,$F40:$FS40,1,FALSE),0)=0,0,1)*AQ$62 -> 0 | AR81: =IF(IFERROR(HLOOKUP($B81,$F41:$FS41,1,FALSE),0)=0,0,1)*AR$62 -> 0 | AS81: =IF(IFERROR(HLOOKUP($B81,$F42:$FS42,1,FALSE),0)=0,0,1)*AS$62 -> 0 | AT81: =IF(IFERROR(HLOOKUP($B81,$F43:$FS43,1,FALSE),0)=0,0,1)*AT$62 -> 0 | AU81: =IF(IFERROR(HLOOKUP($B81,$F44:$FS44,1,FALSE),0)=0,0,1)*AU$62 -> 0 | AV81: =IF(IFERROR(HLOOKUP($B81,$F45:$FS45,1,FALSE),0)=0,0,1)*AV$62 -> 0 | AW81: =IF(IFERROR(HLOOKUP($B81,$F46:$FS46,1,FALSE),0)=0,0,1)*AW$62 -> 0 | AX81: =IF(IFERROR(HLOOKUP($B81,$F47:$FS47,1,FALSE),0)=0,0,1)*AX$62 -> 0 | AY81: =IF(IFERROR(HLOOKUP($B81,$F48:$FS48,1,FALSE),0)=0,0,1)*AY$62 -> 0 | AZ81: =IF(IFERROR(HLOOKUP($B81,$F49:$FS49,1,FALSE),0)=0,0,1)*AZ$62 -> 0 | BA81: =IF(IFERROR(HLOOKUP($B81,$F50:$FS50,1,FALSE),0)=0,0,1)*BA$62 -> 0 | BB81: =IF(IFERROR(HLOOKUP($B81,$F51:$FS51,1,FALSE),0)=0,0,1)*BB$62 -> 0 | BC81: =IF(IFERROR(HLOOKUP($B81,$F52:$FS52,1,FALSE),0)=0,0,1)*BC$62 -> 0 | BD81: =IF(IFERROR(HLOOKUP($B81,$F53:$FS53,1,FALSE),0)=0,0,1)*BD$62 -> 0 | BE81: =IF(IFERROR(HLOOKUP($B81,$F54:$FS54,1,FALSE),0)=0,0,1)*BE$62 -> 0 | BF81: =IF(IFERROR(HLOOKUP($B81,$F55:$FS55,1,FALSE),0)=0,0,1)*BF$62 -> 0 | BG81: =IF(IFERROR(HLOOKUP($B81,$F56:$FS56,1,FALSE),0)=0,0,1)*BG$62 -> 0 | BH81: =IF(IFERROR(HLOOKUP($B81,$F57:$FS57,1,FALSE),0)=0,0,1)*BH$62 -> 0 | BI81: =IF(IFERROR(HLOOKUP($B81,$F58:$FS58,1,FALSE),0)=0,0,1)*BI$62 -> 0
A82: 3 | B82: 3.4 | C82: =SUM(E82:BI82) -> 0.18 | D82: =C255 -> 1 | E82: =IF(IFERROR(HLOOKUP($B82,$F2:$FS2,1,FALSE),0)=0,0,1)*E$62 -> 0 | F82: =IF(IFERROR(HLOOKUP($B82,$F3:$FS3,1,FALSE),0)=0,0,1)*F$62 -> 0.18 | G82: =IF(IFERROR(HLOOKUP($B82,$F4:$FS4,1,FALSE),0)=0,0,1)*G$62 -> 0 | H82: =IF(IFERROR(HLOOKUP($B82,$F5:$FS5,1,FALSE),0)=0,0,1)*H$62 -> 0 | I82: =IF(IFERROR(HLOOKUP($B82,$F6:$FS6,1,FALSE),0)=0,0,1)*I$62 -> 0 | J82: =IF(IFERROR(HLOOKUP($B82,$F7:$FS7,1,FALSE),0)=0,0,1)*J$62 -> 0 | K82: =IF(IFERROR(HLOOKUP($B82,$F8:$FS8,1,FALSE),0)=0,0,1)*K$62 -> 0 | L82: =IF(IFERROR(HLOOKUP($B82,$F9:$FS9,1,FALSE),0)=0,0,1)*L$62 -> 0 | M82: =IF(IFERROR(HLOOKUP($B82,$F10:$FS10,1,FALSE),0)=0,0,1)*M$62 -> 0 | N82: =IF(IFERROR(HLOOKUP($B82,$F11:$FS11,1,FALSE),0)=0,0,1)*N$62 -> 0 | O82: =IF(IFERROR(HLOOKUP($B82,$F12:$FS12,1,FALSE),0)=0,0,1)*O$62 -> 0 | P82: =IF(IFERROR(HLOOKUP($B82,$F13:$FS13,1,FALSE),0)=0,0,1)*P$62 -> 0 | Q82: =IF(IFERROR(HLOOKUP($B82,$F14:$FS14,1,FALSE),0)=0,0,1)*Q$62 -> 0 | R82: =IF(IFERROR(HLOOKUP($B82,$F15:$FS15,1,FALSE),0)=0,0,1)*R$62 -> 0 | S82: =IF(IFERROR(HLOOKUP($B82,$F16:$FS16,1,FALSE),0)=0,0,1)*S$62 -> 0 | T82: =IF(IFERROR(HLOOKUP($B82,$F17:$FS17,1,FALSE),0)=0,0,1)*T$62 -> 0 | U82: =IF(IFERROR(HLOOKUP($B82,$F18:$FS18,1,FALSE),0)=0,0,1)*U$62 -> 0 | V82: =IF(IFERROR(HLOOKUP($B82,$F19:$FS19,1,FALSE),0)=0,0,1)*V$62 -> 0 | W82: =IF(IFERROR(HLOOKUP($B82,$F20:$FS20,1,FALSE),0)=0,0,1)*W$62 -> 0 | X82: =IF(IFERROR(HLOOKUP($B82,$F21:$FS21,1,FALSE),0)=0,0,1)*X$62 -> 0 | Y82: =IF(IFERROR(HLOOKUP($B82,$F22:$FS22,1,FALSE),0)=0,0,1)*Y$62 -> 0 | Z82: =IF(IFERROR(HLOOKUP($B82,$F23:$FS23,1,FALSE),0)=0,0,1)*Z$62 -> 0 | AA82: =IF(IFERROR(HLOOKUP($B82,$F24:$FS24,1,FALSE),0)=0,0,1)*AA$62 -> 0 | AB82: =IF(IFERROR(HLOOKUP($B82,$F25:$FS25,1,FALSE),0)=0,0,1)*AB$62 -> 0 | AC82: =IF(IFERROR(HLOOKUP($B82,$F26:$FS26,1,FALSE),0)=0,0,1)*AC$62 -> 0 | AD82: =IF(IFERROR(HLOOKUP($B82,$F27:$FS27,1,FALSE),0)=0,0,1)*AD$62 -> 0 | AE82: =IF(IFERROR(HLOOKUP($B82,$F28:$FS28,1,FALSE),0)=0,0,1)*AE$62 -> 0 | AF82: =IF(IFERROR(HLOOKUP($B82,$F29:$FS29,1,FALSE),0)=0,0,1)*AF$62 -> 0 | AG82: =IF(IFERROR(HLOOKUP($B82,$F30:$FS30,1,FALSE),0)=0,0,1)*AG$62 -> 0 | AH82: =IF(IFERROR(HLOOKUP($B82,$F31:$FS31,1,FALSE),0)=0,0,1)*AH$62 -> 0 | AI82: =IF(IFERROR(HLOOKUP($B82,$F32:$FS32,1,FALSE),0)=0,0,1)*AI$62 -> 0 | AJ82: =IF(IFERROR(HLOOKUP($B82,$F33:$FS33,1,FALSE),0)=0,0,1)*AJ$62 -> 0 | AK82: =IF(IFERROR(HLOOKUP($B82,$F34:$FS34,1,FALSE),0)=0,0,1)*AK$62 -> 0 | AL82: =IF(IFERROR(HLOOKUP($B82,$F35:$FS35,1,FALSE),0)=0,0,1)*AL$62 -> 0 | AM82: =IF(IFERROR(HLOOKUP($B82,$F36:$FS36,1,FALSE),0)=0,0,1)*AM$62 -> 0 | AN82: =IF(IFERROR(HLOOKUP($B82,$F37:$FS37,1,FALSE),0)=0,0,1)*AN$62 -> 0 | AO82: =IF(IFERROR(HLOOKUP($B82,$F38:$FS38,1,FALSE),0)=0,0,1)*AO$62 -> 0 | AP82: =IF(IFERROR(HLOOKUP($B82,$F39:$FS39,1,FALSE),0)=0,0,1)*AP$62 -> 0 | AQ82: =IF(IFERROR(HLOOKUP($B82,$F40:$FS40,1,FALSE),0)=0,0,1)*AQ$62 -> 0 | AR82: =IF(IFERROR(HLOOKUP($B82,$F41:$FS41,1,FALSE),0)=0,0,1)*AR$62 -> 0 | AS82: =IF(IFERROR(HLOOKUP($B82,$F42:$FS42,1,FALSE),0)=0,0,1)*AS$62 -> 0 | AT82: =IF(IFERROR(HLOOKUP($B82,$F43:$FS43,1,FALSE),0)=0,0,1)*AT$62 -> 0 | AU82: =IF(IFERROR(HLOOKUP($B82,$F44:$FS44,1,FALSE),0)=0,0,1)*AU$62 -> 0 | AV82: =IF(IFERROR(HLOOKUP($B82,$F45:$FS45,1,FALSE),0)=0,0,1)*AV$62 -> 0 | AW82: =IF(IFERROR(HLOOKUP($B82,$F46:$FS46,1,FALSE),0)=0,0,1)*AW$62 -> 0 | AX82: =IF(IFERROR(HLOOKUP($B82,$F47:$FS47,1,FALSE),0)=0,0,1)*AX$62 -> 0 | AY82: =IF(IFERROR(HLOOKUP($B82,$F48:$FS48,1,FALSE),0)=0,0,1)*AY$62 -> 0 | AZ82: =IF(IFERROR(HLOOKUP($B82,$F49:$FS49,1,FALSE),0)=0,0,1)*AZ$62 -> 0 | BA82: =IF(IFERROR(HLOOKUP($B82,$F50:$FS50,1,FALSE),0)=0,0,1)*BA$62 -> 0 | BB82: =IF(IFERROR(HLOOKUP($B82,$F51:$FS51,1,FALSE),0)=0,0,1)*BB$62 -> 0 | BC82: =IF(IFERROR(HLOOKUP($B82,$F52:$FS52,1,FALSE),0)=0,0,1)*BC$62 -> 0 | BD82: =IF(IFERROR(HLOOKUP($B82,$F53:$FS53,1,FALSE),0)=0,0,1)*BD$62 -> 0 | BE82: =IF(IFERROR(HLOOKUP($B82,$F54:$FS54,1,FALSE),0)=0,0,1)*BE$62 -> 0 | BF82: =IF(IFERROR(HLOOKUP($B82,$F55:$FS55,1,FALSE),0)=0,0,1)*BF$62 -> 0 | BG82: =IF(IFERROR(HLOOKUP($B82,$F56:$FS56,1,FALSE),0)=0,0,1)*BG$62 -> 0 | BH82: =IF(IFERROR(HLOOKUP($B82,$F57:$FS57,1,FALSE),0)=0,0,1)*BH$62 -> 0 | BI82: =IF(IFERROR(HLOOKUP($B82,$F58:$FS58,1,FALSE),0)=0,0,1)*BI$62 -> 0
A83: 3 | B83: 3.5 | C83: =SUM(E83:BI83) -> 0.18 | D83: =C256 -> 1 | E83: =IF(IFERROR(HLOOKUP($B83,$F2:$FS2,1,FALSE),0)=0,0,1)*E$62 -> 0 | F83: =IF(IFERROR(HLOOKUP($B83,$F3:$FS3,1,FALSE),0)=0,0,1)*F$62 -> 0.18 | G83: =IF(IFERROR(HLOOKUP($B83,$F4:$FS4,1,FALSE),0)=0,0,1)*G$62 -> 0 | H83: =IF(IFERROR(HLOOKUP($B83,$F5:$FS5,1,FALSE),0)=0,0,1)*H$62 -> 0 | I83: =IF(IFERROR(HLOOKUP($B83,$F6:$FS6,1,FALSE),0)=0,0,1)*I$62 -> 0 | J83: =IF(IFERROR(HLOOKUP($B83,$F7:$FS7,1,FALSE),0)=0,0,1)*J$62 -> 0 | K83: =IF(IFERROR(HLOOKUP($B83,$F8:$FS8,1,FALSE),0)=0,0,1)*K$62 -> 0 | L83: =IF(IFERROR(HLOOKUP($B83,$F9:$FS9,1,FALSE),0)=0,0,1)*L$62 -> 0 | M83: =IF(IFERROR(HLOOKUP($B83,$F10:$FS10,1,FALSE),0)=0,0,1)*M$62 -> 0 | N83: =IF(IFERROR(HLOOKUP($B83,$F11:$FS11,1,FALSE),0)=0,0,1)*N$62 -> 0 | O83: =IF(IFERROR(HLOOKUP($B83,$F12:$FS12,1,FALSE),0)=0,0,1)*O$62 -> 0 | P83: =IF(IFERROR(HLOOKUP($B83,$F13:$FS13,1,FALSE),0)=0,0,1)*P$62 -> 0 | Q83: =IF(IFERROR(HLOOKUP($B83,$F14:$FS14,1,FALSE),0)=0,0,1)*Q$62 -> 0 | R83: =IF(IFERROR(HLOOKUP($B83,$F15:$FS15,1,FALSE),0)=0,0,1)*R$62 -> 0 | S83: =IF(IFERROR(HLOOKUP($B83,$F16:$FS16,1,FALSE),0)=0,0,1)*S$62 -> 0 | T83: =IF(IFERROR(HLOOKUP($B83,$F17:$FS17,1,FALSE),0)=0,0,1)*T$62 -> 0 | U83: =IF(IFERROR(HLOOKUP($B83,$F18:$FS18,1,FALSE),0)=0,0,1)*U$62 -> 0 | V83: =IF(IFERROR(HLOOKUP($B83,$F19:$FS19,1,FALSE),0)=0,0,1)*V$62 -> 0 | W83: =IF(IFERROR(HLOOKUP($B83,$F20:$FS20,1,FALSE),0)=0,0,1)*W$62 -> 0 | X83: =IF(IFERROR(HLOOKUP($B83,$F21:$FS21,1,FALSE),0)=0,0,1)*X$62 -> 0 | Y83: =IF(IFERROR(HLOOKUP($B83,$F22:$FS22,1,FALSE),0)=0,0,1)*Y$62 -> 0 | Z83: =IF(IFERROR(HLOOKUP($B83,$F23:$FS23,1,FALSE),0)=0,0,1)*Z$62 -> 0 | AA83: =IF(IFERROR(HLOOKUP($B83,$F24:$FS24,1,FALSE),0)=0,0,1)*AA$62 -> 0 | AB83: =IF(IFERROR(HLOOKUP($B83,$F25:$FS25,1,FALSE),0)=0,0,1)*AB$62 -> 0 | AC83: =IF(IFERROR(HLOOKUP($B83,$F26:$FS26,1,FALSE),0)=0,0,1)*AC$62 -> 0 | AD83: =IF(IFERROR(HLOOKUP($B83,$F27:$FS27,1,FALSE),0)=0,0,1)*AD$62 -> 0 | AE83: =IF(IFERROR(HLOOKUP($B83,$F28:$FS28,1,FALSE),0)=0,0,1)*AE$62 -> 0 | AF83: =IF(IFERROR(HLOOKUP($B83,$F29:$FS29,1,FALSE),0)=0,0,1)*AF$62 -> 0 | AG83: =IF(IFERROR(HLOOKUP($B83,$F30:$FS30,1,FALSE),0)=0,0,1)*AG$62 -> 0 | AH83: =IF(IFERROR(HLOOKUP($B83,$F31:$FS31,1,FALSE),0)=0,0,1)*AH$62 -> 0 | AI83: =IF(IFERROR(HLOOKUP($B83,$F32:$FS32,1,FALSE),0)=0,0,1)*AI$62 -> 0 | AJ83: =IF(IFERROR(HLOOKUP($B83,$F33:$FS33,1,FALSE),0)=0,0,1)*AJ$62 -> 0 | AK83: =IF(IFERROR(HLOOKUP($B83,$F34:$FS34,1,FALSE),0)=0,0,1)*AK$62 -> 0 | AL83: =IF(IFERROR(HLOOKUP($B83,$F35:$FS35,1,FALSE),0)=0,0,1)*AL$62 -> 0 | AM83: =IF(IFERROR(HLOOKUP($B83,$F36:$FS36,1,FALSE),0)=0,0,1)*AM$62 -> 0 | AN83: =IF(IFERROR(HLOOKUP($B83,$F37:$FS37,1,FALSE),0)=0,0,1)*AN$62 -> 0 | AO83: =IF(IFERROR(HLOOKUP($B83,$F38:$FS38,1,FALSE),0)=0,0,1)*AO$62 -> 0 | AP83: =IF(IFERROR(HLOOKUP($B83,$F39:$FS39,1,FALSE),0)=0,0,1)*AP$62 -> 0 | AQ83: =IF(IFERROR(HLOOKUP($B83,$F40:$FS40,1,FALSE),0)=0,0,1)*AQ$62 -> 0 | AR83: =IF(IFERROR(HLOOKUP($B83,$F41:$FS41,1,FALSE),0)=0,0,1)*AR$62 -> 0 | AS83: =IF(IFERROR(HLOOKUP($B83,$F42:$FS42,1,FALSE),0)=0,0,1)*AS$62 -> 0 | AT83: =IF(IFERROR(HLOOKUP($B83,$F43:$FS43,1,FALSE),0)=0,0,1)*AT$62 -> 0 | AU83: =IF(IFERROR(HLOOKUP($B83,$F44:$FS44,1,FALSE),0)=0,0,1)*AU$62 -> 0 | AV83: =IF(IFERROR(HLOOKUP($B83,$F45:$FS45,1,FALSE),0)=0,0,1)*AV$62 -> 0 | AW83: =IF(IFERROR(HLOOKUP($B83,$F46:$FS46,1,FALSE),0)=0,0,1)*AW$62 -> 0 | AX83: =IF(IFERROR(HLOOKUP($B83,$F47:$FS47,1,FALSE),0)=0,0,1)*AX$62 -> 0 | AY83: =IF(IFERROR(HLOOKUP($B83,$F48:$FS48,1,FALSE),0)=0,0,1)*AY$62 -> 0 | AZ83: =IF(IFERROR(HLOOKUP($B83,$F49:$FS49,1,FALSE),0)=0,0,1)*AZ$62 -> 0 | BA83: =IF(IFERROR(HLOOKUP($B83,$F50:$FS50,1,FALSE),0)=0,0,1)*BA$62 -> 0 | BB83: =IF(IFERROR(HLOOKUP($B83,$F51:$FS51,1,FALSE),0)=0,0,1)*BB$62 -> 0 | BC83: =IF(IFERROR(HLOOKUP($B83,$F52:$FS52,1,FALSE),0)=0,0,1)*BC$62 -> 0 | BD83: =IF(IFERROR(HLOOKUP($B83,$F53:$FS53,1,FALSE),0)=0,0,1)*BD$62 -> 0 | BE83: =IF(IFERROR(HLOOKUP($B83,$F54:$FS54,1,FALSE),0)=0,0,1)*BE$62 -> 0 | BF83: =IF(IFERROR(HLOOKUP($B83,$F55:$FS55,1,FALSE),0)=0,0,1)*BF$62 -> 0 | BG83: =IF(IFERROR(HLOOKUP($B83,$F56:$FS56,1,FALSE),0)=0,0,1)*BG$62 -> 0 | BH83: =IF(IFERROR(HLOOKUP($B83,$F57:$FS57,1,FALSE),0)=0,0,1)*BH$62 -> 0 | BI83: =IF(IFERROR(HLOOKUP($B83,$F58:$FS58,1,FALSE),0)=0,0,1)*BI$62 -> 0
A84: 3 | B84: 3.6 | C84: =SUM(E84:BI84) -> 0.18 | D84: =C257 -> 1 | E84: =IF(IFERROR(HLOOKUP($B84,$F2:$FS2,1,FALSE),0)=0,0,1)*E$62 -> 0 | F84: =IF(IFERROR(HLOOKUP($B84,$F3:$FS3,1,FALSE),0)=0,0,1)*F$62 -> 0.18 | G84: =IF(IFERROR(HLOOKUP($B84,$F4:$FS4,1,FALSE),0)=0,0,1)*G$62 -> 0 | H84: =IF(IFERROR(HLOOKUP($B84,$F5:$FS5,1,FALSE),0)=0,0,1)*H$62 -> 0 | I84: =IF(IFERROR(HLOOKUP($B84,$F6:$FS6,1,FALSE),0)=0,0,1)*I$62 -> 0 | J84: =IF(IFERROR(HLOOKUP($B84,$F7:$FS7,1,FALSE),0)=0,0,1)*J$62 -> 0 | K84: =IF(IFERROR(HLOOKUP($B84,$F8:$FS8,1,FALSE),0)=0,0,1)*K$62 -> 0 | L84: =IF(IFERROR(HLOOKUP($B84,$F9:$FS9,1,FALSE),0)=0,0,1)*L$62 -> 0 | M84: =IF(IFERROR(HLOOKUP($B84,$F10:$FS10,1,FALSE),0)=0,0,1)*M$62 -> 0 | N84: =IF(IFERROR(HLOOKUP($B84,$F11:$FS11,1,FALSE),0)=0,0,1)*N$62 -> 0 | O84: =IF(IFERROR(HLOOKUP($B84,$F12:$FS12,1,FALSE),0)=0,0,1)*O$62 -> 0 | P84: =IF(IFERROR(HLOOKUP($B84,$F13:$FS13,1,FALSE),0)=0,0,1)*P$62 -> 0 | Q84: =IF(IFERROR(HLOOKUP($B84,$F14:$FS14,1,FALSE),0)=0,0,1)*Q$62 -> 0 | R84: =IF(IFERROR(HLOOKUP($B84,$F15:$FS15,1,FALSE),0)=0,0,1)*R$62 -> 0 | S84: =IF(IFERROR(HLOOKUP($B84,$F16:$FS16,1,FALSE),0)=0,0,1)*S$62 -> 0 | T84: =IF(IFERROR(HLOOKUP($B84,$F17:$FS17,1,FALSE),0)=0,0,1)*T$62 -> 0 | U84: =IF(IFERROR(HLOOKUP($B84,$F18:$FS18,1,FALSE),0)=0,0,1)*U$62 -> 0 | V84: =IF(IFERROR(HLOOKUP($B84,$F19:$FS19,1,FALSE),0)=0,0,1)*V$62 -> 0 | W84: =IF(IFERROR(HLOOKUP($B84,$F20:$FS20,1,FALSE),0)=0,0,1)*W$62 -> 0 | X84: =IF(IFERROR(HLOOKUP($B84,$F21:$FS21,1,FALSE),0)=0,0,1)*X$62 -> 0 | Y84: =IF(IFERROR(HLOOKUP($B84,$F22:$FS22,1,FALSE),0)=0,0,1)*Y$62 -> 0 | Z84: =IF(IFERROR(HLOOKUP($B84,$F23:$FS23,1,FALSE),0)=0,0,1)*Z$62 -> 0 | AA84: =IF(IFERROR(HLOOKUP($B84,$F24:$FS24,1,FALSE),0)=0,0,1)*AA$62 -> 0 | AB84: =IF(IFERROR(HLOOKUP($B84,$F25:$FS25,1,FALSE),0)=0,0,1)*AB$62 -> 0 | AC84: =IF(IFERROR(HLOOKUP($B84,$F26:$FS26,1,FALSE),0)=0,0,1)*AC$62 -> 0 | AD84: =IF(IFERROR(HLOOKUP($B84,$F27:$FS27,1,FALSE),0)=0,0,1)*AD$62 -> 0 | AE84: =IF(IFERROR(HLOOKUP($B84,$F28:$FS28,1,FALSE),0)=0,0,1)*AE$62 -> 0 | AF84: =IF(IFERROR(HLOOKUP($B84,$F29:$FS29,1,FALSE),0)=0,0,1)*AF$62 -> 0 | AG84: =IF(IFERROR(HLOOKUP($B84,$F30:$FS30,1,FALSE),0)=0,0,1)*AG$62 -> 0 | AH84: =IF(IFERROR(HLOOKUP($B84,$F31:$FS31,1,FALSE),0)=0,0,1)*AH$62 -> 0 | AI84: =IF(IFERROR(HLOOKUP($B84,$F32:$FS32,1,FALSE),0)=0,0,1)*AI$62 -> 0 | AJ84: =IF(IFERROR(HLOOKUP($B84,$F33:$FS33,1,FALSE),0)=0,0,1)*AJ$62 -> 0 | AK84: =IF(IFERROR(HLOOKUP($B84,$F34:$FS34,1,FALSE),0)=0,0,1)*AK$62 -> 0 | AL84: =IF(IFERROR(HLOOKUP($B84,$F35:$FS35,1,FALSE),0)=0,0,1)*AL$62 -> 0 | AM84: =IF(IFERROR(HLOOKUP($B84,$F36:$FS36,1,FALSE),0)=0,0,1)*AM$62 -> 0 | AN84: =IF(IFERROR(HLOOKUP($B84,$F37:$FS37,1,FALSE),0)=0,0,1)*AN$62 -> 0 | AO84: =IF(IFERROR(HLOOKUP($B84,$F38:$FS38,1,FALSE),0)=0,0,1)*AO$62 -> 0 | AP84: =IF(IFERROR(HLOOKUP($B84,$F39:$FS39,1,FALSE),0)=0,0,1)*AP$62 -> 0 | AQ84: =IF(IFERROR(HLOOKUP($B84,$F40:$FS40,1,FALSE),0)=0,0,1)*AQ$62 -> 0 | AR84: =IF(IFERROR(HLOOKUP($B84,$F41:$FS41,1,FALSE),0)=0,0,1)*AR$62 -> 0 | AS84: =IF(IFERROR(HLOOKUP($B84,$F42:$FS42,1,FALSE),0)=0,0,1)*AS$62 -> 0 | AT84: =IF(IFERROR(HLOOKUP($B84,$F43:$FS43,1,FALSE),0)=0,0,1)*AT$62 -> 0 | AU84: =IF(IFERROR(HLOOKUP($B84,$F44:$FS44,1,FALSE),0)=0,0,1)*AU$62 -> 0 | AV84: =IF(IFERROR(HLOOKUP($B84,$F45:$FS45,1,FALSE),0)=0,0,1)*AV$62 -> 0 | AW84: =IF(IFERROR(HLOOKUP($B84,$F46:$FS46,1,FALSE),0)=0,0,1)*AW$62 -> 0 | AX84: =IF(IFERROR(HLOOKUP($B84,$F47:$FS47,1,FALSE),0)=0,0,1)*AX$62 -> 0 | AY84: =IF(IFERROR(HLOOKUP($B84,$F48:$FS48,1,FALSE),0)=0,0,1)*AY$62 -> 0 | AZ84: =IF(IFERROR(HLOOKUP($B84,$F49:$FS49,1,FALSE),0)=0,0,1)*AZ$62 -> 0 | BA84: =IF(IFERROR(HLOOKUP($B84,$F50:$FS50,1,FALSE),0)=0,0,1)*BA$62 -> 0 | BB84: =IF(IFERROR(HLOOKUP($B84,$F51:$FS51,1,FALSE),0)=0,0,1)*BB$62 -> 0 | BC84: =IF(IFERROR(HLOOKUP($B84,$F52:$FS52,1,FALSE),0)=0,0,1)*BC$62 -> 0 | BD84: =IF(IFERROR(HLOOKUP($B84,$F53:$FS53,1,FALSE),0)=0,0,1)*BD$62 -> 0 | BE84: =IF(IFERROR(HLOOKUP($B84,$F54:$FS54,1,FALSE),0)=0,0,1)*BE$62 -> 0 | BF84: =IF(IFERROR(HLOOKUP($B84,$F55:$FS55,1,FALSE),0)=0,0,1)*BF$62 -> 0 | BG84: =IF(IFERROR(HLOOKUP($B84,$F56:$FS56,1,FALSE),0)=0,0,1)*BG$62 -> 0 | BH84: =IF(IFERROR(HLOOKUP($B84,$F57:$FS57,1,FALSE),0)=0,0,1)*BH$62 -> 0 | BI84: =IF(IFERROR(HLOOKUP($B84,$F58:$FS58,1,FALSE),0)=0,0,1)*BI$62 -> 0
A85: 3 | B85: 3.7 | C85: =SUM(E85:BI85) -> 0.18 | D85: =C258 -> 1 | E85: =IF(IFERROR(HLOOKUP($B85,$F2:$FS2,1,FALSE),0)=0,0,1)*E$62 -> 0 | F85: =IF(IFERROR(HLOOKUP($B85,$F3:$FS3,1,FALSE),0)=0,0,1)*F$62 -> 0.18 | G85: =IF(IFERROR(HLOOKUP($B85,$F4:$FS4,1,FALSE),0)=0,0,1)*G$62 -> 0 | H85: =IF(IFERROR(HLOOKUP($B85,$F5:$FS5,1,FALSE),0)=0,0,1)*H$62 -> 0 | I85: =IF(IFERROR(HLOOKUP($B85,$F6:$FS6,1,FALSE),0)=0,0,1)*I$62 -> 0 | J85: =IF(IFERROR(HLOOKUP($B85,$F7:$FS7,1,FALSE),0)=0,0,1)*J$62 -> 0 | K85: =IF(IFERROR(HLOOKUP($B85,$F8:$FS8,1,FALSE),0)=0,0,1)*K$62 -> 0 | L85: =IF(IFERROR(HLOOKUP($B85,$F9:$FS9,1,FALSE),0)=0,0,1)*L$62 -> 0 | M85: =IF(IFERROR(HLOOKUP($B85,$F10:$FS10,1,FALSE),0)=0,0,1)*M$62 -> 0 | N85: =IF(IFERROR(HLOOKUP($B85,$F11:$FS11,1,FALSE),0)=0,0,1)*N$62 -> 0 | O85: =IF(IFERROR(HLOOKUP($B85,$F12:$FS12,1,FALSE),0)=0,0,1)*O$62 -> 0 | P85: =IF(IFERROR(HLOOKUP($B85,$F13:$FS13,1,FALSE),0)=0,0,1)*P$62 -> 0 | Q85: =IF(IFERROR(HLOOKUP($B85,$F14:$FS14,1,FALSE),0)=0,0,1)*Q$62 -> 0 | R85: =IF(IFERROR(HLOOKUP($B85,$F15:$FS15,1,FALSE),0)=0,0,1)*R$62 -> 0 | S85: =IF(IFERROR(HLOOKUP($B85,$F16:$FS16,1,FALSE),0)=0,0,1)*S$62 -> 0 | T85: =IF(IFERROR(HLOOKUP($B85,$F17:$FS17,1,FALSE),0)=0,0,1)*T$62 -> 0 | U85: =IF(IFERROR(HLOOKUP($B85,$F18:$FS18,1,FALSE),0)=0,0,1)*U$62 -> 0 | V85: =IF(IFERROR(HLOOKUP($B85,$F19:$FS19,1,FALSE),0)=0,0,1)*V$62 -> 0 | W85: =IF(IFERROR(HLOOKUP($B85,$F20:$FS20,1,FALSE),0)=0,0,1)*W$62 -> 0 | X85: =IF(IFERROR(HLOOKUP($B85,$F21:$FS21,1,FALSE),0)=0,0,1)*X$62 -> 0 | Y85: =IF(IFERROR(HLOOKUP($B85,$F22:$FS22,1,FALSE),0)=0,0,1)*Y$62 -> 0 | Z85: =IF(IFERROR(HLOOKUP($B85,$F23:$FS23,1,FALSE),0)=0,0,1)*Z$62 -> 0 | AA85: =IF(IFERROR(HLOOKUP($B85,$F24:$FS24,1,FALSE),0)=0,0,1)*AA$62 -> 0 | AB85: =IF(IFERROR(HLOOKUP($B85,$F25:$FS25,1,FALSE),0)=0,0,1)*AB$62 -> 0 | AC85: =IF(IFERROR(HLOOKUP($B85,$F26:$FS26,1,FALSE),0)=0,0,1)*AC$62 -> 0 | AD85: =IF(IFERROR(HLOOKUP($B85,$F27:$FS27,1,FALSE),0)=0,0,1)*AD$62 -> 0 | AE85: =IF(IFERROR(HLOOKUP($B85,$F28:$FS28,1,FALSE),0)=0,0,1)*AE$62 -> 0 | AF85: =IF(IFERROR(HLOOKUP($B85,$F29:$FS29,1,FALSE),0)=0,0,1)*AF$62 -> 0 | AG85: =IF(IFERROR(HLOOKUP($B85,$F30:$FS30,1,FALSE),0)=0,0,1)*AG$62 -> 0 | AH85: =IF(IFERROR(HLOOKUP($B85,$F31:$FS31,1,FALSE),0)=0,0,1)*AH$62 -> 0 | AI85: =IF(IFERROR(HLOOKUP($B85,$F32:$FS32,1,FALSE),0)=0,0,1)*AI$62 -> 0 | AJ85: =IF(IFERROR(HLOOKUP($B85,$F33:$FS33,1,FALSE),0)=0,0,1)*AJ$62 -> 0 | AK85: =IF(IFERROR(HLOOKUP($B85,$F34:$FS34,1,FALSE),0)=0,0,1)*AK$62 -> 0 | AL85: =IF(IFERROR(HLOOKUP($B85,$F35:$FS35,1,FALSE),0)=0,0,1)*AL$62 -> 0 | AM85: =IF(IFERROR(HLOOKUP($B85,$F36:$FS36,1,FALSE),0)=0,0,1)*AM$62 -> 0 | AN85: =IF(IFERROR(HLOOKUP($B85,$F37:$FS37,1,FALSE),0)=0,0,1)*AN$62 -> 0 | AO85: =IF(IFERROR(HLOOKUP($B85,$F38:$FS38,1,FALSE),0)=0,0,1)*AO$62 -> 0 | AP85: =IF(IFERROR(HLOOKUP($B85,$F39:$FS39,1,FALSE),0)=0,0,1)*AP$62 -> 0 | AQ85: =IF(IFERROR(HLOOKUP($B85,$F40:$FS40,1,FALSE),0)=0,0,1)*AQ$62 -> 0 | AR85: =IF(IFERROR(HLOOKUP($B85,$F41:$FS41,1,FALSE),0)=0,0,1)*AR$62 -> 0 | AS85: =IF(IFERROR(HLOOKUP($B85,$F42:$FS42,1,FALSE),0)=0,0,1)*AS$62 -> 0 | AT85: =IF(IFERROR(HLOOKUP($B85,$F43:$FS43,1,FALSE),0)=0,0,1)*AT$62 -> 0 | AU85: =IF(IFERROR(HLOOKUP($B85,$F44:$FS44,1,FALSE),0)=0,0,1)*AU$62 -> 0 | AV85: =IF(IFERROR(HLOOKUP($B85,$F45:$FS45,1,FALSE),0)=0,0,1)*AV$62 -> 0 | AW85: =IF(IFERROR(HLOOKUP($B85,$F46:$FS46,1,FALSE),0)=0,0,1)*AW$62 -> 0 | AX85: =IF(IFERROR(HLOOKUP($B85,$F47:$FS47,1,FALSE),0)=0,0,1)*AX$62 -> 0 | AY85: =IF(IFERROR(HLOOKUP($B85,$F48:$FS48,1,FALSE),0)=0,0,1)*AY$62 -> 0 | AZ85: =IF(IFERROR(HLOOKUP($B85,$F49:$FS49,1,FALSE),0)=0,0,1)*AZ$62 -> 0 | BA85: =IF(IFERROR(HLOOKUP($B85,$F50:$FS50,1,FALSE),0)=0,0,1)*BA$62 -> 0 | BB85: =IF(IFERROR(HLOOKUP($B85,$F51:$FS51,1,FALSE),0)=0,0,1)*BB$62 -> 0 | BC85: =IF(IFERROR(HLOOKUP($B85,$F52:$FS52,1,FALSE),0)=0,0,1)*BC$62 -> 0 | BD85: =IF(IFERROR(HLOOKUP($B85,$F53:$FS53,1,FALSE),0)=0,0,1)*BD$62 -> 0 | BE85: =IF(IFERROR(HLOOKUP($B85,$F54:$FS54,1,FALSE),0)=0,0,1)*BE$62 -> 0 | BF85: =IF(IFERROR(HLOOKUP($B85,$F55:$FS55,1,FALSE),0)=0,0,1)*BF$62 -> 0 | BG85: =IF(IFERROR(HLOOKUP($B85,$F56:$FS56,1,FALSE),0)=0,0,1)*BG$62 -> 0 | BH85: =IF(IFERROR(HLOOKUP($B85,$F57:$FS57,1,FALSE),0)=0,0,1)*BH$62 -> 0 | BI85: =IF(IFERROR(HLOOKUP($B85,$F58:$FS58,1,FALSE),0)=0,0,1)*BI$62 -> 0
A86: 3 | B86: 3.8 | C86: =SUM(E86:BI86) -> 0.18 | D86: =C259 -> 1 | E86: =IF(IFERROR(HLOOKUP($B86,$F2:$FS2,1,FALSE),0)=0,0,1)*E$62 -> 0 | F86: =IF(IFERROR(HLOOKUP($B86,$F3:$FS3,1,FALSE),0)=0,0,1)*F$62 -> 0.18 | G86: =IF(IFERROR(HLOOKUP($B86,$F4:$FS4,1,FALSE),0)=0,0,1)*G$62 -> 0 | H86: =IF(IFERROR(HLOOKUP($B86,$F5:$FS5,1,FALSE),0)=0,0,1)*H$62 -> 0 | I86: =IF(IFERROR(HLOOKUP($B86,$F6:$FS6,1,FALSE),0)=0,0,1)*I$62 -> 0 | J86: =IF(IFERROR(HLOOKUP($B86,$F7:$FS7,1,FALSE),0)=0,0,1)*J$62 -> 0 | K86: =IF(IFERROR(HLOOKUP($B86,$F8:$FS8,1,FALSE),0)=0,0,1)*K$62 -> 0 | L86: =IF(IFERROR(HLOOKUP($B86,$F9:$FS9,1,FALSE),0)=0,0,1)*L$62 -> 0 | M86: =IF(IFERROR(HLOOKUP($B86,$F10:$FS10,1,FALSE),0)=0,0,1)*M$62 -> 0 | N86: =IF(IFERROR(HLOOKUP($B86,$F11:$FS11,1,FALSE),0)=0,0,1)*N$62 -> 0 | O86: =IF(IFERROR(HLOOKUP($B86,$F12:$FS12,1,FALSE),0)=0,0,1)*O$62 -> 0 | P86: =IF(IFERROR(HLOOKUP($B86,$F13:$FS13,1,FALSE),0)=0,0,1)*P$62 -> 0 | Q86: =IF(IFERROR(HLOOKUP($B86,$F14:$FS14,1,FALSE),0)=0,0,1)*Q$62 -> 0 | R86: =IF(IFERROR(HLOOKUP($B86,$F15:$FS15,1,FALSE),0)=0,0,1)*R$62 -> 0 | S86: =IF(IFERROR(HLOOKUP($B86,$F16:$FS16,1,FALSE),0)=0,0,1)*S$62 -> 0 | T86: =IF(IFERROR(HLOOKUP($B86,$F17:$FS17,1,FALSE),0)=0,0,1)*T$62 -> 0 | U86: =IF(IFERROR(HLOOKUP($B86,$F18:$FS18,1,FALSE),0)=0,0,1)*U$62 -> 0 | V86: =IF(IFERROR(HLOOKUP($B86,$F19:$FS19,1,FALSE),0)=0,0,1)*V$62 -> 0 | W86: =IF(IFERROR(HLOOKUP($B86,$F20:$FS20,1,FALSE),0)=0,0,1)*W$62 -> 0 | X86: =IF(IFERROR(HLOOKUP($B86,$F21:$FS21,1,FALSE),0)=0,0,1)*X$62 -> 0 | Y86: =IF(IFERROR(HLOOKUP($B86,$F22:$FS22,1,FALSE),0)=0,0,1)*Y$62 -> 0 | Z86: =IF(IFERROR(HLOOKUP($B86,$F23:$FS23,1,FALSE),0)=0,0,1)*Z$62 -> 0 | AA86: =IF(IFERROR(HLOOKUP($B86,$F24:$FS24,1,FALSE),0)=0,0,1)*AA$62 -> 0 | AB86: =IF(IFERROR(HLOOKUP($B86,$F25:$FS25,1,FALSE),0)=0,0,1)*AB$62 -> 0 | AC86: =IF(IFERROR(HLOOKUP($B86,$F26:$FS26,1,FALSE),0)=0,0,1)*AC$62 -> 0 | AD86: =IF(IFERROR(HLOOKUP($B86,$F27:$FS27,1,FALSE),0)=0,0,1)*AD$62 -> 0 | AE86: =IF(IFERROR(HLOOKUP($B86,$F28:$FS28,1,FALSE),0)=0,0,1)*AE$62 -> 0 | AF86: =IF(IFERROR(HLOOKUP($B86,$F29:$FS29,1,FALSE),0)=0,0,1)*AF$62 -> 0 | AG86: =IF(IFERROR(HLOOKUP($B86,$F30:$FS30,1,FALSE),0)=0,0,1)*AG$62 -> 0 | AH86: =IF(IFERROR(HLOOKUP($B86,$F31:$FS31,1,FALSE),0)=0,0,1)*AH$62 -> 0 | AI86: =IF(IFERROR(HLOOKUP($B86,$F32:$FS32,1,FALSE),0)=0,0,1)*AI$62 -> 0 | AJ86: =IF(IFERROR(HLOOKUP($B86,$F33:$FS33,1,FALSE),0)=0,0,1)*AJ$62 -> 0 | AK86: =IF(IFERROR(HLOOKUP($B86,$F34:$FS34,1,FALSE),0)=0,0,1)*AK$62 -> 0 | AL86: =IF(IFERROR(HLOOKUP($B86,$F35:$FS35,1,FALSE),0)=0,0,1)*AL$62 -> 0 | AM86: =IF(IFERROR(HLOOKUP($B86,$F36:$FS36,1,FALSE),0)=0,0,1)*AM$62 -> 0 | AN86: =IF(IFERROR(HLOOKUP($B86,$F37:$FS37,1,FALSE),0)=0,0,1)*AN$62 -> 0 | AO86: =IF(IFERROR(HLOOKUP($B86,$F38:$FS38,1,FALSE),0)=0,0,1)*AO$62 -> 0 | AP86: =IF(IFERROR(HLOOKUP($B86,$F39:$FS39,1,FALSE),0)=0,0,1)*AP$62 -> 0 | AQ86: =IF(IFERROR(HLOOKUP($B86,$F40:$FS40,1,FALSE),0)=0,0,1)*AQ$62 -> 0 | AR86: =IF(IFERROR(HLOOKUP($B86,$F41:$FS41,1,FALSE),0)=0,0,1)*AR$62 -> 0 | AS86: =IF(IFERROR(HLOOKUP($B86,$F42:$FS42,1,FALSE),0)=0,0,1)*AS$62 -> 0 | AT86: =IF(IFERROR(HLOOKUP($B86,$F43:$FS43,1,FALSE),0)=0,0,1)*AT$62 -> 0 | AU86: =IF(IFERROR(HLOOKUP($B86,$F44:$FS44,1,FALSE),0)=0,0,1)*AU$62 -> 0 | AV86: =IF(IFERROR(HLOOKUP($B86,$F45:$FS45,1,FALSE),0)=0,0,1)*AV$62 -> 0 | AW86: =IF(IFERROR(HLOOKUP($B86,$F46:$FS46,1,FALSE),0)=0,0,1)*AW$62 -> 0 | AX86: =IF(IFERROR(HLOOKUP($B86,$F47:$FS47,1,FALSE),0)=0,0,1)*AX$62 -> 0 | AY86: =IF(IFERROR(HLOOKUP($B86,$F48:$FS48,1,FALSE),0)=0,0,1)*AY$62 -> 0 | AZ86: =IF(IFERROR(HLOOKUP($B86,$F49:$FS49,1,FALSE),0)=0,0,1)*AZ$62 -> 0 | BA86: =IF(IFERROR(HLOOKUP($B86,$F50:$FS50,1,FALSE),0)=0,0,1)*BA$62 -> 0 | BB86: =IF(IFERROR(HLOOKUP($B86,$F51:$FS51,1,FALSE),0)=0,0,1)*BB$62 -> 0 | BC86: =IF(IFERROR(HLOOKUP($B86,$F52:$FS52,1,FALSE),0)=0,0,1)*BC$62 -> 0 | BD86: =IF(IFERROR(HLOOKUP($B86,$F53:$FS53,1,FALSE),0)=0,0,1)*BD$62 -> 0 | BE86: =IF(IFERROR(HLOOKUP($B86,$F54:$FS54,1,FALSE),0)=0,0,1)*BE$62 -> 0 | BF86: =IF(IFERROR(HLOOKUP($B86,$F55:$FS55,1,FALSE),0)=0,0,1)*BF$62 -> 0 | BG86: =IF(IFERROR(HLOOKUP($B86,$F56:$FS56,1,FALSE),0)=0,0,1)*BG$62 -> 0 | BH86: =IF(IFERROR(HLOOKUP($B86,$F57:$FS57,1,FALSE),0)=0,0,1)*BH$62 -> 0 | BI86: =IF(IFERROR(HLOOKUP($B86,$F58:$FS58,1,FALSE),0)=0,0,1)*BI$62 -> 0
A87: 3 | B87: 3.9 | C87: =SUM(E87:BI87) -> 0.18 | D87: =C260 -> 1 | E87: =IF(IFERROR(HLOOKUP($B87,$F2:$FS2,1,FALSE),0)=0,0,1)*E$62 -> 0 | F87: =IF(IFERROR(HLOOKUP($B87,$F3:$FS3,1,FALSE),0)=0,0,1)*F$62 -> 0.18 | G87: =IF(IFERROR(HLOOKUP($B87,$F4:$FS4,1,FALSE),0)=0,0,1)*G$62 -> 0 | H87: =IF(IFERROR(HLOOKUP($B87,$F5:$FS5,1,FALSE),0)=0,0,1)*H$62 -> 0 | I87: =IF(IFERROR(HLOOKUP($B87,$F6:$FS6,1,FALSE),0)=0,0,1)*I$62 -> 0 | J87: =IF(IFERROR(HLOOKUP($B87,$F7:$FS7,1,FALSE),0)=0,0,1)*J$62 -> 0 | K87: =IF(IFERROR(HLOOKUP($B87,$F8:$FS8,1,FALSE),0)=0,0,1)*K$62 -> 0 | L87: =IF(IFERROR(HLOOKUP($B87,$F9:$FS9,1,FALSE),0)=0,0,1)*L$62 -> 0 | M87: =IF(IFERROR(HLOOKUP($B87,$F10:$FS10,1,FALSE),0)=0,0,1)*M$62 -> 0 | N87: =IF(IFERROR(HLOOKUP($B87,$F11:$FS11,1,FALSE),0)=0,0,1)*N$62 -> 0 | O87: =IF(IFERROR(HLOOKUP($B87,$F12:$FS12,1,FALSE),0)=0,0,1)*O$62 -> 0 | P87: =IF(IFERROR(HLOOKUP($B87,$F13:$FS13,1,FALSE),0)=0,0,1)*P$62 -> 0 | Q87: =IF(IFERROR(HLOOKUP($B87,$F14:$FS14,1,FALSE),0)=0,0,1)*Q$62 -> 0 | R87: =IF(IFERROR(HLOOKUP($B87,$F15:$FS15,1,FALSE),0)=0,0,1)*R$62 -> 0 | S87: =IF(IFERROR(HLOOKUP($B87,$F16:$FS16,1,FALSE),0)=0,0,1)*S$62 -> 0 | T87: =IF(IFERROR(HLOOKUP($B87,$F17:$FS17,1,FALSE),0)=0,0,1)*T$62 -> 0 | U87: =IF(IFERROR(HLOOKUP($B87,$F18:$FS18,1,FALSE),0)=0,0,1)*U$62 -> 0 | V87: =IF(IFERROR(HLOOKUP($B87,$F19:$FS19,1,FALSE),0)=0,0,1)*V$62 -> 0 | W87: =IF(IFERROR(HLOOKUP($B87,$F20:$FS20,1,FALSE),0)=0,0,1)*W$62 -> 0 | X87: =IF(IFERROR(HLOOKUP($B87,$F21:$FS21,1,FALSE),0)=0,0,1)*X$62 -> 0 | Y87: =IF(IFERROR(HLOOKUP($B87,$F22:$FS22,1,FALSE),0)=0,0,1)*Y$62 -> 0 | Z87: =IF(IFERROR(HLOOKUP($B87,$F23:$FS23,1,FALSE),0)=0,0,1)*Z$62 -> 0 | AA87: =IF(IFERROR(HLOOKUP($B87,$F24:$FS24,1,FALSE),0)=0,0,1)*AA$62 -> 0 | AB87: =IF(IFERROR(HLOOKUP($B87,$F25:$FS25,1,FALSE),0)=0,0,1)*AB$62 -> 0 | AC87: =IF(IFERROR(HLOOKUP($B87,$F26:$FS26,1,FALSE),0)=0,0,1)*AC$62 -> 0 | AD87: =IF(IFERROR(HLOOKUP($B87,$F27:$FS27,1,FALSE),0)=0,0,1)*AD$62 -> 0 | AE87: =IF(IFERROR(HLOOKUP($B87,$F28:$FS28,1,FALSE),0)=0,0,1)*AE$62 -> 0 | AF87: =IF(IFERROR(HLOOKUP($B87,$F29:$FS29,1,FALSE),0)=0,0,1)*AF$62 -> 0 | AG87: =IF(IFERROR(HLOOKUP($B87,$F30:$FS30,1,FALSE),0)=0,0,1)*AG$62 -> 0 | AH87: =IF(IFERROR(HLOOKUP($B87,$F31:$FS31,1,FALSE),0)=0,0,1)*AH$62 -> 0 | AI87: =IF(IFERROR(HLOOKUP($B87,$F32:$FS32,1,FALSE),0)=0,0,1)*AI$62 -> 0 | AJ87: =IF(IFERROR(HLOOKUP($B87,$F33:$FS33,1,FALSE),0)=0,0,1)*AJ$62 -> 0 | AK87: =IF(IFERROR(HLOOKUP($B87,$F34:$FS34,1,FALSE),0)=0,0,1)*AK$62 -> 0 | AL87: =IF(IFERROR(HLOOKUP($B87,$F35:$FS35,1,FALSE),0)=0,0,1)*AL$62 -> 0 | AM87: =IF(IFERROR(HLOOKUP($B87,$F36:$FS36,1,FALSE),0)=0,0,1)*AM$62 -> 0 | AN87: =IF(IFERROR(HLOOKUP($B87,$F37:$FS37,1,FALSE),0)=0,0,1)*AN$62 -> 0 | AO87: =IF(IFERROR(HLOOKUP($B87,$F38:$FS38,1,FALSE),0)=0,0,1)*AO$62 -> 0 | AP87: =IF(IFERROR(HLOOKUP($B87,$F39:$FS39,1,FALSE),0)=0,0,1)*AP$62 -> 0 | AQ87: =IF(IFERROR(HLOOKUP($B87,$F40:$FS40,1,FALSE),0)=0,0,1)*AQ$62 -> 0 | AR87: =IF(IFERROR(HLOOKUP($B87,$F41:$FS41,1,FALSE),0)=0,0,1)*AR$62 -> 0 | AS87: =IF(IFERROR(HLOOKUP($B87,$F42:$FS42,1,FALSE),0)=0,0,1)*AS$62 -> 0 | AT87: =IF(IFERROR(HLOOKUP($B87,$F43:$FS43,1,FALSE),0)=0,0,1)*AT$62 -> 0 | AU87: =IF(IFERROR(HLOOKUP($B87,$F44:$FS44,1,FALSE),0)=0,0,1)*AU$62 -> 0 | AV87: =IF(IFERROR(HLOOKUP($B87,$F45:$FS45,1,FALSE),0)=0,0,1)*AV$62 -> 0 | AW87: =IF(IFERROR(HLOOKUP($B87,$F46:$FS46,1,FALSE),0)=0,0,1)*AW$62 -> 0 | AX87: =IF(IFERROR(HLOOKUP($B87,$F47:$FS47,1,FALSE),0)=0,0,1)*AX$62 -> 0 | AY87: =IF(IFERROR(HLOOKUP($B87,$F48:$FS48,1,FALSE),0)=0,0,1)*AY$62 -> 0 | AZ87: =IF(IFERROR(HLOOKUP($B87,$F49:$FS49,1,FALSE),0)=0,0,1)*AZ$62 -> 0 | BA87: =IF(IFERROR(HLOOKUP($B87,$F50:$FS50,1,FALSE),0)=0,0,1)*BA$62 -> 0 | BB87: =IF(IFERROR(HLOOKUP($B87,$F51:$FS51,1,FALSE),0)=0,0,1)*BB$62 -> 0 | BC87: =IF(IFERROR(HLOOKUP($B87,$F52:$FS52,1,FALSE),0)=0,0,1)*BC$62 -> 0 | BD87: =IF(IFERROR(HLOOKUP($B87,$F53:$FS53,1,FALSE),0)=0,0,1)*BD$62 -> 0 | BE87: =IF(IFERROR(HLOOKUP($B87,$F54:$FS54,1,FALSE),0)=0,0,1)*BE$62 -> 0 | BF87: =IF(IFERROR(HLOOKUP($B87,$F55:$FS55,1,FALSE),0)=0,0,1)*BF$62 -> 0 | BG87: =IF(IFERROR(HLOOKUP($B87,$F56:$FS56,1,FALSE),0)=0,0,1)*BG$62 -> 0 | BH87: =IF(IFERROR(HLOOKUP($B87,$F57:$FS57,1,FALSE),0)=0,0,1)*BH$62 -> 0 | BI87: =IF(IFERROR(HLOOKUP($B87,$F58:$FS58,1,FALSE),0)=0,0,1)*BI$62 -> 0
A88: 3 | B88: 3.a | C88: =SUM(E88:BI88) -> 0.18 | D88: =C261 -> 1 | E88: =IF(IFERROR(HLOOKUP($B88,$F2:$FS2,1,FALSE),0)=0,0,1)*E$62 -> 0 | F88: =IF(IFERROR(HLOOKUP($B88,$F3:$FS3,1,FALSE),0)=0,0,1)*F$62 -> 0.18 | G88: =IF(IFERROR(HLOOKUP($B88,$F4:$FS4,1,FALSE),0)=0,0,1)*G$62 -> 0 | H88: =IF(IFERROR(HLOOKUP($B88,$F5:$FS5,1,FALSE),0)=0,0,1)*H$62 -> 0 | I88: =IF(IFERROR(HLOOKUP($B88,$F6:$FS6,1,FALSE),0)=0,0,1)*I$62 -> 0 | J88: =IF(IFERROR(HLOOKUP($B88,$F7:$FS7,1,FALSE),0)=0,0,1)*J$62 -> 0 | K88: =IF(IFERROR(HLOOKUP($B88,$F8:$FS8,1,FALSE),0)=0,0,1)*K$62 -> 0 | L88: =IF(IFERROR(HLOOKUP($B88,$F9:$FS9,1,FALSE),0)=0,0,1)*L$62 -> 0 | M88: =IF(IFERROR(HLOOKUP($B88,$F10:$FS10,1,FALSE),0)=0,0,1)*M$62 -> 0 | N88: =IF(IFERROR(HLOOKUP($B88,$F11:$FS11,1,FALSE),0)=0,0,1)*N$62 -> 0 | O88: =IF(IFERROR(HLOOKUP($B88,$F12:$FS12,1,FALSE),0)=0,0,1)*O$62 -> 0 | P88: =IF(IFERROR(HLOOKUP($B88,$F13:$FS13,1,FALSE),0)=0,0,1)*P$62 -> 0 | Q88: =IF(IFERROR(HLOOKUP($B88,$F14:$FS14,1,FALSE),0)=0,0,1)*Q$62 -> 0 | R88: =IF(IFERROR(HLOOKUP($B88,$F15:$FS15,1,FALSE),0)=0,0,1)*R$62 -> 0 | S88: =IF(IFERROR(HLOOKUP($B88,$F16:$FS16,1,FALSE),0)=0,0,1)*S$62 -> 0 | T88: =IF(IFERROR(HLOOKUP($B88,$F17:$FS17,1,FALSE),0)=0,0,1)*T$62 -> 0 | U88: =IF(IFERROR(HLOOKUP($B88,$F18:$FS18,1,FALSE),0)=0,0,1)*U$62 -> 0 | V88: =IF(IFERROR(HLOOKUP($B88,$F19:$FS19,1,FALSE),0)=0,0,1)*V$62 -> 0 | W88: =IF(IFERROR(HLOOKUP($B88,$F20:$FS20,1,FALSE),0)=0,0,1)*W$62 -> 0 | X88: =IF(IFERROR(HLOOKUP($B88,$F21:$FS21,1,FALSE),0)=0,0,1)*X$62 -> 0 | Y88: =IF(IFERROR(HLOOKUP($B88,$F22:$FS22,1,FALSE),0)=0,0,1)*Y$62 -> 0 | Z88: =IF(IFERROR(HLOOKUP($B88,$F23:$FS23,1,FALSE),0)=0,0,1)*Z$62 -> 0 | AA88: =IF(IFERROR(HLOOKUP($B88,$F24:$FS24,1,FALSE),0)=0,0,1)*AA$62 -> 0 | AB88: =IF(IFERROR(HLOOKUP($B88,$F25:$FS25,1,FALSE),0)=0,0,1)*AB$62 -> 0 | AC88: =IF(IFERROR(HLOOKUP($B88,$F26:$FS26,1,FALSE),0)=0,0,1)*AC$62 -> 0 | AD88: =IF(IFERROR(HLOOKUP($B88,$F27:$FS27,1,FALSE),0)=0,0,1)*AD$62 -> 0 | AE88: =IF(IFERROR(HLOOKUP($B88,$F28:$FS28,1,FALSE),0)=0,0,1)*AE$62 -> 0 | AF88: =IF(IFERROR(HLOOKUP($B88,$F29:$FS29,1,FALSE),0)=0,0,1)*AF$62 -> 0 | AG88: =IF(IFERROR(HLOOKUP($B88,$F30:$FS30,1,FALSE),0)=0,0,1)*AG$62 -> 0 | AH88: =IF(IFERROR(HLOOKUP($B88,$F31:$FS31,1,FALSE),0)=0,0,1)*AH$62 -> 0 | AI88: =IF(IFERROR(HLOOKUP($B88,$F32:$FS32,1,FALSE),0)=0,0,1)*AI$62 -> 0 | AJ88: =IF(IFERROR(HLOOKUP($B88,$F33:$FS33,1,FALSE),0)=0,0,1)*AJ$62 -> 0 | AK88: =IF(IFERROR(HLOOKUP($B88,$F34:$FS34,1,FALSE),0)=0,0,1)*AK$62 -> 0 | AL88: =IF(IFERROR(HLOOKUP($B88,$F35:$FS35,1,FALSE),0)=0,0,1)*AL$62 -> 0 | AM88: =IF(IFERROR(HLOOKUP($B88,$F36:$FS36,1,FALSE),0)=0,0,1)*AM$62 -> 0 | AN88: =IF(IFERROR(HLOOKUP($B88,$F37:$FS37,1,FALSE),0)=0,0,1)*AN$62 -> 0 | AO88: =IF(IFERROR(HLOOKUP($B88,$F38:$FS38,1,FALSE),0)=0,0,1)*AO$62 -> 0 | AP88: =IF(IFERROR(HLOOKUP($B88,$F39:$FS39,1,FALSE),0)=0,0,1)*AP$62 -> 0 | AQ88: =IF(IFERROR(HLOOKUP($B88,$F40:$FS40,1,FALSE),0)=0,0,1)*AQ$62 -> 0 | AR88: =IF(IFERROR(HLOOKUP($B88,$F41:$FS41,1,FALSE),0)=0,0,1)*AR$62 -> 0 | AS88: =IF(IFERROR(HLOOKUP($B88,$F42:$FS42,1,FALSE),0)=0,0,1)*AS$62 -> 0 | AT88: =IF(IFERROR(HLOOKUP($B88,$F43:$FS43,1,FALSE),0)=0,0,1)*AT$62 -> 0 | AU88: =IF(IFERROR(HLOOKUP($B88,$F44:$FS44,1,FALSE),0)=0,0,1)*AU$62 -> 0 | AV88: =IF(IFERROR(HLOOKUP($B88,$F45:$FS45,1,FALSE),0)=0,0,1)*AV$62 -> 0 | AW88: =IF(IFERROR(HLOOKUP($B88,$F46:$FS46,1,FALSE),0)=0,0,1)*AW$62 -> 0 | AX88: =IF(IFERROR(HLOOKUP($B88,$F47:$FS47,1,FALSE),0)=0,0,1)*AX$62 -> 0 | AY88: =IF(IFERROR(HLOOKUP($B88,$F48:$FS48,1,FALSE),0)=0,0,1)*AY$62 -> 0 | AZ88: =IF(IFERROR(HLOOKUP($B88,$F49:$FS49,1,FALSE),0)=0,0,1)*AZ$62 -> 0 | BA88: =IF(IFERROR(HLOOKUP($B88,$F50:$FS50,1,FALSE),0)=0,0,1)*BA$62 -> 0 | BB88: =IF(IFERROR(HLOOKUP($B88,$F51:$FS51,1,FALSE),0)=0,0,1)*BB$62 -> 0 | BC88: =IF(IFERROR(HLOOKUP($B88,$F52:$FS52,1,FALSE),0)=0,0,1)*BC$62 -> 0 | BD88: =IF(IFERROR(HLOOKUP($B88,$F53:$FS53,1,FALSE),0)=0,0,1)*BD$62 -> 0 | BE88: =IF(IFERROR(HLOOKUP($B88,$F54:$FS54,1,FALSE),0)=0,0,1)*BE$62 -> 0 | BF88: =IF(IFERROR(HLOOKUP($B88,$F55:$FS55,1,FALSE),0)=0,0,1)*BF$62 -> 0 | BG88: =IF(IFERROR(HLOOKUP($B88,$F56:$FS56,1,FALSE),0)=0,0,1)*BG$62 -> 0 | BH88: =IF(IFERROR(HLOOKUP($B88,$F57:$FS57,1,FALSE),0)=0,0,1)*BH$62 -> 0 | BI88: =IF(IFERROR(HLOOKUP($B88,$F58:$FS58,1,FALSE),0)=0,0,1)*BI$62 -> 0
A89: 3 | B89: 3.b | C89: =SUM(E89:BI89) -> 2.18 | D89: =C262 -> 3 | E89: =IF(IFERROR(HLOOKUP($B89,$F2:$FS2,1,FALSE),0)=0,0,1)*E$62 -> 0 | F89: =IF(IFERROR(HLOOKUP($B89,$F3:$FS3,1,FALSE),0)=0,0,1)*F$62 -> 0.18 | G89: =IF(IFERROR(HLOOKUP($B89,$F4:$FS4,1,FALSE),0)=0,0,1)*G$62 -> 0 | H89: =IF(IFERROR(HLOOKUP($B89,$F5:$FS5,1,FALSE),0)=0,0,1)*H$62 -> 0 | I89: =IF(IFERROR(HLOOKUP($B89,$F6:$FS6,1,FALSE),0)=0,0,1)*I$62 -> 0 | J89: =IF(IFERROR(HLOOKUP($B89,$F7:$FS7,1,FALSE),0)=0,0,1)*J$62 -> 0 | K89: =IF(IFERROR(HLOOKUP($B89,$F8:$FS8,1,FALSE),0)=0,0,1)*K$62 -> 0 | L89: =IF(IFERROR(HLOOKUP($B89,$F9:$FS9,1,FALSE),0)=0,0,1)*L$62 -> 0 | M89: =IF(IFERROR(HLOOKUP($B89,$F10:$FS10,1,FALSE),0)=0,0,1)*M$62 -> 0 | N89: =IF(IFERROR(HLOOKUP($B89,$F11:$FS11,1,FALSE),0)=0,0,1)*N$62 -> 0 | O89: =IF(IFERROR(HLOOKUP($B89,$F12:$FS12,1,FALSE),0)=0,0,1)*O$62 -> 0 | P89: =IF(IFERROR(HLOOKUP($B89,$F13:$FS13,1,FALSE),0)=0,0,1)*P$62 -> 0 | Q89: =IF(IFERROR(HLOOKUP($B89,$F14:$FS14,1,FALSE),0)=0,0,1)*Q$62 -> 0 | R89: =IF(IFERROR(HLOOKUP($B89,$F15:$FS15,1,FALSE),0)=0,0,1)*R$62 -> 0 | S89: =IF(IFERROR(HLOOKUP($B89,$F16:$FS16,1,FALSE),0)=0,0,1)*S$62 -> 0 | T89: =IF(IFERROR(HLOOKUP($B89,$F17:$FS17,1,FALSE),0)=0,0,1)*T$62 -> 0 | U89: =IF(IFERROR(HLOOKUP($B89,$F18:$FS18,1,FALSE),0)=0,0,1)*U$62 -> 0 | V89: =IF(IFERROR(HLOOKUP($B89,$F19:$FS19,1,FALSE),0)=0,0,1)*V$62 -> 0 | W89: =IF(IFERROR(HLOOKUP($B89,$F20:$FS20,1,FALSE),0)=0,0,1)*W$62 -> 0 | X89: =IF(IFERROR(HLOOKUP($B89,$F21:$FS21,1,FALSE),0)=0,0,1)*X$62 -> 0 | Y89: =IF(IFERROR(HLOOKUP($B89,$F22:$FS22,1,FALSE),0)=0,0,1)*Y$62 -> 0 | Z89: =IF(IFERROR(HLOOKUP($B89,$F23:$FS23,1,FALSE),0)=0,0,1)*Z$62 -> 1 | AA89: =IF(IFERROR(HLOOKUP($B89,$F24:$FS24,1,FALSE),0)=0,0,1)*AA$62 -> 1 | AB89: =IF(IFERROR(HLOOKUP($B89,$F25:$FS25,1,FALSE),0)=0,0,1)*AB$62 -> 0 | AC89: =IF(IFERROR(HLOOKUP($B89,$F26:$FS26,1,FALSE),0)=0,0,1)*AC$62 -> 0 | AD89: =IF(IFERROR(HLOOKUP($B89,$F27:$FS27,1,FALSE),0)=0,0,1)*AD$62 -> 0 | AE89: =IF(IFERROR(HLOOKUP($B89,$F28:$FS28,1,FALSE),0)=0,0,1)*AE$62 -> 0 | AF89: =IF(IFERROR(HLOOKUP($B89,$F29:$FS29,1,FALSE),0)=0,0,1)*AF$62 -> 0 | AG89: =IF(IFERROR(HLOOKUP($B89,$F30:$FS30,1,FALSE),0)=0,0,1)*AG$62 -> 0 | AH89: =IF(IFERROR(HLOOKUP($B89,$F31:$FS31,1,FALSE),0)=0,0,1)*AH$62 -> 0 | AI89: =IF(IFERROR(HLOOKUP($B89,$F32:$FS32,1,FALSE),0)=0,0,1)*AI$62 -> 0 | AJ89: =IF(IFERROR(HLOOKUP($B89,$F33:$FS33,1,FALSE),0)=0,0,1)*AJ$62 -> 0 | AK89: =IF(IFERROR(HLOOKUP($B89,$F34:$FS34,1,FALSE),0)=0,0,1)*AK$62 -> 0 | AL89: =IF(IFERROR(HLOOKUP($B89,$F35:$FS35,1,FALSE),0)=0,0,1)*AL$62 -> 0 | AM89: =IF(IFERROR(HLOOKUP($B89,$F36:$FS36,1,FALSE),0)=0,0,1)*AM$62 -> 0 | AN89: =IF(IFERROR(HLOOKUP($B89,$F37:$FS37,1,FALSE),0)=0,0,1)*AN$62 -> 0 | AO89: =IF(IFERROR(HLOOKUP($B89,$F38:$FS38,1,FALSE),0)=0,0,1)*AO$62 -> 0 | AP89: =IF(IFERROR(HLOOKUP($B89,$F39:$FS39,1,FALSE),0)=0,0,1)*AP$62 -> 0 | AQ89: =IF(IFERROR(HLOOKUP($B89,$F40:$FS40,1,FALSE),0)=0,0,1)*AQ$62 -> 0 | AR89: =IF(IFERROR(HLOOKUP($B89,$F41:$FS41,1,FALSE),0)=0,0,1)*AR$62 -> 0 | AS89: =IF(IFERROR(HLOOKUP($B89,$F42:$FS42,1,FALSE),0)=0,0,1)*AS$62 -> 0 | AT89: =IF(IFERROR(HLOOKUP($B89,$F43:$FS43,1,FALSE),0)=0,0,1)*AT$62 -> 0 | AU89: =IF(IFERROR(HLOOKUP($B89,$F44:$FS44,1,FALSE),0)=0,0,1)*AU$62 -> 0 | AV89: =IF(IFERROR(HLOOKUP($B89,$F45:$FS45,1,FALSE),0)=0,0,1)*AV$62 -> 0 | AW89: =IF(IFERROR(HLOOKUP($B89,$F46:$FS46,1,FALSE),0)=0,0,1)*AW$62 -> 0 | AX89: =IF(IFERROR(HLOOKUP($B89,$F47:$FS47,1,FALSE),0)=0,0,1)*AX$62 -> 0 | AY89: =IF(IFERROR(HLOOKUP($B89,$F48:$FS48,1,FALSE),0)=0,0,1)*AY$62 -> 0 | AZ89: =IF(IFERROR(HLOOKUP($B89,$F49:$FS49,1,FALSE),0)=0,0,1)*AZ$62 -> 0 | BA89: =IF(IFERROR(HLOOKUP($B89,$F50:$FS50,1,FALSE),0)=0,0,1)*BA$62 -> 0 | BB89: =IF(IFERROR(HLOOKUP($B89,$F51:$FS51,1,FALSE),0)=0,0,1)*BB$62 -> 0 | BC89: =IF(IFERROR(HLOOKUP($B89,$F52:$FS52,1,FALSE),0)=0,0,1)*BC$62 -> 0 | BD89: =IF(IFERROR(HLOOKUP($B89,$F53:$FS53,1,FALSE),0)=0,0,1)*BD$62 -> 0 | BE89: =IF(IFERROR(HLOOKUP($B89,$F54:$FS54,1,FALSE),0)=0,0,1)*BE$62 -> 0 | BF89: =IF(IFERROR(HLOOKUP($B89,$F55:$FS55,1,FALSE),0)=0,0,1)*BF$62 -> 0 | BG89: =IF(IFERROR(HLOOKUP($B89,$F56:$FS56,1,FALSE),0)=0,0,1)*BG$62 -> 0 | BH89: =IF(IFERROR(HLOOKUP($B89,$F57:$FS57,1,FALSE),0)=0,0,1)*BH$62 -> 0 | BI89: =IF(IFERROR(HLOOKUP($B89,$F58:$FS58,1,FALSE),0)=0,0,1)*BI$62 -> 0
A90: 3 | B90: 3.c | C90: =SUM(E90:BI90) -> 0.18 | D90: =C263 -> 1 | E90: =IF(IFERROR(HLOOKUP($B90,$F2:$FS2,1,FALSE),0)=0,0,1)*E$62 -> 0 | F90: =IF(IFERROR(HLOOKUP($B90,$F3:$FS3,1,FALSE),0)=0,0,1)*F$62 -> 0.18 | G90: =IF(IFERROR(HLOOKUP($B90,$F4:$FS4,1,FALSE),0)=0,0,1)*G$62 -> 0 | H90: =IF(IFERROR(HLOOKUP($B90,$F5:$FS5,1,FALSE),0)=0,0,1)*H$62 -> 0 | I90: =IF(IFERROR(HLOOKUP($B90,$F6:$FS6,1,FALSE),0)=0,0,1)*I$62 -> 0 | J90: =IF(IFERROR(HLOOKUP($B90,$F7:$FS7,1,FALSE),0)=0,0,1)*J$62 -> 0 | K90: =IF(IFERROR(HLOOKUP($B90,$F8:$FS8,1,FALSE),0)=0,0,1)*K$62 -> 0 | L90: =IF(IFERROR(HLOOKUP($B90,$F9:$FS9,1,FALSE),0)=0,0,1)*L$62 -> 0 | M90: =IF(IFERROR(HLOOKUP($B90,$F10:$FS10,1,FALSE),0)=0,0,1)*M$62 -> 0 | N90: =IF(IFERROR(HLOOKUP($B90,$F11:$FS11,1,FALSE),0)=0,0,1)*N$62 -> 0 | O90: =IF(IFERROR(HLOOKUP($B90,$F12:$FS12,1,FALSE),0)=0,0,1)*O$62 -> 0 | P90: =IF(IFERROR(HLOOKUP($B90,$F13:$FS13,1,FALSE),0)=0,0,1)*P$62 -> 0 | Q90: =IF(IFERROR(HLOOKUP($B90,$F14:$FS14,1,FALSE),0)=0,0,1)*Q$62 -> 0 | R90: =IF(IFERROR(HLOOKUP($B90,$F15:$FS15,1,FALSE),0)=0,0,1)*R$62 -> 0 | S90: =IF(IFERROR(HLOOKUP($B90,$F16:$FS16,1,FALSE),0)=0,0,1)*S$62 -> 0 | T90: =IF(IFERROR(HLOOKUP($B90,$F17:$FS17,1,FALSE),0)=0,0,1)*T$62 -> 0 | U90: =IF(IFERROR(HLOOKUP($B90,$F18:$FS18,1,FALSE),0)=0,0,1)*U$62 -> 0 | V90: =IF(IFERROR(HLOOKUP($B90,$F19:$FS19,1,FALSE),0)=0,0,1)*V$62 -> 0 | W90: =IF(IFERROR(HLOOKUP($B90,$F20:$FS20,1,FALSE),0)=0,0,1)*W$62 -> 0 | X90: =IF(IFERROR(HLOOKUP($B90,$F21:$FS21,1,FALSE),0)=0,0,1)*X$62 -> 0 | Y90: =IF(IFERROR(HLOOKUP($B90,$F22:$FS22,1,FALSE),0)=0,0,1)*Y$62 -> 0 | Z90: =IF(IFERROR(HLOOKUP($B90,$F23:$FS23,1,FALSE),0)=0,0,1)*Z$62 -> 0 | AA90: =IF(IFERROR(HLOOKUP($B90,$F24:$FS24,1,FALSE),0)=0,0,1)*AA$62 -> 0 | AB90: =IF(IFERROR(HLOOKUP($B90,$F25:$FS25,1,FALSE),0)=0,0,1)*AB$62 -> 0 | AC90: =IF(IFERROR(HLOOKUP($B90,$F26:$FS26,1,FALSE),0)=0,0,1)*AC$62 -> 0 | AD90: =IF(IFERROR(HLOOKUP($B90,$F27:$FS27,1,FALSE),0)=0,0,1)*AD$62 -> 0 | AE90: =IF(IFERROR(HLOOKUP($B90,$F28:$FS28,1,FALSE),0)=0,0,1)*AE$62 -> 0 | AF90: =IF(IFERROR(HLOOKUP($B90,$F29:$FS29,1,FALSE),0)=0,0,1)*AF$62 -> 0 | AG90: =IF(IFERROR(HLOOKUP($B90,$F30:$FS30,1,FALSE),0)=0,0,1)*AG$62 -> 0 | AH90: =IF(IFERROR(HLOOKUP($B90,$F31:$FS31,1,FALSE),0)=0,0,1)*AH$62 -> 0 | AI90: =IF(IFERROR(HLOOKUP($B90,$F32:$FS32,1,FALSE),0)=0,0,1)*AI$62 -> 0 | AJ90: =IF(IFERROR(HLOOKUP($B90,$F33:$FS33,1,FALSE),0)=0,0,1)*AJ$62 -> 0 | AK90: =IF(IFERROR(HLOOKUP($B90,$F34:$FS34,1,FALSE),0)=0,0,1)*AK$62 -> 0 | AL90: =IF(IFERROR(HLOOKUP($B90,$F35:$FS35,1,FALSE),0)=0,0,1)*AL$62 -> 0 | AM90: =IF(IFERROR(HLOOKUP($B90,$F36:$FS36,1,FALSE),0)=0,0,1)*AM$62 -> 0 | AN90: =IF(IFERROR(HLOOKUP($B90,$F37:$FS37,1,FALSE),0)=0,0,1)*AN$62 -> 0 | AO90: =IF(IFERROR(HLOOKUP($B90,$F38:$FS38,1,FALSE),0)=0,0,1)*AO$62 -> 0 | AP90: =IF(IFERROR(HLOOKUP($B90,$F39:$FS39,1,FALSE),0)=0,0,1)*AP$62 -> 0 | AQ90: =IF(IFERROR(HLOOKUP($B90,$F40:$FS40,1,FALSE),0)=0,0,1)*AQ$62 -> 0 | AR90: =IF(IFERROR(HLOOKUP($B90,$F41:$FS41,1,FALSE),0)=0,0,1)*AR$62 -> 0 | AS90: =IF(IFERROR(HLOOKUP($B90,$F42:$FS42,1,FALSE),0)=0,0,1)*AS$62 -> 0 | AT90: =IF(IFERROR(HLOOKUP($B90,$F43:$FS43,1,FALSE),0)=0,0,1)*AT$62 -> 0 | AU90: =IF(IFERROR(HLOOKUP($B90,$F44:$FS44,1,FALSE),0)=0,0,1)*AU$62 -> 0 | AV90: =IF(IFERROR(HLOOKUP($B90,$F45:$FS45,1,FALSE),0)=0,0,1)*AV$62 -> 0 | AW90: =IF(IFERROR(HLOOKUP($B90,$F46:$FS46,1,FALSE),0)=0,0,1)*AW$62 -> 0 | AX90: =IF(IFERROR(HLOOKUP($B90,$F47:$FS47,1,FALSE),0)=0,0,1)*AX$62 -> 0 | AY90: =IF(IFERROR(HLOOKUP($B90,$F48:$FS48,1,FALSE),0)=0,0,1)*AY$62 -> 0 | AZ90: =IF(IFERROR(HLOOKUP($B90,$F49:$FS49,1,FALSE),0)=0,0,1)*AZ$62 -> 0 | BA90: =IF(IFERROR(HLOOKUP($B90,$F50:$FS50,1,FALSE),0)=0,0,1)*BA$62 -> 0 | BB90: =IF(IFERROR(HLOOKUP($B90,$F51:$FS51,1,FALSE),0)=0,0,1)*BB$62 -> 0 | BC90: =IF(IFERROR(HLOOKUP($B90,$F52:$FS52,1,FALSE),0)=0,0,1)*BC$62 -> 0 | BD90: =IF(IFERROR(HLOOKUP($B90,$F53:$FS53,1,FALSE),0)=0,0,1)*BD$62 -> 0 | BE90: =IF(IFERROR(HLOOKUP($B90,$F54:$FS54,1,FALSE),0)=0,0,1)*BE$62 -> 0 | BF90: =IF(IFERROR(HLOOKUP($B90,$F55:$FS55,1,FALSE),0)=0,0,1)*BF$62 -> 0 | BG90: =IF(IFERROR(HLOOKUP($B90,$F56:$FS56,1,FALSE),0)=0,0,1)*BG$62 -> 0 | BH90: =IF(IFERROR(HLOOKUP($B90,$F57:$FS57,1,FALSE),0)=0,0,1)*BH$62 -> 0 | BI90: =IF(IFERROR(HLOOKUP($B90,$F58:$FS58,1,FALSE),0)=0,0,1)*BI$62 -> 0
